Workbook

Sheet DISCLAIMER
B2: DISCLAIMER | G2: Last Updated: March 2026 V1
B4: Creator Contact
B5: Name | C5: Reed Gizinski
B6: Cell | C6: (952) 228-4208
B7: Email | C7: Reed.Gizinski@marcusmillichap.com
B9: Disclaimer
B10: This Excel model is provided as a general analytical tool for informational purposes only. While reasonable efforts have been made to ensure that the formulas and calculations within this model function as intended, the creator makes no representations or warranties, express or implied, regarding the accuracy, completeness, or reliability of the model or its outputs. Users are solely responsible for verifying all calculations, assumptions, inputs, and results generated by the model. The creator assumes no responsibility or liability for any errors, omissions, or inaccuracies within the model, or for any decisions, actions, or outcomes resulting from its use. By using this model, the user acknowledges that it is provided “as-is” and agrees that the creator shall not be held liable for any direct, indirect, incidental, or consequential damages arising from the use of this model.

Sheet INSTRUCTIONS
B2: INSTRUCTIONS | I2: Last Updated: March 2026 V1
B4: Workflow Overview | L4: Legend
B6: Step 1. Historical Financials | L6: Text Colors
M7: Calculated Value - Don’t Edit
B8: Dirty P&L Tab | C8: Start by copying over the P&Ls. | M8: Input Cells - Edit
C9: For the current Year make adjustments in the Adjustments Column. | M9: Values pulled from another sheet - Don't Edit
C10: For all other years make adjustments in line. To not lose to original data you can enter =Value*0 to clear a value
B11: Allocation Tab | C11: Data from Dirty P&L will flow through to this tab before it is able to flow through the rest of the sheet. | L11: Tab Colors
C12: There are preset codes for common line items, however there is also the ability to add custom line items if needed | M12: Instructional Tab
B13: Clean P&L Tab | C13: This is an output tab, hide rows with 0s for a clean exportable look | M13: Input Tab
M14: Output Tab/Printable
B15: Step 2. Market Data | M15: Output Summary Tab
B17: STR Input Tab | C17: There are two input tables, one for the subject property and one for the comp set. | L17: Video Overview
C18: If there are unused columns, hide them for both subject and comp.
B19: STR Charts Tab | C19: This is an output tab, make sure unused columns from the input tab are hidden for the best charts | L19: Link
B21: Step 3. Proforma Assumptions
B23: PIP Tab | C23: If a PIP is available, upload it to the table with estimated cost values
C24: There is a simple per key calculator, in the case that there is no PIP available.
C25: Just add a line item in either Exterior, or Interior, to reflect that calculation. PIP Costs calculate from cell G69
B26: Projections Tab | C26: The right side of the PIP tab (columns N–Z) contains a monthly draw schedule and PIP debt amortization.
B27: Inputs Tab | C27: This is where you will input Property Details, Acquisition Assumptions, Franchise assumptions, GP Fees,
C28: Debt Assumptions, Cap Ex/PIP Timelines (in months), PIP Cost Distribution method, and Exit Assumptions
C29: There are also calculators for Loan Sizing (debt service coverage), Per-Key metrics, and a Cap Rate solver
B31: Step 4. Financial Model & Analysis
B33: Pro Forma Tab | C33: Output tab that compiles the Projections and Inputs into a 10 year operating proforma with NOI, debt service, and cash flow
B34: Waterfall Tab | C34: Distributes cash flows through a 3-tier IRR waterfall: Tier 1 (10% pref), Tier 2 (12% hurdle), and residual GP/LP split
B35: Debt Tab | C35: Senior and refi loan amortization schedules. PIP financing is driven by the PIP tab's monthly draw schedule and distribution method | F35: Senior loan amortization and refi schedules. PIP financing driven by the PIP tab monthly draw schedule
B36: Sensitivity Tabs | C36: LP-B and Property-level sensitivity tables. Each scenario runs full waterfall distributions — center cells tie exactly to base case | F36: LP-B and Property-level sensitivity tables. Each scenario runs full waterfall distributions — center cells tie exactly to base case
B38: Step 5. Outputs
B40: Investment Analysis Tab | C40: DCF analysis, cap rate valuation, and IRR analysis. Summarizes key return metrics
B41: Investment Summary Tab | C41: Printable one-page deal overview with property details, returns, and key assumptions
B42: LP Summary Tab | C42: Printable LP-B investor summary with equity multiple, IRR, and distribution breakdown
B43: Sponsorship Structure Tab | C43: Printable overview of the GP/LP structure, promote tiers, and fee schedule
B44: Monthly Revenue Chart Tab | C44: Printable monthly revenue visualization for trailing 12-month performance
B47: Workbook Organization
B49: Tab Name | D49: Type | F49: Description
B50: DISCLAIMER | D50: Reference | F50: Legal disclaimer and usage terms
B51: INSTRUCTIONS | D51: Reference | F51: This tab — workflow guide, legend, and workbook organization
B52: SUMMARY | D52: Output Summary | F52: Executive summary: deal metrics, returns, PIP financing, refi terms, exit cap rate, and stabilized performance
B53: INPUTS | D53: Input | F53: Property details, acquisition assumptions, debt terms, GP fees, PIP timeline (months), distribution method toggle, and exit assumptions
B54: PIP | D54: Input | F54: PIP scope and cost estimates (left); monthly draw schedule, debt amortization, and three distribution methods (right)
B55: DIRTY P&L | D55: Input | F55: Raw historical P&L data entry with adjustment columns for current year
B56: ALLOCATION | D56: Input | F56: Maps Dirty P&L line items to standardized USALI categories via preset codes
B57: CLEAN P&L | D57: Output | F57: Formatted historical financials output — hide zero rows for a clean export
B58: INVESTMENT ANALYSIS | D58: Output | F58: DCF analysis, cap rate valuation, and IRR return metrics
B59: STR INPUT | D59: Input | F59: Subject property and comp set STR data entry (hide unused columns)
B60: STR PERFORMANCE | D60: Output | F60: STR performance metrics and index comparisons
... B72: MONTHLY REVENUE CHART - PRINT | D72: Output | F72: Printable trailing 12-month revenue chart
B75: Key Tips
B77: 1. | C77: Always start with the Inputs tab - most assumptions cascade from there through the entire model
B78: 2. | C78: Blue text cells are the only cells you should be editing. Black text is calculated, green text is pulled from another sheet
B79: 3. | C79: The Projections tab drives the Pro Forma. For years 6-10, a flat inflation rate is typically applied to all growth inputs
B80: 4. | C80: Sensitivity tables run actual waterfall distributions per scenario. Center cells tie exactly to the WATERFALL tab base case returns
B81: 5. | C81: Hide unused columns on the STR Input tab before reviewing the STR Charts - chart ranges follow visible columns
B82: 6. | C82: Output tabs marked "PRINT" are formatted for one-page PDF export. Use Print Preview to confirm layout before printing
B83: 7. | C83: The SUMMARY tab is the single source of truth for deal metrics. The INVESTMENT SUMMARY - PRINT tab references SUMMARY — do not edit PRINT tabs directly
B84: 8. | C84: PIP Cost Distribution (INPUTS tab) controls how PIP costs are drawn: Year Start (month 1 of each year), Even Distribution (spread monthly), or Custom (manual monthly inputs on PIP tab). Year Start and Even Distribution produce the same annual PIP cost; only financing timing changes
B85: 9. | C85: PIP Timeline is set in months (e.g. 30 months), not years. The monthly schedule on the PIP tab (columns N–Z) calculates draws, Key Money offsets, and debt service. Key Money carries forward year-to-year if not fully used
B86: 10. | C86: Exit Cap Rate and Stabilized metrics (ADR, OCC, RevPAR, Profit Margin) on the SUMMARY tab are dynamic — they automatically pull from the Pro Forma year matching the Hold Period. This model requires Excel 365 or Excel 2021+

Sheet SUMMARY
B2: SUMMARY
B4: Property Summary | G4: Project Summary | L4: Returns Summary
G5: PIP Timeline | J5: =INPUTS!I5 -> 0 | L5: Total Equity | N5: =WATERFALL!D12 -> 0 | Q5: Enter Investment Size --> | S5: 100000
B6: Purchase Price | E6: =INPUTS!C12 -> 0 | G6: Hold Period | J6: =INPUTS!I13 -> 0 | L6: Stabilized Yield on Cost
B7: RRM | E7: =E6/'CLEAN P&L'!H6 -> #DIV/0! | L7: =IF(U4="IRR","Unlevered IRR","Unlevered Cash On Cash") -> Unlevered Cash On Cash | P7: Emx | Q7: IRR | R7: Cash Flow | S7: Refi/Sale | T7: Capital Calls | U7: LP-B
B8: Cap Rate | E8: ='CLEAN P&L'!H44/SUMMARY!E6 -> #DIV/0! | G8: CapEx & Reserves | J8: =INPUTS!F20+(INPUTS!F20*(INPUTS!F7+INPUTS!F16)) -> 0 | L8: =IF(U4="IRR","Project IRR","Projected Cash On Cash") -> Projected Cash On Cash | N8: =IFERROR(WATERFALL!F62,"NA") -> NA | P8: =N11 -> #DIV/0! | Q8: =N10 -> NA | R8: {=IFERROR($S$5/IF($U$7="LP-B",WATERFALL!$D$11,WATERFALL!$D$10)*IF($U$7="LP-B",SUMPRODUCT((WATERFALL!G26:P26)*(WATERFALL!G20:P20<>INPUTS!$C$33)*(WATERFALL!G20:P20<>INPUTS!$I$13)*(WATERFALL!G20:P20<>0)),SUMPRODUCT((WATERFALL!G33:P33)*(WATERFALL!G20:P20<>INPUTS!$C$33)*(WATERFALL!G20:P20<>INPUTS!$I$13)*(WATERFALL!G20:P20<>0))),0)} -> 0 | S8: {=IFERROR($S$5/IF($U$7="LP-B",WATERFALL!$D$11,WATERFALL!$D$10)*IF($U$7="LP-B",SUMPRODUCT((WATERFALL!G26:P26)*((WATERFALL!G20:P20=INPUTS!$C$33)+(WATERFALL!G20:P20=INPUTS!$I$13))),SUMPRODUCT((WATERFALL!G33:P33)*((WATERFALL!G20:P20=INPUTS!$C$33)+(WATERFALL!G20:P20=INPUTS!$I$13)))),0)} -> 0 | T8: =IFERROR($S$5/IF($U$7="LP-B",WATERFALL!$D$11,WATERFALL!$D$10)*IF($U$7="LP-B",WATERFALL!$D$27-WATERFALL!$D$11,WATERFALL!$D$36-WATERFALL!$D$10),0) -> 0 | U8: LP-B
B9: Price/Key | E9: =IFERROR(E6/INPUTS!C7,0) -> 0 | H9: Interior | J9: =IF(INPUTS!F23="Simple",0,PIP!G36) -> 0 | L9: Net of Fees Returns | U9: LP-A/MP
B10: Acquisition Debt | E10: =DEBT!I9 -> 0 | H10: Exterior & Amenities | J10: =IF(INPUTS!F23="Simple",0,PIP!G65) -> 0 | M10: =IF($U$7="LP-B","LP-B IRR","LP-A/MP IRR") -> LP-B IRR | N10: =IF($U$7="LP-B",IFERROR(WATERFALL!D29,"NA"),IFERROR(WATERFALL!D38,"NA")) -> NA
B11: Loan To Value | E11: =DEBT!I7 -> 0 | H11: Reserves | J11: =INPUTS!F20*INPUTS!F7 -> 0 | M11: =IF($U$7="LP-B","LP-B Equity Multiple","LP-A/MP Equity Multiple") -> LP-B Equity Multiple | N11: =IF($U$7="LP-B",WATERFALL!D30,WATERFALL!D39) -> #DIV/0!
B12: Term | E12: =INPUTS!C17 -> 0 | G12: Target Exit Price | J12: =INPUTS!I11*(INDEX('PRO FORMA'!E17:X17,MATCH(INPUTS!I13,'PRO FORMA'!E5:X5,0))) -> #N/A | M12: =IF($U$7="LP-B","LP-B Cash-on-Cash (Yr 5)","LP-A/MP Cash-on-Cash (Yr 5)") -> LP-B Cash-on-Cash (Yr 5) | N12: =IF($U$7="LP-B",IFERROR(WATERFALL!K26/WATERFALL!D11,"NA"),IFERROR(WATERFALL!K33/WATERFALL!D10,"NA")) -> NA
B13: Interest Rate | E13: =INPUTS!C18 -> 0 | G13: RRM | J13: =INPUTS!I11 -> 0 | M13: =IF($U$7="LP-B","LP-B Avg Cash-on-Cash","LP-A/MP Avg Cash-on-Cash") -> LP-B Avg Cash-on-Cash | N13: =IF($U$7="LP-B",IFERROR(AVERAGE(WATERFALL!G26:O26)/WATERFALL!D11,"NA"),IFERROR(AVERAGE(WATERFALL!G33:O33)/WATERFALL!D10,"NA")) -> NA
B14: Interest Only Period | E14: =INPUTS!C20 -> 0 | G14: Price/Key | J14: =IFERROR(J12/INPUTS!C7,0) -> 0 | L14: Sponsorship Structure | N14: Fee
B15: PIP Financing | E15: =IF(INPUTS!C24="Yes","Yes","No") -> No | G15: Exit Cap Rate | J15: =IFERROR(INDEX('PRO FORMA'!E55:W55, MATCH(INPUTS!I13, 'PRO FORMA'!E5:W5, 0)) / J12, "")
B16: PIP LTC | E16: =IF(INPUTS!C24="Yes",INPUTS!C25,"N/A") -> N/A | G16: Key Assumptions
B17: PIP Term | E17: =IF(INPUTS!C24="Yes",INPUTS!C26,"N/A") -> N/A | G17: Stabilized ADR | J17: =IFERROR(INDEX('PRO FORMA'!E11:W11, MATCH(INPUTS!I13, 'PRO FORMA'!E5:W5, 0)), "")
B18: PIP Interest Rate | E18: =IF(INPUTS!C24="Yes",INPUTS!C27,"N/A") -> N/A | G18: Stabilized OCC | J18: =IFERROR(INDEX('PRO FORMA'!E10:W10, MATCH(INPUTS!I13, 'PRO FORMA'!E5:W5, 0)), "")
B19: Refinance | E19: =IF(INPUTS!C33="","N/A","Year "&INPUTS!C33) -> N/A | G19: Stabilized RevPAR | J19: =IFERROR(INDEX('PRO FORMA'!E12:W12, MATCH(INPUTS!I13, 'PRO FORMA'!E5:W5, 0)), "")
B20: Refi LTV | E20: =IF(INPUTS!C33="","N/A",INPUTS!C35) -> N/A | G20: Stabilized Profit Margin | J20: =IFERROR(INDEX('PRO FORMA'!E55:W55, MATCH(INPUTS!I13, 'PRO FORMA'!E5:W5, 0)) / INDEX('PRO FORMA'!E22:W22, MATCH(INPUTS!I13, 'PRO FORMA'!E5:W5, 0)), "")
B21: Refi Term | E21: =IF(INPUTS!C33="","N/A",INPUTS!C36) -> N/A
B22: Refi Interest Rate | E22: =IF(INPUTS!C33="","N/A",INPUTS!C37) -> N/A
B23: Current ADR | E23: ='STR PERFORMANCE'!H15 -> 0 | M23: Acquisition Fee | N23: =INPUTS!F15 -> 0
B24: Current Occ | E24: ='STR PERFORMANCE'!D15 -> 0 | M24: Property Management Fee | N24: =INPUTS!F14 -> 0
B25: Current RevPAR | E25: ='STR PERFORMANCE'!L15 -> 0 | M25: Asset Management Fee | N25: =INPUTS!F13 -> 0
B26: Current Profit Margin | E26: ='CLEAN P&L'!I44 -> 0 | M26: Construction Management Fee | N26: =INPUTS!F16 -> 0
N27: Hurdle | O27: Promote
M28: Tier 1 (Preferred Return) | N28: =WATERFALL!E16 -> 0.1 | O28: 0
B29: Sources & Uses | M29: Tier 2 (Promote) | N29: =WATERFALL!D17 -> 0.1 | O29: =WATERFALL!F17 -> 0.15
B30: Senior Debt | D30: =E10 -> 0 | E30: =D30/$D$36 -> #DIV/0! | F30: Purchase Price | I30: =INPUTS!C12 -> 0 | J30: =I30/$I$36 -> #DIV/0! | M30: Tier 3 (Promote) | N30: =WATERFALL!D18 -> 0.12 | O30: =WATERFALL!F18 -> 0.25
B31: PIP Financing | D31: =IF(INPUTS!C24="Yes",DEBT!AH10,0) -> 0 | E31: =D31/$D$36 -> #DIV/0! | F31: Loan Fees | I31: =IF(INPUTS!C24="Yes",DEBT!AH11+DEBT!I10,DEBT!I10) -> 0 | J31: =I31/$I$36 -> #DIV/0!
B32: LP-A/MP Equity | D32: =WATERFALL!D10 -> 0 | E32: =D32/$D$36 -> #DIV/0! | F32: Closing Costs | I32: =(INPUTS!F5*INPUTS!C12)+(INPUTS!F6*INPUTS!C12) -> 0 | J32: =I32/$I$36 -> #DIV/0!
B33: LP-B Equity | D33: =WATERFALL!D11 -> 0 | E33: =D33/$D$36 -> #DIV/0! | F33: Acquisition Fee | I33: =INPUTS!F15*INPUTS!C12 -> 0 | J33: =I33/$I$36 -> #DIV/0!
B34: Sponsor Equity | D34: =WATERFALL!D9 -> 0 | E34: =D34/$D$36 -> #DIV/0! | F34: Reserves | I34: =INPUTS!F10-IF(INPUTS!C24="No",INPUTS!F20-(INPUTS!F22*INPUTS!C7),0) -> 0 | J34: =I34/$I$36 -> #DIV/0!
B35: "Key Money" (Franchise) | D35: =DEBT!AH7 -> 0 | E35: =D35/$D$36 -> #DIV/0! | F35: Franchise/PIP/CapEx | I35: =INPUTS!F19+INPUTS!F20+INPUTS!F21 -> 0 | J35: =I35/$I$36 -> #DIV/0!
B36: TOTAL | D36: =SUM(D30:D35) -> 0 | E36: =SUM(E30:E35) -> #DIV/0! | F36: TOTAL | I36: =SUM(I30:I35) -> 0 | J36: =SUM(J30:J35) -> #DIV/0!

Sheet INPUTS
B2: INPUTS
B4: Property | E4: Acquisition Assumptions | H4: Stabilization Assumptions | K4: Property Tax Calculator | Z4: Simple
B5: Name | C5: 0 | E5: Transfer Tax | F5: 0 | H5: PIP Timeline (Months) | I5: 0 | K5: Purchase Price | L5: =C12 -> 0 | Z5: Detailed
B6: Address | C6: 0 | E6: Closing Costs | F6: 0 | H6: PIP/Conversion Start (Month) | I6: 0 | K6: FF&E Allocation | L6: 0
B7: Keys | C7: 0 | E7: PIP Reserves % | F7: 0 | H7: Key Money Payout % PIP Start | I7: 0 | K7: Good Will | L7: 0
A8: Yes | B8: Year Built | C8: 0 | E8: Recommended Reserves | F8: =(F20-(F22*C7))*(1-IF(C24="Yes",C25,0))+(F7+F16)*F20 -> 0 | H8: PIP Cost Distribution | I8: Even Distribution | J8: Simple | K8: Current Assessed Value | L8: 0
A10: NO | B10: Franchise/Brand | C10: 0 | E10: Reserves | F10: =F8 -> 0 | H10: Exit Assumptions | J10: Detailed | K10: Current Taxes | L10: 0
B11: Asking Price | C11: 0 | H11: Terminal RRM | I11: 0 | K11: Effective Tax Rate | L11: =IFERROR(L10/L8,"")
B12: Purchase Price | C12: 0 | E12: GP & Outside Fees | H12: Commission/Legal/Title | I12: 0 | K12: Year 1 Projected Taxes | L12: =IFERROR(IF(L11="","",(L5-L6-L7)*L11),"")
E13: Asset Management Fee | F13: 0 | H13: Hold Period (Years) | I13: 0
E14: Property Management Fee | F14: 0 | H14: Financing Fees | I14: 0
B15: Senior Debt | E15: Acquisition Fee | F15: 0
B16: LTV/LTC | C16: 0 | D16: Yes | E16: Construction Management Fee | F16: 0 | H16: Refi Calculator
B17: Term (Years) | C17: 0 | D17: No | I17: Metric | J17: Value
B18: Interest Rate | C18: 0 | E18: Franchise Assumptions | H18: RRM | I18: 3 | J18: =IFERROR(IF(I18="","",INDEX('PRO FORMA'!E17:W17,MATCH(C33,'PRO FORMA'!E5:W5,0))*I18),"")
B19: Amortization (Years) | C19: 0 | E19: Application Fee | F19: 0 | H19: Cap Rate | I19: 0.085 | J19: =IFERROR(IF(I19="","",INDEX('PRO FORMA'!E55:W55,MATCH(C33,'PRO FORMA'!E5:W5,0))/I19),"")
B20: IO Period (Years) | C20: 0 | E20: Change of Ownership PIP Cost | F20: =IF(F23="Simple",PIP!L6,PIP!G69) -> 0 | H20: Price Per Key | I20: 70000 | J20: =IF(I20="","",I20*C7) -> 0
B21: Financing Fees | C21: 0 | E21: Other Franchise Costs | F21: 0
E22: "Key Money"/Key | F22: 0 | H22: Exit Calculator
B23: PIP Financing | E23: PIP Cost Approach | F23: Simple | I23: Metric | J23: Value
B24: Financing PIP | C24: No | H24: RRM | I24: 3 | J24: =IFERROR(IF(I24="","",INDEX('PRO FORMA'!E17:W17,MATCH(I13,'PRO FORMA'!E5:W5,0))*I24),"")
B25: LTC | C25: 0 | E25: Payroll Calculator | H25: Cap Rate | I25: 0.085 | J25: =IFERROR(IF(I25="","",INDEX('PRO FORMA'!E55:W55,MATCH(I13,'PRO FORMA'!E5:W5,0))/I25),"")
B26: Term (years) | C26: 0 | E26: GM/Operator | F26: 0 | H26: Price Per Key | I26: 70000 | J26: =IF(I26="","",I26*C7) -> 0
B27: Interest Rate | C27: 0 | E27: Assistant GM | F27: 0
B28: Amortization (Years) | C28: 0 | E28: Front Desk | F28: 0 | H28: Current Monthly Revenue Distribution | K28: Monthly Revenue Distribution
B29: IO Period (Years) | C29: 0 | E29: Front Desk Manager | F29: 0 | H29: JAN | I29: =INDEX('STR INPUT'!$W$69:$AH$69,MATCH(INPUTS!H29,'STR INPUT'!$W$68:$AH$68,0))/SUM('STR INPUT'!$W$69:$AH$69) -> #N/A | K29: JAN | L29: 0
B30: Financing Fees | C30: 0 | E30: House Keeping | F30: 0 | H30: FEB | I30: =INDEX('STR INPUT'!$W$69:$AH$69,MATCH(INPUTS!H30,'STR INPUT'!$W$68:$AH$68,0))/SUM('STR INPUT'!$W$69:$AH$69) -> #N/A | K30: FEB | L30: 0
E31: Kitchen | F31: 0 | H31: MAR | I31: =INDEX('STR INPUT'!$W$69:$AH$69,MATCH(INPUTS!H31,'STR INPUT'!$W$68:$AH$68,0))/SUM('STR INPUT'!$W$69:$AH$69) -> #N/A | K31: MAR | L31: 0
B32: Refinance Assumptions | E32: Maintenance | F32: 0 | H32: APR | I32: =INDEX('STR INPUT'!$W$69:$AH$69,MATCH(INPUTS!H32,'STR INPUT'!$W$68:$AH$68,0))/SUM('STR INPUT'!$W$69:$AH$69) -> #N/A | K32: APR | L32: 0
B33: Refi Year (Year End) | E33: Other | F33: 0 | H33: MAY | I33: =INDEX('STR INPUT'!$W$69:$AH$69,MATCH(INPUTS!H33,'STR INPUT'!$W$68:$AH$68,0))/SUM('STR INPUT'!$W$69:$AH$69) -> #N/A | K33: MAY | L33: 0
B34: Refi RRM | C34: 0 | E34: Sales Manager | F34: 0 | H34: JUN | I34: =INDEX('STR INPUT'!$W$69:$AH$69,MATCH(INPUTS!H34,'STR INPUT'!$W$68:$AH$68,0))/SUM('STR INPUT'!$W$69:$AH$69) -> #N/A | K34: JUN | L34: 0
B35: LTV | C35: 0 | E35: Total | F35: =SUM(F26:F34) -> 0 | H35: JUL | I35: =INDEX('STR INPUT'!$W$69:$AH$69,MATCH(INPUTS!H35,'STR INPUT'!$W$68:$AH$68,0))/SUM('STR INPUT'!$W$69:$AH$69) -> #N/A | K35: JUL | L35: 0
B36: Term (Years) | C36: 0 | H36: AUG | I36: =INDEX('STR INPUT'!$W$69:$AH$69,MATCH(INPUTS!H36,'STR INPUT'!$W$68:$AH$68,0))/SUM('STR INPUT'!$W$69:$AH$69) -> #N/A | K36: AUG | L36: 0
B37: Interest Rate | C37: 0 | H37: SEP | I37: =INDEX('STR INPUT'!$W$69:$AH$69,MATCH(INPUTS!H37,'STR INPUT'!$W$68:$AH$68,0))/SUM('STR INPUT'!$W$69:$AH$69) -> #N/A | K37: SEP | L37: 0
B38: Amortization (Years) | C38: 0 | H38: OCT | I38: =INDEX('STR INPUT'!$W$69:$AH$69,MATCH(INPUTS!H38,'STR INPUT'!$W$68:$AH$68,0))/SUM('STR INPUT'!$W$69:$AH$69) -> #N/A | K38: OCT | L38: 0
B39: IO Period (Years) | C39: 0 | H39: NOV | I39: =INDEX('STR INPUT'!$W$69:$AH$69,MATCH(INPUTS!H39,'STR INPUT'!$W$68:$AH$68,0))/SUM('STR INPUT'!$W$69:$AH$69) -> #N/A | K39: NOV | L39: 0
B40: Financing Fees - Payoff | C40: 0 | H40: DEC | I40: =INDEX('STR INPUT'!$W$69:$AH$69,MATCH(INPUTS!H40,'STR INPUT'!$W$68:$AH$68,0))/SUM('STR INPUT'!$W$69:$AH$69) -> #N/A | K40: DEC | L40: 0
B41: Financing Fees - Origination | C41: 0 | H41: Error Check | I41: =IF(SUM(I29:I40)=1,"OK","ERROR") -> #N/A | K41: Error Check | L41: =IF(SUM(L29:L40)=1,"OK","ERROR") -> ERROR
H42: Total | I42: =SUM(I29:I40) -> #N/A | K42: Total | L42: =SUM(L29:L40) -> 0

Sheet PIP
N1: PIP - Monthly Schedule & Debt
B2: PIP Budget
B4: Detailed PIP Estimate | K4: Simple Estimate Calculation | N4: Year | O4: Year Start Cost | P4: Even Dist. Cost | Q4: Custom Cost | R4: Active PIP Cost | S4: Key Money | T4: Net PIP Need | U4: Draw (LTC%) | V4: Cumul. Drawn | W4: Annual DS | X4: Year-End Bal. | Y4: Payoff | Z4: PIP Fin. Remaining
K5: PIP/Key Estimate | L5: 0 | N5: 1 | O5: {=SUMPRODUCT(($O$19:$O$138=N5)*$P$19:$P$138)} -> 0 | P5: {=SUMPRODUCT(($O$19:$O$138=N5)*$Q$19:$Q$138)} -> 0 | Q5: {=SUMPRODUCT(($O$19:$O$138=N5)*$R$19:$R$138)} -> 0 | R5: {=SUMPRODUCT(($O$19:$O$138=N5)*$S$19:$S$138)} -> 0 | S5: =IF(N5=CEILING(INPUTS!$I$6/12,1), DEBT!$AH$7*INPUTS!$I$7, IF(N5=CEILING((INPUTS!$I$6+INPUTS!$I$5-1)/12,1), DEBT!$AH$7*(1-INPUTS!$I$7), 0)) -> 0 | T5: =MAX(0, R5 - S5) -> 0 | U5: =IF(INPUTS!$C$24="Yes", T5*DEBT!$AH$9, 0) -> 0 | V5: =U5 -> 0 | W5: {=SUMPRODUCT(($O$19:$O$138=N5)*$W$19:$W$138)} -> 0 | X5: {=INDEX($Z$19:$Z$138, N5*12)} -> 0 | Y5: =X5 -> 0 | Z5: =IF(INPUTS!$C$24="Yes", DEBT!$AH$10 - V5, 0) -> 0
B6: Interior | C6: Quantity | D6: Category | E6: Cost Per Key | F6: Description of Work to be Completed | G6: Budget | H6: Time to Complete (Months) | K6: PIP Total | L6: =L5*INPUTS!C7 -> 0 | N6: 2 | O6: {=SUMPRODUCT(($O$19:$O$138=N6)*$P$19:$P$138)} -> 0 | P6: {=SUMPRODUCT(($O$19:$O$138=N6)*$Q$19:$Q$138)} -> 0 | Q6: {=SUMPRODUCT(($O$19:$O$138=N6)*$R$19:$R$138)} -> 0 | R6: {=SUMPRODUCT(($O$19:$O$138=N6)*$S$19:$S$138)} -> 0 | S6: =IF(N6=CEILING(INPUTS!$I$6/12,1), DEBT!$AH$7*INPUTS!$I$7, IF(N6=CEILING((INPUTS!$I$6+INPUTS!$I$5-1)/12,1), DEBT!$AH$7*(1-INPUTS!$I$7), 0)) -> 0 | T6: =MAX(0, SUM(R$5:R6) - SUM(S$5:S6)) - T5 -> 0 | U6: =IF(INPUTS!$C$24="Yes", T6*DEBT!$AH$9, 0) -> 0 | V6: =V5+U6 -> 0 | W6: {=SUMPRODUCT(($O$19:$O$138=N6)*$W$19:$W$138)} -> 0 | X6: {=INDEX($Z$19:$Z$138, N6*12)} -> 0 | Y6: =X6 -> 0 | Z6: =IF(INPUTS!$C$24="Yes", DEBT!$AH$10 - V6, 0) -> 0
G7: =C7*E7 -> 0 | K7: PIP Timeline (Months) | L7: =INPUTS!I5 -> 0 | N7: 3 | O7: {=SUMPRODUCT(($O$19:$O$138=N7)*$P$19:$P$138)} -> 0 | P7: {=SUMPRODUCT(($O$19:$O$138=N7)*$Q$19:$Q$138)} -> 0 | Q7: {=SUMPRODUCT(($O$19:$O$138=N7)*$R$19:$R$138)} -> 0 | R7: {=SUMPRODUCT(($O$19:$O$138=N7)*$S$19:$S$138)} -> 0 | S7: =IF(N7=CEILING(INPUTS!$I$6/12,1), DEBT!$AH$7*INPUTS!$I$7, IF(N7=CEILING((INPUTS!$I$6+INPUTS!$I$5-1)/12,1), DEBT!$AH$7*(1-INPUTS!$I$7), 0)) -> 0 | T7: =MAX(0, SUM(R$5:R7) - SUM(S$5:S7)) - SUM(T$5:T6) -> 0 | U7: =IF(INPUTS!$C$24="Yes", T7*DEBT!$AH$9, 0) -> 0 | V7: =V6+U7 -> 0 | W7: {=SUMPRODUCT(($O$19:$O$138=N7)*$W$19:$W$138)} -> 0 | X7: {=INDEX($Z$19:$Z$138, N7*12)} -> 0 | Y7: =X7 -> 0 | Z7: =IF(INPUTS!$C$24="Yes", DEBT!$AH$10 - V7, 0) -> 0
G8: =C8*E8 -> 0 | N8: 4 | O8: {=SUMPRODUCT(($O$19:$O$138=N8)*$P$19:$P$138)} -> 0 | P8: {=SUMPRODUCT(($O$19:$O$138=N8)*$Q$19:$Q$138)} -> 0 | Q8: {=SUMPRODUCT(($O$19:$O$138=N8)*$R$19:$R$138)} -> 0 | R8: {=SUMPRODUCT(($O$19:$O$138=N8)*$S$19:$S$138)} -> 0 | S8: =IF(N8=CEILING(INPUTS!$I$6/12,1), DEBT!$AH$7*INPUTS!$I$7, IF(N8=CEILING((INPUTS!$I$6+INPUTS!$I$5-1)/12,1), DEBT!$AH$7*(1-INPUTS!$I$7), 0)) -> 0 | T8: =MAX(0, SUM(R$5:R8) - SUM(S$5:S8)) - SUM(T$5:T7) -> 0 | U8: =IF(INPUTS!$C$24="Yes", T8*DEBT!$AH$9, 0) -> 0 | V8: =V7+U8 -> 0 | W8: {=SUMPRODUCT(($O$19:$O$138=N8)*$W$19:$W$138)} -> 0 | X8: {=INDEX($Z$19:$Z$138, N8*12)} -> 0 | Y8: =X8 -> 0 | Z8: =IF(INPUTS!$C$24="Yes", DEBT!$AH$10 - V8, 0) -> 0
G9: =C9*E9 -> 0 | N9: 5 | O9: {=SUMPRODUCT(($O$19:$O$138=N9)*$P$19:$P$138)} -> 0 | P9: {=SUMPRODUCT(($O$19:$O$138=N9)*$Q$19:$Q$138)} -> 0 | Q9: {=SUMPRODUCT(($O$19:$O$138=N9)*$R$19:$R$138)} -> 0 | R9: {=SUMPRODUCT(($O$19:$O$138=N9)*$S$19:$S$138)} -> 0 | S9: =IF(N9=CEILING(INPUTS!$I$6/12,1), DEBT!$AH$7*INPUTS!$I$7, IF(N9=CEILING((INPUTS!$I$6+INPUTS!$I$5-1)/12,1), DEBT!$AH$7*(1-INPUTS!$I$7), 0)) -> 0 | T9: =MAX(0, SUM(R$5:R9) - SUM(S$5:S9)) - SUM(T$5:T8) -> 0 | U9: =IF(INPUTS!$C$24="Yes", T9*DEBT!$AH$9, 0) -> 0 | V9: =V8+U9 -> 0 | W9: {=SUMPRODUCT(($O$19:$O$138=N9)*$W$19:$W$138)} -> 0 | X9: {=INDEX($Z$19:$Z$138, N9*12)} -> 0 | Y9: =X9 -> 0 | Z9: =IF(INPUTS!$C$24="Yes", DEBT!$AH$10 - V9, 0) -> 0
G10: =C10*E10 -> 0 | N10: 6 | O10: {=SUMPRODUCT(($O$19:$O$138=N10)*$P$19:$P$138)} -> 0 | P10: {=SUMPRODUCT(($O$19:$O$138=N10)*$Q$19:$Q$138)} -> 0 | Q10: {=SUMPRODUCT(($O$19:$O$138=N10)*$R$19:$R$138)} -> 0 | R10: {=SUMPRODUCT(($O$19:$O$138=N10)*$S$19:$S$138)} -> 0 | S10: =IF(N10=CEILING(INPUTS!$I$6/12,1), DEBT!$AH$7*INPUTS!$I$7, IF(N10=CEILING((INPUTS!$I$6+INPUTS!$I$5-1)/12,1), DEBT!$AH$7*(1-INPUTS!$I$7), 0)) -> 0 | T10: =MAX(0, SUM(R$5:R10) - SUM(S$5:S10)) - SUM(T$5:T9) -> 0 | U10: =IF(INPUTS!$C$24="Yes", T10*DEBT!$AH$9, 0) -> 0 | V10: =V9+U10 -> 0 | W10: {=SUMPRODUCT(($O$19:$O$138=N10)*$W$19:$W$138)} -> 0 | X10: {=INDEX($Z$19:$Z$138, N10*12)} -> 0 | Y10: =X10 -> 0 | Z10: =IF(INPUTS!$C$24="Yes", DEBT!$AH$10 - V10, 0) -> 0
G11: =C11*E11 -> 0 | N11: 7 | O11: {=SUMPRODUCT(($O$19:$O$138=N11)*$P$19:$P$138)} -> 0 | P11: {=SUMPRODUCT(($O$19:$O$138=N11)*$Q$19:$Q$138)} -> 0 | Q11: {=SUMPRODUCT(($O$19:$O$138=N11)*$R$19:$R$138)} -> 0 | R11: {=SUMPRODUCT(($O$19:$O$138=N11)*$S$19:$S$138)} -> 0 | S11: =IF(N11=CEILING(INPUTS!$I$6/12,1), DEBT!$AH$7*INPUTS!$I$7, IF(N11=CEILING((INPUTS!$I$6+INPUTS!$I$5-1)/12,1), DEBT!$AH$7*(1-INPUTS!$I$7), 0)) -> 0 | T11: =MAX(0, SUM(R$5:R11) - SUM(S$5:S11)) - SUM(T$5:T10) -> 0 | U11: =IF(INPUTS!$C$24="Yes", T11*DEBT!$AH$9, 0) -> 0 | V11: =V10+U11 -> 0 | W11: {=SUMPRODUCT(($O$19:$O$138=N11)*$W$19:$W$138)} -> 0 | X11: {=INDEX($Z$19:$Z$138, N11*12)} -> 0 | Y11: =X11 -> 0 | Z11: =IF(INPUTS!$C$24="Yes", DEBT!$AH$10 - V11, 0) -> 0
G12: =C12*E12 -> 0 | N12: 8 | O12: {=SUMPRODUCT(($O$19:$O$138=N12)*$P$19:$P$138)} -> 0 | P12: {=SUMPRODUCT(($O$19:$O$138=N12)*$Q$19:$Q$138)} -> 0 | Q12: {=SUMPRODUCT(($O$19:$O$138=N12)*$R$19:$R$138)} -> 0 | R12: {=SUMPRODUCT(($O$19:$O$138=N12)*$S$19:$S$138)} -> 0 | S12: =IF(N12=CEILING(INPUTS!$I$6/12,1), DEBT!$AH$7*INPUTS!$I$7, IF(N12=CEILING((INPUTS!$I$6+INPUTS!$I$5-1)/12,1), DEBT!$AH$7*(1-INPUTS!$I$7), 0)) -> 0 | T12: =MAX(0, SUM(R$5:R12) - SUM(S$5:S12)) - SUM(T$5:T11) -> 0 | U12: =IF(INPUTS!$C$24="Yes", T12*DEBT!$AH$9, 0) -> 0 | V12: =V11+U12 -> 0 | W12: {=SUMPRODUCT(($O$19:$O$138=N12)*$W$19:$W$138)} -> 0 | X12: {=INDEX($Z$19:$Z$138, N12*12)} -> 0 | Y12: =X12 -> 0 | Z12: =IF(INPUTS!$C$24="Yes", DEBT!$AH$10 - V12, 0) -> 0
G13: =C13*E13 -> 0 | N13: 9 | O13: {=SUMPRODUCT(($O$19:$O$138=N13)*$P$19:$P$138)} -> 0 | P13: {=SUMPRODUCT(($O$19:$O$138=N13)*$Q$19:$Q$138)} -> 0 | Q13: {=SUMPRODUCT(($O$19:$O$138=N13)*$R$19:$R$138)} -> 0 | R13: {=SUMPRODUCT(($O$19:$O$138=N13)*$S$19:$S$138)} -> 0 | S13: =IF(N13=CEILING(INPUTS!$I$6/12,1), DEBT!$AH$7*INPUTS!$I$7, IF(N13=CEILING((INPUTS!$I$6+INPUTS!$I$5-1)/12,1), DEBT!$AH$7*(1-INPUTS!$I$7), 0)) -> 0 | T13: =MAX(0, SUM(R$5:R13) - SUM(S$5:S13)) - SUM(T$5:T12) -> 0 | U13: =IF(INPUTS!$C$24="Yes", T13*DEBT!$AH$9, 0) -> 0 | V13: =V12+U13 -> 0 | W13: {=SUMPRODUCT(($O$19:$O$138=N13)*$W$19:$W$138)} -> 0 | X13: {=INDEX($Z$19:$Z$138, N13*12)} -> 0 | Y13: =X13 -> 0 | Z13: =IF(INPUTS!$C$24="Yes", DEBT!$AH$10 - V13, 0) -> 0
G14: =C14*E14 -> 0 | N14: 10 | O14: {=SUMPRODUCT(($O$19:$O$138=N14)*$P$19:$P$138)} -> 0 | P14: {=SUMPRODUCT(($O$19:$O$138=N14)*$Q$19:$Q$138)} -> 0 | Q14: {=SUMPRODUCT(($O$19:$O$138=N14)*$R$19:$R$138)} -> 0 | R14: {=SUMPRODUCT(($O$19:$O$138=N14)*$S$19:$S$138)} -> 0 | S14: =IF(N14=CEILING(INPUTS!$I$6/12,1), DEBT!$AH$7*INPUTS!$I$7, IF(N14=CEILING((INPUTS!$I$6+INPUTS!$I$5-1)/12,1), DEBT!$AH$7*(1-INPUTS!$I$7), 0)) -> 0 | T14: =MAX(0, SUM(R$5:R14) - SUM(S$5:S14)) - SUM(T$5:T13) -> 0 | U14: =IF(INPUTS!$C$24="Yes", T14*DEBT!$AH$9, 0) -> 0 | V14: =V13+U14 -> 0 | W14: {=SUMPRODUCT(($O$19:$O$138=N14)*$W$19:$W$138)} -> 0 | X14: {=INDEX($Z$19:$Z$138, N14*12)} -> 0 | Y14: =X14 -> 0 | Z14: =IF(INPUTS!$C$24="Yes", DEBT!$AH$10 - V14, 0) -> 0
G15: =C15*E15 -> 0 | N15: Total | O15: =SUM(O5:O14) -> 0 | P15: =SUM(P5:P14) -> 0 | Q15: =SUM(Q5:Q14) -> 0 | R15: =SUM(R5:R14) -> 0 | S15: =SUM(S5:S14) -> 0 | T15: =SUM(T5:T14) -> 0 | U15: =SUM(U5:U14) -> 0 | V15: =V14 -> 0 | W15: =SUM(W5:W14) -> 0
G16: =C16*E16 -> 0
G17: =C17*E17 -> 0 | Q17: Adjust PIP Cost Approach on Inputs Tab
G18: =C18*E18 -> 0 | N18: Month | O18: Year | P18: Year Start Cost | Q18: Even Dist. Cost | R18: Custom Cost | S18: Active PIP Cost | T18: Draw Amount | U18: Start Bal. | V18: Adj. Bal. | W18: Payment | X18: Interest | Y18: Principal | Z18: End Bal.
G19: =C19*E19 -> 0 | N19: 1 | O19: 1 | P19: =IF(AND(N19>=INPUTS!$I$6, N19<=(INPUTS!$I$6+INPUTS!$I$5-1), MOD(N19-INPUTS!$I$6,12)=0), INPUTS!$F$20/CEILING(INPUTS!$I$5/12,1), 0) -> 0 | Q19: =IF(AND(N19>=INPUTS!$I$6, N19<=(INPUTS!$I$6+INPUTS!$I$5-1)), INPUTS!$F$20/INPUTS!$I$5, 0) -> 0 | R19: 0 | S19: =IF(INPUTS!$I$8="Year Start", P19, IF(INPUTS!$I$8="Even Distribution", Q19, R19)) -> 0 | T19: {=IF(INPUTS!$C$24<>"Yes", 0, IFERROR(S19 / SUMPRODUCT(($O$19:$O$138=O19)*$S$19:$S$138) * INDEX($U$5:$U$14, O19), 0))} -> 0 | U19: 0 | V19: =U19+T19 -> 0 | W19: =IF(N19>DEBT!$AH$14, 0, IF(V19=0, 0, IF(N19<=DEBT!$AH$15, V19*DEBT!$AH$12/12, PMT(DEBT!$AH$12/12, DEBT!$AH$13-N19+DEBT!$AH$15+1, -V19)))) -> 0 | X19: =IF(N19>DEBT!$AH$14, 0, V19*DEBT!$AH$12/12) -> 0 | Y19: =IF(N19>INPUTS!$C$26*12, 0, W19-X19) -> 0 | Z19: =IF(N19>DEBT!$AH$14, 0, V19-Y19) -> 0
G20: =C20*E20 -> 0 | N20: 2 | O20: 1 | P20: =IF(AND(N20>=INPUTS!$I$6, N20<=(INPUTS!$I$6+INPUTS!$I$5-1), MOD(N20-INPUTS!$I$6,12)=0), INPUTS!$F$20/CEILING(INPUTS!$I$5/12,1), 0) -> 0 | Q20: =IF(AND(N20>=INPUTS!$I$6, N20<=(INPUTS!$I$6+INPUTS!$I$5-1)), INPUTS!$F$20/INPUTS!$I$5, 0) -> 0 | R20: 0 | S20: =IF(INPUTS!$I$8="Year Start", P20, IF(INPUTS!$I$8="Even Distribution", Q20, R20)) -> 0 | T20: {=IF(INPUTS!$C$24<>"Yes", 0, IFERROR(S20 / SUMPRODUCT(($O$19:$O$138=O20)*$S$19:$S$138) * INDEX($U$5:$U$14, O20), 0))} -> 0 | U20: =Z19 -> 0 | V20: =U20+T20 -> 0 | W20: =IF(N20>DEBT!$AH$14, 0, IF(V20=0, 0, IF(N20<=DEBT!$AH$15, V20*DEBT!$AH$12/12, PMT(DEBT!$AH$12/12, DEBT!$AH$13-N20+DEBT!$AH$15+1, -V20)))) -> 0 | X20: =IF(N20>DEBT!$AH$14, 0, V20*DEBT!$AH$12/12) -> 0 | Y20: =IF(N20>INPUTS!$C$26*12, 0, W20-X20) -> 0 | Z20: =IF(N20>DEBT!$AH$14, 0, V20-Y20) -> 0
G21: =C21*E21 -> 0 | N21: 3 | O21: 1 | P21: =IF(AND(N21>=INPUTS!$I$6, N21<=(INPUTS!$I$6+INPUTS!$I$5-1), MOD(N21-INPUTS!$I$6,12)=0), INPUTS!$F$20/CEILING(INPUTS!$I$5/12,1), 0) -> 0 | Q21: =IF(AND(N21>=INPUTS!$I$6, N21<=(INPUTS!$I$6+INPUTS!$I$5-1)), INPUTS!$F$20/INPUTS!$I$5, 0) -> 0 | R21: 0 | S21: =IF(INPUTS!$I$8="Year Start", P21, IF(INPUTS!$I$8="Even Distribution", Q21, R21)) -> 0 | T21: {=IF(INPUTS!$C$24<>"Yes", 0, IFERROR(S21 / SUMPRODUCT(($O$19:$O$138=O21)*$S$19:$S$138) * INDEX($U$5:$U$14, O21), 0))} -> 0 | U21: =Z20 -> 0 | V21: =U21+T21 -> 0 | W21: =IF(N21>DEBT!$AH$14, 0, IF(V21=0, 0, IF(N21<=DEBT!$AH$15, V21*DEBT!$AH$12/12, PMT(DEBT!$AH$12/12, DEBT!$AH$13-N21+DEBT!$AH$15+1, -V21)))) -> 0 | X21: =IF(N21>DEBT!$AH$14, 0, V21*DEBT!$AH$12/12) -> 0 | Y21: =IF(N21>INPUTS!$C$26*12, 0, W21-X21) -> 0 | Z21: =IF(N21>DEBT!$AH$14, 0, V21-Y21) -> 0
G22: =C22*E22 -> 0 | N22: 4 | O22: 1 | P22: =IF(AND(N22>=INPUTS!$I$6, N22<=(INPUTS!$I$6+INPUTS!$I$5-1), MOD(N22-INPUTS!$I$6,12)=0), INPUTS!$F$20/CEILING(INPUTS!$I$5/12,1), 0) -> 0 | Q22: =IF(AND(N22>=INPUTS!$I$6, N22<=(INPUTS!$I$6+INPUTS!$I$5-1)), INPUTS!$F$20/INPUTS!$I$5, 0) -> 0 | R22: 0 | S22: =IF(INPUTS!$I$8="Year Start", P22, IF(INPUTS!$I$8="Even Distribution", Q22, R22)) -> 0 | T22: {=IF(INPUTS!$C$24<>"Yes", 0, IFERROR(S22 / SUMPRODUCT(($O$19:$O$138=O22)*$S$19:$S$138) * INDEX($U$5:$U$14, O22), 0))} -> 0 | U22: =Z21 -> 0 | V22: =U22+T22 -> 0 | W22: =IF(N22>DEBT!$AH$14, 0, IF(V22=0, 0, IF(N22<=DEBT!$AH$15, V22*DEBT!$AH$12/12, PMT(DEBT!$AH$12/12, DEBT!$AH$13-N22+DEBT!$AH$15+1, -V22)))) -> 0 | X22: =IF(N22>DEBT!$AH$14, 0, V22*DEBT!$AH$12/12) -> 0 | Y22: =IF(N22>INPUTS!$C$26*12, 0, W22-X22) -> 0 | Z22: =IF(N22>DEBT!$AH$14, 0, V22-Y22) -> 0
G23: =C23*E23 -> 0 | N23: 5 | O23: 1 | P23: =IF(AND(N23>=INPUTS!$I$6, N23<=(INPUTS!$I$6+INPUTS!$I$5-1), MOD(N23-INPUTS!$I$6,12)=0), INPUTS!$F$20/CEILING(INPUTS!$I$5/12,1), 0) -> 0 | Q23: =IF(AND(N23>=INPUTS!$I$6, N23<=(INPUTS!$I$6+INPUTS!$I$5-1)), INPUTS!$F$20/INPUTS!$I$5, 0) -> 0 | R23: 0 | S23: =IF(INPUTS!$I$8="Year Start", P23, IF(INPUTS!$I$8="Even Distribution", Q23, R23)) -> 0 | T23: {=IF(INPUTS!$C$24<>"Yes", 0, IFERROR(S23 / SUMPRODUCT(($O$19:$O$138=O23)*$S$19:$S$138) * INDEX($U$5:$U$14, O23), 0))} -> 0 | U23: =Z22 -> 0 | V23: =U23+T23 -> 0 | W23: =IF(N23>DEBT!$AH$14, 0, IF(V23=0, 0, IF(N23<=DEBT!$AH$15, V23*DEBT!$AH$12/12, PMT(DEBT!$AH$12/12, DEBT!$AH$13-N23+DEBT!$AH$15+1, -V23)))) -> 0 | X23: =IF(N23>DEBT!$AH$14, 0, V23*DEBT!$AH$12/12) -> 0 | Y23: =IF(N23>INPUTS!$C$26*12, 0, W23-X23) -> 0 | Z23: =IF(N23>DEBT!$AH$14, 0, V23-Y23) -> 0
G24: =C24*E24 -> 0 | N24: 6 | O24: 1 | P24: =IF(AND(N24>=INPUTS!$I$6, N24<=(INPUTS!$I$6+INPUTS!$I$5-1), MOD(N24-INPUTS!$I$6,12)=0), INPUTS!$F$20/CEILING(INPUTS!$I$5/12,1), 0) -> 0 | Q24: =IF(AND(N24>=INPUTS!$I$6, N24<=(INPUTS!$I$6+INPUTS!$I$5-1)), INPUTS!$F$20/INPUTS!$I$5, 0) -> 0 | R24: 0 | S24: =IF(INPUTS!$I$8="Year Start", P24, IF(INPUTS!$I$8="Even Distribution", Q24, R24)) -> 0 | T24: {=IF(INPUTS!$C$24<>"Yes", 0, IFERROR(S24 / SUMPRODUCT(($O$19:$O$138=O24)*$S$19:$S$138) * INDEX($U$5:$U$14, O24), 0))} -> 0 | U24: =Z23 -> 0 | V24: =U24+T24 -> 0 | W24: =IF(N24>DEBT!$AH$14, 0, IF(V24=0, 0, IF(N24<=DEBT!$AH$15, V24*DEBT!$AH$12/12, PMT(DEBT!$AH$12/12, DEBT!$AH$13-N24+DEBT!$AH$15+1, -V24)))) -> 0 | X24: =IF(N24>DEBT!$AH$14, 0, V24*DEBT!$AH$12/12) -> 0 | Y24: =IF(N24>INPUTS!$C$26*12, 0, W24-X24) -> 0 | Z24: =IF(N24>DEBT!$AH$14, 0, V24-Y24) -> 0
G25: =C25*E25 -> 0 | N25: 7 | O25: 1 | P25: =IF(AND(N25>=INPUTS!$I$6, N25<=(INPUTS!$I$6+INPUTS!$I$5-1), MOD(N25-INPUTS!$I$6,12)=0), INPUTS!$F$20/CEILING(INPUTS!$I$5/12,1), 0) -> 0 | Q25: =IF(AND(N25>=INPUTS!$I$6, N25<=(INPUTS!$I$6+INPUTS!$I$5-1)), INPUTS!$F$20/INPUTS!$I$5, 0) -> 0 | R25: 0 | S25: =IF(INPUTS!$I$8="Year Start", P25, IF(INPUTS!$I$8="Even Distribution", Q25, R25)) -> 0 | T25: {=IF(INPUTS!$C$24<>"Yes", 0, IFERROR(S25 / SUMPRODUCT(($O$19:$O$138=O25)*$S$19:$S$138) * INDEX($U$5:$U$14, O25), 0))} -> 0 | U25: =Z24 -> 0 | V25: =U25+T25 -> 0 | W25: =IF(N25>DEBT!$AH$14, 0, IF(V25=0, 0, IF(N25<=DEBT!$AH$15, V25*DEBT!$AH$12/12, PMT(DEBT!$AH$12/12, DEBT!$AH$13-N25+DEBT!$AH$15+1, -V25)))) -> 0 | X25: =IF(N25>DEBT!$AH$14, 0, V25*DEBT!$AH$12/12) -> 0 | Y25: =IF(N25>INPUTS!$C$26*12, 0, W25-X25) -> 0 | Z25: =IF(N25>DEBT!$AH$14, 0, V25-Y25) -> 0
G26: =C26*E26 -> 0 | N26: 8 | O26: 1 | P26: =IF(AND(N26>=INPUTS!$I$6, N26<=(INPUTS!$I$6+INPUTS!$I$5-1), MOD(N26-INPUTS!$I$6,12)=0), INPUTS!$F$20/CEILING(INPUTS!$I$5/12,1), 0) -> 0 | Q26: =IF(AND(N26>=INPUTS!$I$6, N26<=(INPUTS!$I$6+INPUTS!$I$5-1)), INPUTS!$F$20/INPUTS!$I$5, 0) -> 0 | R26: 0 | S26: =IF(INPUTS!$I$8="Year Start", P26, IF(INPUTS!$I$8="Even Distribution", Q26, R26)) -> 0 | T26: {=IF(INPUTS!$C$24<>"Yes", 0, IFERROR(S26 / SUMPRODUCT(($O$19:$O$138=O26)*$S$19:$S$138) * INDEX($U$5:$U$14, O26), 0))} -> 0 | U26: =Z25 -> 0 | V26: =U26+T26 -> 0 | W26: =IF(N26>DEBT!$AH$14, 0, IF(V26=0, 0, IF(N26<=DEBT!$AH$15, V26*DEBT!$AH$12/12, PMT(DEBT!$AH$12/12, DEBT!$AH$13-N26+DEBT!$AH$15+1, -V26)))) -> 0 | X26: =IF(N26>DEBT!$AH$14, 0, V26*DEBT!$AH$12/12) -> 0 | Y26: =IF(N26>INPUTS!$C$26*12, 0, W26-X26) -> 0 | Z26: =IF(N26>DEBT!$AH$14, 0, V26-Y26) -> 0
G27: =C27*E27 -> 0 | N27: 9 | O27: 1 | P27: =IF(AND(N27>=INPUTS!$I$6, N27<=(INPUTS!$I$6+INPUTS!$I$5-1), MOD(N27-INPUTS!$I$6,12)=0), INPUTS!$F$20/CEILING(INPUTS!$I$5/12,1), 0) -> 0 | Q27: =IF(AND(N27>=INPUTS!$I$6, N27<=(INPUTS!$I$6+INPUTS!$I$5-1)), INPUTS!$F$20/INPUTS!$I$5, 0) -> 0 | R27: 0 | S27: =IF(INPUTS!$I$8="Year Start", P27, IF(INPUTS!$I$8="Even Distribution", Q27, R27)) -> 0 | T27: {=IF(INPUTS!$C$24<>"Yes", 0, IFERROR(S27 / SUMPRODUCT(($O$19:$O$138=O27)*$S$19:$S$138) * INDEX($U$5:$U$14, O27), 0))} -> 0 | U27: =Z26 -> 0 | V27: =U27+T27 -> 0 | W27: =IF(N27>DEBT!$AH$14, 0, IF(V27=0, 0, IF(N27<=DEBT!$AH$15, V27*DEBT!$AH$12/12, PMT(DEBT!$AH$12/12, DEBT!$AH$13-N27+DEBT!$AH$15+1, -V27)))) -> 0 | X27: =IF(N27>DEBT!$AH$14, 0, V27*DEBT!$AH$12/12) -> 0 | Y27: =IF(N27>INPUTS!$C$26*12, 0, W27-X27) -> 0 | Z27: =IF(N27>DEBT!$AH$14, 0, V27-Y27) -> 0
G28: =C28*E28 -> 0 | N28: 10 | O28: 1 | P28: =IF(AND(N28>=INPUTS!$I$6, N28<=(INPUTS!$I$6+INPUTS!$I$5-1), MOD(N28-INPUTS!$I$6,12)=0), INPUTS!$F$20/CEILING(INPUTS!$I$5/12,1), 0) -> 0 | Q28: =IF(AND(N28>=INPUTS!$I$6, N28<=(INPUTS!$I$6+INPUTS!$I$5-1)), INPUTS!$F$20/INPUTS!$I$5, 0) -> 0 | R28: 0 | S28: =IF(INPUTS!$I$8="Year Start", P28, IF(INPUTS!$I$8="Even Distribution", Q28, R28)) -> 0 | T28: {=IF(INPUTS!$C$24<>"Yes", 0, IFERROR(S28 / SUMPRODUCT(($O$19:$O$138=O28)*$S$19:$S$138) * INDEX($U$5:$U$14, O28), 0))} -> 0 | U28: =Z27 -> 0 | V28: =U28+T28 -> 0 | W28: =IF(N28>DEBT!$AH$14, 0, IF(V28=0, 0, IF(N28<=DEBT!$AH$15, V28*DEBT!$AH$12/12, PMT(DEBT!$AH$12/12, DEBT!$AH$13-N28+DEBT!$AH$15+1, -V28)))) -> 0 | X28: =IF(N28>DEBT!$AH$14, 0, V28*DEBT!$AH$12/12) -> 0 | Y28: =IF(N28>INPUTS!$C$26*12, 0, W28-X28) -> 0 | Z28: =IF(N28>DEBT!$AH$14, 0, V28-Y28) -> 0
G29: =C29*E29 -> 0 | N29: 11 | O29: 1 | P29: =IF(AND(N29>=INPUTS!$I$6, N29<=(INPUTS!$I$6+INPUTS!$I$5-1), MOD(N29-INPUTS!$I$6,12)=0), INPUTS!$F$20/CEILING(INPUTS!$I$5/12,1), 0) -> 0 | Q29: =IF(AND(N29>=INPUTS!$I$6, N29<=(INPUTS!$I$6+INPUTS!$I$5-1)), INPUTS!$F$20/INPUTS!$I$5, 0) -> 0 | R29: 0 | S29: =IF(INPUTS!$I$8="Year Start", P29, IF(INPUTS!$I$8="Even Distribution", Q29, R29)) -> 0 | T29: {=IF(INPUTS!$C$24<>"Yes", 0, IFERROR(S29 / SUMPRODUCT(($O$19:$O$138=O29)*$S$19:$S$138) * INDEX($U$5:$U$14, O29), 0))} -> 0 | U29: =Z28 -> 0 | V29: =U29+T29 -> 0 | W29: =IF(N29>DEBT!$AH$14, 0, IF(V29=0, 0, IF(N29<=DEBT!$AH$15, V29*DEBT!$AH$12/12, PMT(DEBT!$AH$12/12, DEBT!$AH$13-N29+DEBT!$AH$15+1, -V29)))) -> 0 | X29: =IF(N29>DEBT!$AH$14, 0, V29*DEBT!$AH$12/12) -> 0 | Y29: =IF(N29>INPUTS!$C$26*12, 0, W29-X29) -> 0 | Z29: =IF(N29>DEBT!$AH$14, 0, V29-Y29) -> 0
G30: =C30*E30 -> 0 | N30: 12 | O30: 1 | P30: =IF(AND(N30>=INPUTS!$I$6, N30<=(INPUTS!$I$6+INPUTS!$I$5-1), MOD(N30-INPUTS!$I$6,12)=0), INPUTS!$F$20/CEILING(INPUTS!$I$5/12,1), 0) -> 0 | Q30: =IF(AND(N30>=INPUTS!$I$6, N30<=(INPUTS!$I$6+INPUTS!$I$5-1)), INPUTS!$F$20/INPUTS!$I$5, 0) -> 0 | R30: 0 | S30: =IF(INPUTS!$I$8="Year Start", P30, IF(INPUTS!$I$8="Even Distribution", Q30, R30)) -> 0 | T30: {=IF(INPUTS!$C$24<>"Yes", 0, IFERROR(S30 / SUMPRODUCT(($O$19:$O$138=O30)*$S$19:$S$138) * INDEX($U$5:$U$14, O30), 0))} -> 0 | U30: =Z29 -> 0 | V30: =U30+T30 -> 0 | W30: =IF(N30>DEBT!$AH$14, 0, IF(V30=0, 0, IF(N30<=DEBT!$AH$15, V30*DEBT!$AH$12/12, PMT(DEBT!$AH$12/12, DEBT!$AH$13-N30+DEBT!$AH$15+1, -V30)))) -> 0 | X30: =IF(N30>DEBT!$AH$14, 0, V30*DEBT!$AH$12/12) -> 0 | Y30: =IF(N30>INPUTS!$C$26*12, 0, W30-X30) -> 0 | Z30: =IF(N30>DEBT!$AH$14, 0, V30-Y30) -> 0
G31: =C31*E31 -> 0 | N31: 13 | O31: 2 | P31: =IF(AND(N31>=INPUTS!$I$6, N31<=(INPUTS!$I$6+INPUTS!$I$5-1), MOD(N31-INPUTS!$I$6,12)=0), INPUTS!$F$20/CEILING(INPUTS!$I$5/12,1), 0) -> 0 | Q31: =IF(AND(N31>=INPUTS!$I$6, N31<=(INPUTS!$I$6+INPUTS!$I$5-1)), INPUTS!$F$20/INPUTS!$I$5, 0) -> 0 | R31: 0 | S31: =IF(INPUTS!$I$8="Year Start", P31, IF(INPUTS!$I$8="Even Distribution", Q31, R31)) -> 0 | T31: {=IF(INPUTS!$C$24<>"Yes", 0, IFERROR(S31 / SUMPRODUCT(($O$19:$O$138=O31)*$S$19:$S$138) * INDEX($U$5:$U$14, O31), 0))} -> 0 | U31: =Z30 -> 0 | V31: =U31+T31 -> 0 | W31: =IF(N31>DEBT!$AH$14, 0, IF(V31=0, 0, IF(N31<=DEBT!$AH$15, V31*DEBT!$AH$12/12, PMT(DEBT!$AH$12/12, DEBT!$AH$13-N31+DEBT!$AH$15+1, -V31)))) -> 0 | X31: =IF(N31>DEBT!$AH$14, 0, V31*DEBT!$AH$12/12) -> 0 | Y31: =IF(N31>INPUTS!$C$26*12, 0, W31-X31) -> 0 | Z31: =IF(N31>DEBT!$AH$14, 0, V31-Y31) -> 0
... G35: =C35*E35 -> 0 | N35: 17 | O35: 2 | P35: =IF(AND(N35>=INPUTS!$I$6, N35<=(INPUTS!$I$6+INPUTS!$I$5-1), MOD(N35-INPUTS!$I$6,12)=0), INPUTS!$F$20/CEILING(INPUTS!$I$5/12,1), 0) -> 0 | Q35: =IF(AND(N35>=INPUTS!$I$6, N35<=(INPUTS!$I$6+INPUTS!$I$5-1)), INPUTS!$F$20/INPUTS!$I$5, 0) -> 0 | R35: 0 | S35: =IF(INPUTS!$I$8="Year Start", P35, IF(INPUTS!$I$8="Even Distribution", Q35, R35)) -> 0 | T35: {=IF(INPUTS!$C$24<>"Yes", 0, IFERROR(S35 / SUMPRODUCT(($O$19:$O$138=O35)*$S$19:$S$138) * INDEX($U$5:$U$14, O35), 0))} -> 0 | U35: =Z34 -> 0 | V35: =U35+T35 -> 0 | W35: =IF(N35>DEBT!$AH$14, 0, IF(V35=0, 0, IF(N35<=DEBT!$AH$15, V35*DEBT!$AH$12/12, PMT(DEBT!$AH$12/12, DEBT!$AH$13-N35+DEBT!$AH$15+1, -V35)))) -> 0 | X35: =IF(N35>DEBT!$AH$14, 0, V35*DEBT!$AH$12/12) -> 0 | Y35: =IF(N35>INPUTS!$C$26*12, 0, W35-X35) -> 0 | Z35: =IF(N35>DEBT!$AH$14, 0, V35-Y35) -> 0
B36: TOTAL INTERIOR COSTS | G36: =SUM(G7:G35) -> 0 | N36: 18 | O36: 2 | P36: =IF(AND(N36>=INPUTS!$I$6, N36<=(INPUTS!$I$6+INPUTS!$I$5-1), MOD(N36-INPUTS!$I$6,12)=0), INPUTS!$F$20/CEILING(INPUTS!$I$5/12,1), 0) -> 0 | Q36: =IF(AND(N36>=INPUTS!$I$6, N36<=(INPUTS!$I$6+INPUTS!$I$5-1)), INPUTS!$F$20/INPUTS!$I$5, 0) -> 0 | R36: 0 | S36: =IF(INPUTS!$I$8="Year Start", P36, IF(INPUTS!$I$8="Even Distribution", Q36, R36)) -> 0 | T36: {=IF(INPUTS!$C$24<>"Yes", 0, IFERROR(S36 / SUMPRODUCT(($O$19:$O$138=O36)*$S$19:$S$138) * INDEX($U$5:$U$14, O36), 0))} -> 0 | U36: =Z35 -> 0 | V36: =U36+T36 -> 0 | W36: =IF(N36>DEBT!$AH$14, 0, IF(V36=0, 0, IF(N36<=DEBT!$AH$15, V36*DEBT!$AH$12/12, PMT(DEBT!$AH$12/12, DEBT!$AH$13-N36+DEBT!$AH$15+1, -V36)))) -> 0 | X36: =IF(N36>DEBT!$AH$14, 0, V36*DEBT!$AH$12/12) -> 0 | Y36: =IF(N36>INPUTS!$C$26*12, 0, W36-X36) -> 0 | Z36: =IF(N36>DEBT!$AH$14, 0, V36-Y36) -> 0
N37: 19 | O37: 2 | P37: =IF(AND(N37>=INPUTS!$I$6, N37<=(INPUTS!$I$6+INPUTS!$I$5-1), MOD(N37-INPUTS!$I$6,12)=0), INPUTS!$F$20/CEILING(INPUTS!$I$5/12,1), 0) -> 0 | Q37: =IF(AND(N37>=INPUTS!$I$6, N37<=(INPUTS!$I$6+INPUTS!$I$5-1)), INPUTS!$F$20/INPUTS!$I$5, 0) -> 0 | R37: 0 | S37: =IF(INPUTS!$I$8="Year Start", P37, IF(INPUTS!$I$8="Even Distribution", Q37, R37)) -> 0 | T37: {=IF(INPUTS!$C$24<>"Yes", 0, IFERROR(S37 / SUMPRODUCT(($O$19:$O$138=O37)*$S$19:$S$138) * INDEX($U$5:$U$14, O37), 0))} -> 0 | U37: =Z36 -> 0 | V37: =U37+T37 -> 0 | W37: =IF(N37>DEBT!$AH$14, 0, IF(V37=0, 0, IF(N37<=DEBT!$AH$15, V37*DEBT!$AH$12/12, PMT(DEBT!$AH$12/12, DEBT!$AH$13-N37+DEBT!$AH$15+1, -V37)))) -> 0 | X37: =IF(N37>DEBT!$AH$14, 0, V37*DEBT!$AH$12/12) -> 0 | Y37: =IF(N37>INPUTS!$C$26*12, 0, W37-X37) -> 0 | Z37: =IF(N37>DEBT!$AH$14, 0, V37-Y37) -> 0
B38: Exterior | C38: Quantity | D38: Category | E38: Cost Per | F38: Description of Work to be Completed | G38: Budget | N38: 20 | O38: 2 | P38: =IF(AND(N38>=INPUTS!$I$6, N38<=(INPUTS!$I$6+INPUTS!$I$5-1), MOD(N38-INPUTS!$I$6,12)=0), INPUTS!$F$20/CEILING(INPUTS!$I$5/12,1), 0) -> 0 | Q38: =IF(AND(N38>=INPUTS!$I$6, N38<=(INPUTS!$I$6+INPUTS!$I$5-1)), INPUTS!$F$20/INPUTS!$I$5, 0) -> 0 | R38: 0 | S38: =IF(INPUTS!$I$8="Year Start", P38, IF(INPUTS!$I$8="Even Distribution", Q38, R38)) -> 0 | T38: {=IF(INPUTS!$C$24<>"Yes", 0, IFERROR(S38 / SUMPRODUCT(($O$19:$O$138=O38)*$S$19:$S$138) * INDEX($U$5:$U$14, O38), 0))} -> 0 | U38: =Z37 -> 0 | V38: =U38+T38 -> 0 | W38: =IF(N38>DEBT!$AH$14, 0, IF(V38=0, 0, IF(N38<=DEBT!$AH$15, V38*DEBT!$AH$12/12, PMT(DEBT!$AH$12/12, DEBT!$AH$13-N38+DEBT!$AH$15+1, -V38)))) -> 0 | X38: =IF(N38>DEBT!$AH$14, 0, V38*DEBT!$AH$12/12) -> 0 | Y38: =IF(N38>INPUTS!$C$26*12, 0, W38-X38) -> 0 | Z38: =IF(N38>DEBT!$AH$14, 0, V38-Y38) -> 0
G39: =C39*E39 -> 0 | N39: 21 | O39: 2 | P39: =IF(AND(N39>=INPUTS!$I$6, N39<=(INPUTS!$I$6+INPUTS!$I$5-1), MOD(N39-INPUTS!$I$6,12)=0), INPUTS!$F$20/CEILING(INPUTS!$I$5/12,1), 0) -> 0 | Q39: =IF(AND(N39>=INPUTS!$I$6, N39<=(INPUTS!$I$6+INPUTS!$I$5-1)), INPUTS!$F$20/INPUTS!$I$5, 0) -> 0 | R39: 0 | S39: =IF(INPUTS!$I$8="Year Start", P39, IF(INPUTS!$I$8="Even Distribution", Q39, R39)) -> 0 | T39: {=IF(INPUTS!$C$24<>"Yes", 0, IFERROR(S39 / SUMPRODUCT(($O$19:$O$138=O39)*$S$19:$S$138) * INDEX($U$5:$U$14, O39), 0))} -> 0 | U39: =Z38 -> 0 | V39: =U39+T39 -> 0 | W39: =IF(N39>DEBT!$AH$14, 0, IF(V39=0, 0, IF(N39<=DEBT!$AH$15, V39*DEBT!$AH$12/12, PMT(DEBT!$AH$12/12, DEBT!$AH$13-N39+DEBT!$AH$15+1, -V39)))) -> 0 | X39: =IF(N39>DEBT!$AH$14, 0, V39*DEBT!$AH$12/12) -> 0 | Y39: =IF(N39>INPUTS!$C$26*12, 0, W39-X39) -> 0 | Z39: =IF(N39>DEBT!$AH$14, 0, V39-Y39) -> 0
G40: =C40*E40 -> 0 | N40: 22 | O40: 2 | P40: =IF(AND(N40>=INPUTS!$I$6, N40<=(INPUTS!$I$6+INPUTS!$I$5-1), MOD(N40-INPUTS!$I$6,12)=0), INPUTS!$F$20/CEILING(INPUTS!$I$5/12,1), 0) -> 0 | Q40: =IF(AND(N40>=INPUTS!$I$6, N40<=(INPUTS!$I$6+INPUTS!$I$5-1)), INPUTS!$F$20/INPUTS!$I$5, 0) -> 0 | R40: 0 | S40: =IF(INPUTS!$I$8="Year Start", P40, IF(INPUTS!$I$8="Even Distribution", Q40, R40)) -> 0 | T40: {=IF(INPUTS!$C$24<>"Yes", 0, IFERROR(S40 / SUMPRODUCT(($O$19:$O$138=O40)*$S$19:$S$138) * INDEX($U$5:$U$14, O40), 0))} -> 0 | U40: =Z39 -> 0 | V40: =U40+T40 -> 0 | W40: =IF(N40>DEBT!$AH$14, 0, IF(V40=0, 0, IF(N40<=DEBT!$AH$15, V40*DEBT!$AH$12/12, PMT(DEBT!$AH$12/12, DEBT!$AH$13-N40+DEBT!$AH$15+1, -V40)))) -> 0 | X40: =IF(N40>DEBT!$AH$14, 0, V40*DEBT!$AH$12/12) -> 0 | Y40: =IF(N40>INPUTS!$C$26*12, 0, W40-X40) -> 0 | Z40: =IF(N40>DEBT!$AH$14, 0, V40-Y40) -> 0
G41: =C41*E41 -> 0 | N41: 23 | O41: 2 | P41: =IF(AND(N41>=INPUTS!$I$6, N41<=(INPUTS!$I$6+INPUTS!$I$5-1), MOD(N41-INPUTS!$I$6,12)=0), INPUTS!$F$20/CEILING(INPUTS!$I$5/12,1), 0) -> 0 | Q41: =IF(AND(N41>=INPUTS!$I$6, N41<=(INPUTS!$I$6+INPUTS!$I$5-1)), INPUTS!$F$20/INPUTS!$I$5, 0) -> 0 | R41: 0 | S41: =IF(INPUTS!$I$8="Year Start", P41, IF(INPUTS!$I$8="Even Distribution", Q41, R41)) -> 0 | T41: {=IF(INPUTS!$C$24<>"Yes", 0, IFERROR(S41 / SUMPRODUCT(($O$19:$O$138=O41)*$S$19:$S$138) * INDEX($U$5:$U$14, O41), 0))} -> 0 | U41: =Z40 -> 0 | V41: =U41+T41 -> 0 | W41: =IF(N41>DEBT!$AH$14, 0, IF(V41=0, 0, IF(N41<=DEBT!$AH$15, V41*DEBT!$AH$12/12, PMT(DEBT!$AH$12/12, DEBT!$AH$13-N41+DEBT!$AH$15+1, -V41)))) -> 0 | X41: =IF(N41>DEBT!$AH$14, 0, V41*DEBT!$AH$12/12) -> 0 | Y41: =IF(N41>INPUTS!$C$26*12, 0, W41-X41) -> 0 | Z41: =IF(N41>DEBT!$AH$14, 0, V41-Y41) -> 0
G42: =C42*E42 -> 0 | N42: 24 | O42: 2 | P42: =IF(AND(N42>=INPUTS!$I$6, N42<=(INPUTS!$I$6+INPUTS!$I$5-1), MOD(N42-INPUTS!$I$6,12)=0), INPUTS!$F$20/CEILING(INPUTS!$I$5/12,1), 0) -> 0 | Q42: =IF(AND(N42>=INPUTS!$I$6, N42<=(INPUTS!$I$6+INPUTS!$I$5-1)), INPUTS!$F$20/INPUTS!$I$5, 0) -> 0 | R42: 0 | S42: =IF(INPUTS!$I$8="Year Start", P42, IF(INPUTS!$I$8="Even Distribution", Q42, R42)) -> 0 | T42: {=IF(INPUTS!$C$24<>"Yes", 0, IFERROR(S42 / SUMPRODUCT(($O$19:$O$138=O42)*$S$19:$S$138) * INDEX($U$5:$U$14, O42), 0))} -> 0 | U42: =Z41 -> 0 | V42: =U42+T42 -> 0 | W42: =IF(N42>DEBT!$AH$14, 0, IF(V42=0, 0, IF(N42<=DEBT!$AH$15, V42*DEBT!$AH$12/12, PMT(DEBT!$AH$12/12, DEBT!$AH$13-N42+DEBT!$AH$15+1, -V42)))) -> 0 | X42: =IF(N42>DEBT!$AH$14, 0, V42*DEBT!$AH$12/12) -> 0 | Y42: =IF(N42>INPUTS!$C$26*12, 0, W42-X42) -> 0 | Z42: =IF(N42>DEBT!$AH$14, 0, V42-Y42) -> 0
G43: =C43*E43 -> 0 | N43: 25 | O43: 3 | P43: =IF(AND(N43>=INPUTS!$I$6, N43<=(INPUTS!$I$6+INPUTS!$I$5-1), MOD(N43-INPUTS!$I$6,12)=0), INPUTS!$F$20/CEILING(INPUTS!$I$5/12,1), 0) -> 0 | Q43: =IF(AND(N43>=INPUTS!$I$6, N43<=(INPUTS!$I$6+INPUTS!$I$5-1)), INPUTS!$F$20/INPUTS!$I$5, 0) -> 0 | R43: 0 | S43: =IF(INPUTS!$I$8="Year Start", P43, IF(INPUTS!$I$8="Even Distribution", Q43, R43)) -> 0 | T43: {=IF(INPUTS!$C$24<>"Yes", 0, IFERROR(S43 / SUMPRODUCT(($O$19:$O$138=O43)*$S$19:$S$138) * INDEX($U$5:$U$14, O43), 0))} -> 0 | U43: =Z42 -> 0 | V43: =U43+T43 -> 0 | W43: =IF(N43>DEBT!$AH$14, 0, IF(V43=0, 0, IF(N43<=DEBT!$AH$15, V43*DEBT!$AH$12/12, PMT(DEBT!$AH$12/12, DEBT!$AH$13-N43+DEBT!$AH$15+1, -V43)))) -> 0 | X43: =IF(N43>DEBT!$AH$14, 0, V43*DEBT!$AH$12/12) -> 0 | Y43: =IF(N43>INPUTS!$C$26*12, 0, W43-X43) -> 0 | Z43: =IF(N43>DEBT!$AH$14, 0, V43-Y43) -> 0
G44: =C44*E44 -> 0 | N44: 26 | O44: 3 | P44: =IF(AND(N44>=INPUTS!$I$6, N44<=(INPUTS!$I$6+INPUTS!$I$5-1), MOD(N44-INPUTS!$I$6,12)=0), INPUTS!$F$20/CEILING(INPUTS!$I$5/12,1), 0) -> 0 | Q44: =IF(AND(N44>=INPUTS!$I$6, N44<=(INPUTS!$I$6+INPUTS!$I$5-1)), INPUTS!$F$20/INPUTS!$I$5, 0) -> 0 | R44: 0 | S44: =IF(INPUTS!$I$8="Year Start", P44, IF(INPUTS!$I$8="Even Distribution", Q44, R44)) -> 0 | T44: {=IF(INPUTS!$C$24<>"Yes", 0, IFERROR(S44 / SUMPRODUCT(($O$19:$O$138=O44)*$S$19:$S$138) * INDEX($U$5:$U$14, O44), 0))} -> 0 | U44: =Z43 -> 0 | V44: =U44+T44 -> 0 | W44: =IF(N44>DEBT!$AH$14, 0, IF(V44=0, 0, IF(N44<=DEBT!$AH$15, V44*DEBT!$AH$12/12, PMT(DEBT!$AH$12/12, DEBT!$AH$13-N44+DEBT!$AH$15+1, -V44)))) -> 0 | X44: =IF(N44>DEBT!$AH$14, 0, V44*DEBT!$AH$12/12) -> 0 | Y44: =IF(N44>INPUTS!$C$26*12, 0, W44-X44) -> 0 | Z44: =IF(N44>DEBT!$AH$14, 0, V44-Y44) -> 0
G45: =C45*E45 -> 0 | N45: 27 | O45: 3 | P45: =IF(AND(N45>=INPUTS!$I$6, N45<=(INPUTS!$I$6+INPUTS!$I$5-1), MOD(N45-INPUTS!$I$6,12)=0), INPUTS!$F$20/CEILING(INPUTS!$I$5/12,1), 0) -> 0 | Q45: =IF(AND(N45>=INPUTS!$I$6, N45<=(INPUTS!$I$6+INPUTS!$I$5-1)), INPUTS!$F$20/INPUTS!$I$5, 0) -> 0 | R45: 0 | S45: =IF(INPUTS!$I$8="Year Start", P45, IF(INPUTS!$I$8="Even Distribution", Q45, R45)) -> 0 | T45: {=IF(INPUTS!$C$24<>"Yes", 0, IFERROR(S45 / SUMPRODUCT(($O$19:$O$138=O45)*$S$19:$S$138) * INDEX($U$5:$U$14, O45), 0))} -> 0 | U45: =Z44 -> 0 | V45: =U45+T45 -> 0 | W45: =IF(N45>DEBT!$AH$14, 0, IF(V45=0, 0, IF(N45<=DEBT!$AH$15, V45*DEBT!$AH$12/12, PMT(DEBT!$AH$12/12, DEBT!$AH$13-N45+DEBT!$AH$15+1, -V45)))) -> 0 | X45: =IF(N45>DEBT!$AH$14, 0, V45*DEBT!$AH$12/12) -> 0 | Y45: =IF(N45>INPUTS!$C$26*12, 0, W45-X45) -> 0 | Z45: =IF(N45>DEBT!$AH$14, 0, V45-Y45) -> 0
G46: =C46*E46 -> 0 | N46: 28 | O46: 3 | P46: =IF(AND(N46>=INPUTS!$I$6, N46<=(INPUTS!$I$6+INPUTS!$I$5-1), MOD(N46-INPUTS!$I$6,12)=0), INPUTS!$F$20/CEILING(INPUTS!$I$5/12,1), 0) -> 0 | Q46: =IF(AND(N46>=INPUTS!$I$6, N46<=(INPUTS!$I$6+INPUTS!$I$5-1)), INPUTS!$F$20/INPUTS!$I$5, 0) -> 0 | R46: 0 | S46: =IF(INPUTS!$I$8="Year Start", P46, IF(INPUTS!$I$8="Even Distribution", Q46, R46)) -> 0 | T46: {=IF(INPUTS!$C$24<>"Yes", 0, IFERROR(S46 / SUMPRODUCT(($O$19:$O$138=O46)*$S$19:$S$138) * INDEX($U$5:$U$14, O46), 0))} -> 0 | U46: =Z45 -> 0 | V46: =U46+T46 -> 0 | W46: =IF(N46>DEBT!$AH$14, 0, IF(V46=0, 0, IF(N46<=DEBT!$AH$15, V46*DEBT!$AH$12/12, PMT(DEBT!$AH$12/12, DEBT!$AH$13-N46+DEBT!$AH$15+1, -V46)))) -> 0 | X46: =IF(N46>DEBT!$AH$14, 0, V46*DEBT!$AH$12/12) -> 0 | Y46: =IF(N46>INPUTS!$C$26*12, 0, W46-X46) -> 0 | Z46: =IF(N46>DEBT!$AH$14, 0, V46-Y46) -> 0
G47: =C47*E47 -> 0 | N47: 29 | O47: 3 | P47: =IF(AND(N47>=INPUTS!$I$6, N47<=(INPUTS!$I$6+INPUTS!$I$5-1), MOD(N47-INPUTS!$I$6,12)=0), INPUTS!$F$20/CEILING(INPUTS!$I$5/12,1), 0) -> 0 | Q47: =IF(AND(N47>=INPUTS!$I$6, N47<=(INPUTS!$I$6+INPUTS!$I$5-1)), INPUTS!$F$20/INPUTS!$I$5, 0) -> 0 | R47: 0 | S47: =IF(INPUTS!$I$8="Year Start", P47, IF(INPUTS!$I$8="Even Distribution", Q47, R47)) -> 0 | T47: {=IF(INPUTS!$C$24<>"Yes", 0, IFERROR(S47 / SUMPRODUCT(($O$19:$O$138=O47)*$S$19:$S$138) * INDEX($U$5:$U$14, O47), 0))} -> 0 | U47: =Z46 -> 0 | V47: =U47+T47 -> 0 | W47: =IF(N47>DEBT!$AH$14, 0, IF(V47=0, 0, IF(N47<=DEBT!$AH$15, V47*DEBT!$AH$12/12, PMT(DEBT!$AH$12/12, DEBT!$AH$13-N47+DEBT!$AH$15+1, -V47)))) -> 0 | X47: =IF(N47>DEBT!$AH$14, 0, V47*DEBT!$AH$12/12) -> 0 | Y47: =IF(N47>INPUTS!$C$26*12, 0, W47-X47) -> 0 | Z47: =IF(N47>DEBT!$AH$14, 0, V47-Y47) -> 0
G48: =C48*E48 -> 0 | N48: 30 | O48: 3 | P48: =IF(AND(N48>=INPUTS!$I$6, N48<=(INPUTS!$I$6+INPUTS!$I$5-1), MOD(N48-INPUTS!$I$6,12)=0), INPUTS!$F$20/CEILING(INPUTS!$I$5/12,1), 0) -> 0 | Q48: =IF(AND(N48>=INPUTS!$I$6, N48<=(INPUTS!$I$6+INPUTS!$I$5-1)), INPUTS!$F$20/INPUTS!$I$5, 0) -> 0 | R48: 0 | S48: =IF(INPUTS!$I$8="Year Start", P48, IF(INPUTS!$I$8="Even Distribution", Q48, R48)) -> 0 | T48: {=IF(INPUTS!$C$24<>"Yes", 0, IFERROR(S48 / SUMPRODUCT(($O$19:$O$138=O48)*$S$19:$S$138) * INDEX($U$5:$U$14, O48), 0))} -> 0 | U48: =Z47 -> 0 | V48: =U48+T48 -> 0 | W48: =IF(N48>DEBT!$AH$14, 0, IF(V48=0, 0, IF(N48<=DEBT!$AH$15, V48*DEBT!$AH$12/12, PMT(DEBT!$AH$12/12, DEBT!$AH$13-N48+DEBT!$AH$15+1, -V48)))) -> 0 | X48: =IF(N48>DEBT!$AH$14, 0, V48*DEBT!$AH$12/12) -> 0 | Y48: =IF(N48>INPUTS!$C$26*12, 0, W48-X48) -> 0 | Z48: =IF(N48>DEBT!$AH$14, 0, V48-Y48) -> 0
G49: =C49*E49 -> 0 | N49: 31 | O49: 3 | P49: =IF(AND(N49>=INPUTS!$I$6, N49<=(INPUTS!$I$6+INPUTS!$I$5-1), MOD(N49-INPUTS!$I$6,12)=0), INPUTS!$F$20/CEILING(INPUTS!$I$5/12,1), 0) -> 0 | Q49: =IF(AND(N49>=INPUTS!$I$6, N49<=(INPUTS!$I$6+INPUTS!$I$5-1)), INPUTS!$F$20/INPUTS!$I$5, 0) -> 0 | R49: 0 | S49: =IF(INPUTS!$I$8="Year Start", P49, IF(INPUTS!$I$8="Even Distribution", Q49, R49)) -> 0 | T49: {=IF(INPUTS!$C$24<>"Yes", 0, IFERROR(S49 / SUMPRODUCT(($O$19:$O$138=O49)*$S$19:$S$138) * INDEX($U$5:$U$14, O49), 0))} -> 0 | U49: =Z48 -> 0 | V49: =U49+T49 -> 0 | W49: =IF(N49>DEBT!$AH$14, 0, IF(V49=0, 0, IF(N49<=DEBT!$AH$15, V49*DEBT!$AH$12/12, PMT(DEBT!$AH$12/12, DEBT!$AH$13-N49+DEBT!$AH$15+1, -V49)))) -> 0 | X49: =IF(N49>DEBT!$AH$14, 0, V49*DEBT!$AH$12/12) -> 0 | Y49: =IF(N49>INPUTS!$C$26*12, 0, W49-X49) -> 0 | Z49: =IF(N49>DEBT!$AH$14, 0, V49-Y49) -> 0
G50: =C50*E50 -> 0 | N50: 32 | O50: 3 | P50: =IF(AND(N50>=INPUTS!$I$6, N50<=(INPUTS!$I$6+INPUTS!$I$5-1), MOD(N50-INPUTS!$I$6,12)=0), INPUTS!$F$20/CEILING(INPUTS!$I$5/12,1), 0) -> 0 | Q50: =IF(AND(N50>=INPUTS!$I$6, N50<=(INPUTS!$I$6+INPUTS!$I$5-1)), INPUTS!$F$20/INPUTS!$I$5, 0) -> 0 | R50: 0 | S50: =IF(INPUTS!$I$8="Year Start", P50, IF(INPUTS!$I$8="Even Distribution", Q50, R50)) -> 0 | T50: {=IF(INPUTS!$C$24<>"Yes", 0, IFERROR(S50 / SUMPRODUCT(($O$19:$O$138=O50)*$S$19:$S$138) * INDEX($U$5:$U$14, O50), 0))} -> 0 | U50: =Z49 -> 0 | V50: =U50+T50 -> 0 | W50: =IF(N50>DEBT!$AH$14, 0, IF(V50=0, 0, IF(N50<=DEBT!$AH$15, V50*DEBT!$AH$12/12, PMT(DEBT!$AH$12/12, DEBT!$AH$13-N50+DEBT!$AH$15+1, -V50)))) -> 0 | X50: =IF(N50>DEBT!$AH$14, 0, V50*DEBT!$AH$12/12) -> 0 | Y50: =IF(N50>INPUTS!$C$26*12, 0, W50-X50) -> 0 | Z50: =IF(N50>DEBT!$AH$14, 0, V50-Y50) -> 0
... G64: =C64*E64 -> 0 | N64: 46 | O64: 4 | P64: =IF(AND(N64>=INPUTS!$I$6, N64<=(INPUTS!$I$6+INPUTS!$I$5-1), MOD(N64-INPUTS!$I$6,12)=0), INPUTS!$F$20/CEILING(INPUTS!$I$5/12,1), 0) -> 0 | Q64: =IF(AND(N64>=INPUTS!$I$6, N64<=(INPUTS!$I$6+INPUTS!$I$5-1)), INPUTS!$F$20/INPUTS!$I$5, 0) -> 0 | R64: 0 | S64: =IF(INPUTS!$I$8="Year Start", P64, IF(INPUTS!$I$8="Even Distribution", Q64, R64)) -> 0 | T64: {=IF(INPUTS!$C$24<>"Yes", 0, IFERROR(S64 / SUMPRODUCT(($O$19:$O$138=O64)*$S$19:$S$138) * INDEX($U$5:$U$14, O64), 0))} -> 0 | U64: =Z63 -> 0 | V64: =U64+T64 -> 0 | W64: =IF(N64>DEBT!$AH$14, 0, IF(V64=0, 0, IF(N64<=DEBT!$AH$15, V64*DEBT!$AH$12/12, PMT(DEBT!$AH$12/12, DEBT!$AH$13-N64+DEBT!$AH$15+1, -V64)))) -> 0 | X64: =IF(N64>DEBT!$AH$14, 0, V64*DEBT!$AH$12/12) -> 0 | Y64: =IF(N64>INPUTS!$C$26*12, 0, W64-X64) -> 0 | Z64: =IF(N64>DEBT!$AH$14, 0, V64-Y64) -> 0
B65: TOTAL EXTERIOR COSTS | G65: =SUM(G39:G64) -> 0 | N65: 47 | O65: 4 | P65: =IF(AND(N65>=INPUTS!$I$6, N65<=(INPUTS!$I$6+INPUTS!$I$5-1), MOD(N65-INPUTS!$I$6,12)=0), INPUTS!$F$20/CEILING(INPUTS!$I$5/12,1), 0) -> 0 | Q65: =IF(AND(N65>=INPUTS!$I$6, N65<=(INPUTS!$I$6+INPUTS!$I$5-1)), INPUTS!$F$20/INPUTS!$I$5, 0) -> 0 | R65: 0 | S65: =IF(INPUTS!$I$8="Year Start", P65, IF(INPUTS!$I$8="Even Distribution", Q65, R65)) -> 0 | T65: {=IF(INPUTS!$C$24<>"Yes", 0, IFERROR(S65 / SUMPRODUCT(($O$19:$O$138=O65)*$S$19:$S$138) * INDEX($U$5:$U$14, O65), 0))} -> 0 | U65: =Z64 -> 0 | V65: =U65+T65 -> 0 | W65: =IF(N65>DEBT!$AH$14, 0, IF(V65=0, 0, IF(N65<=DEBT!$AH$15, V65*DEBT!$AH$12/12, PMT(DEBT!$AH$12/12, DEBT!$AH$13-N65+DEBT!$AH$15+1, -V65)))) -> 0 | X65: =IF(N65>DEBT!$AH$14, 0, V65*DEBT!$AH$12/12) -> 0 | Y65: =IF(N65>INPUTS!$C$26*12, 0, W65-X65) -> 0 | Z65: =IF(N65>DEBT!$AH$14, 0, V65-Y65) -> 0
B66: Sub-Total of Renovation Costs | G66: =G65+G36 -> 0 | N66: 48 | O66: 4 | P66: =IF(AND(N66>=INPUTS!$I$6, N66<=(INPUTS!$I$6+INPUTS!$I$5-1), MOD(N66-INPUTS!$I$6,12)=0), INPUTS!$F$20/CEILING(INPUTS!$I$5/12,1), 0) -> 0 | Q66: =IF(AND(N66>=INPUTS!$I$6, N66<=(INPUTS!$I$6+INPUTS!$I$5-1)), INPUTS!$F$20/INPUTS!$I$5, 0) -> 0 | R66: 0 | S66: =IF(INPUTS!$I$8="Year Start", P66, IF(INPUTS!$I$8="Even Distribution", Q66, R66)) -> 0 | T66: {=IF(INPUTS!$C$24<>"Yes", 0, IFERROR(S66 / SUMPRODUCT(($O$19:$O$138=O66)*$S$19:$S$138) * INDEX($U$5:$U$14, O66), 0))} -> 0 | U66: =Z65 -> 0 | V66: =U66+T66 -> 0 | W66: =IF(N66>DEBT!$AH$14, 0, IF(V66=0, 0, IF(N66<=DEBT!$AH$15, V66*DEBT!$AH$12/12, PMT(DEBT!$AH$12/12, DEBT!$AH$13-N66+DEBT!$AH$15+1, -V66)))) -> 0 | X66: =IF(N66>DEBT!$AH$14, 0, V66*DEBT!$AH$12/12) -> 0 | Y66: =IF(N66>INPUTS!$C$26*12, 0, W66-X66) -> 0 | Z66: =IF(N66>DEBT!$AH$14, 0, V66-Y66) -> 0
B67: Reserves | C67: =INPUTS!F7 -> 0 | G67: =C67*(G36+G65) -> 0 | N67: 49 | O67: 5 | P67: =IF(AND(N67>=INPUTS!$I$6, N67<=(INPUTS!$I$6+INPUTS!$I$5-1), MOD(N67-INPUTS!$I$6,12)=0), INPUTS!$F$20/CEILING(INPUTS!$I$5/12,1), 0) -> 0 | Q67: =IF(AND(N67>=INPUTS!$I$6, N67<=(INPUTS!$I$6+INPUTS!$I$5-1)), INPUTS!$F$20/INPUTS!$I$5, 0) -> 0 | R67: 0 | S67: =IF(INPUTS!$I$8="Year Start", P67, IF(INPUTS!$I$8="Even Distribution", Q67, R67)) -> 0 | T67: {=IF(INPUTS!$C$24<>"Yes", 0, IFERROR(S67 / SUMPRODUCT(($O$19:$O$138=O67)*$S$19:$S$138) * INDEX($U$5:$U$14, O67), 0))} -> 0 | U67: =Z66 -> 0 | V67: =U67+T67 -> 0 | W67: =IF(N67>DEBT!$AH$14, 0, IF(V67=0, 0, IF(N67<=DEBT!$AH$15, V67*DEBT!$AH$12/12, PMT(DEBT!$AH$12/12, DEBT!$AH$13-N67+DEBT!$AH$15+1, -V67)))) -> 0 | X67: =IF(N67>DEBT!$AH$14, 0, V67*DEBT!$AH$12/12) -> 0 | Y67: =IF(N67>INPUTS!$C$26*12, 0, W67-X67) -> 0 | Z67: =IF(N67>DEBT!$AH$14, 0, V67-Y67) -> 0
B68: Construction Management Fee | C68: 0 | G68: =(G36+G65)*C68 -> 0 | N68: 50 | O68: 5 | P68: =IF(AND(N68>=INPUTS!$I$6, N68<=(INPUTS!$I$6+INPUTS!$I$5-1), MOD(N68-INPUTS!$I$6,12)=0), INPUTS!$F$20/CEILING(INPUTS!$I$5/12,1), 0) -> 0 | Q68: =IF(AND(N68>=INPUTS!$I$6, N68<=(INPUTS!$I$6+INPUTS!$I$5-1)), INPUTS!$F$20/INPUTS!$I$5, 0) -> 0 | R68: 0 | S68: =IF(INPUTS!$I$8="Year Start", P68, IF(INPUTS!$I$8="Even Distribution", Q68, R68)) -> 0 | T68: {=IF(INPUTS!$C$24<>"Yes", 0, IFERROR(S68 / SUMPRODUCT(($O$19:$O$138=O68)*$S$19:$S$138) * INDEX($U$5:$U$14, O68), 0))} -> 0 | U68: =Z67 -> 0 | V68: =U68+T68 -> 0 | W68: =IF(N68>DEBT!$AH$14, 0, IF(V68=0, 0, IF(N68<=DEBT!$AH$15, V68*DEBT!$AH$12/12, PMT(DEBT!$AH$12/12, DEBT!$AH$13-N68+DEBT!$AH$15+1, -V68)))) -> 0 | X68: =IF(N68>DEBT!$AH$14, 0, V68*DEBT!$AH$12/12) -> 0 | Y68: =IF(N68>INPUTS!$C$26*12, 0, W68-X68) -> 0 | Z68: =IF(N68>DEBT!$AH$14, 0, V68-Y68) -> 0
B69: TOTAL PIP COSTS | G69: =G66+G67+G68 -> 0 | N69: 51 | O69: 5 | P69: =IF(AND(N69>=INPUTS!$I$6, N69<=(INPUTS!$I$6+INPUTS!$I$5-1), MOD(N69-INPUTS!$I$6,12)=0), INPUTS!$F$20/CEILING(INPUTS!$I$5/12,1), 0) -> 0 | Q69: =IF(AND(N69>=INPUTS!$I$6, N69<=(INPUTS!$I$6+INPUTS!$I$5-1)), INPUTS!$F$20/INPUTS!$I$5, 0) -> 0 | R69: 0 | S69: =IF(INPUTS!$I$8="Year Start", P69, IF(INPUTS!$I$8="Even Distribution", Q69, R69)) -> 0 | T69: {=IF(INPUTS!$C$24<>"Yes", 0, IFERROR(S69 / SUMPRODUCT(($O$19:$O$138=O69)*$S$19:$S$138) * INDEX($U$5:$U$14, O69), 0))} -> 0 | U69: =Z68 -> 0 | V69: =U69+T69 -> 0 | W69: =IF(N69>DEBT!$AH$14, 0, IF(V69=0, 0, IF(N69<=DEBT!$AH$15, V69*DEBT!$AH$12/12, PMT(DEBT!$AH$12/12, DEBT!$AH$13-N69+DEBT!$AH$15+1, -V69)))) -> 0 | X69: =IF(N69>DEBT!$AH$14, 0, V69*DEBT!$AH$12/12) -> 0 | Y69: =IF(N69>INPUTS!$C$26*12, 0, W69-X69) -> 0 | Z69: =IF(N69>DEBT!$AH$14, 0, V69-Y69) -> 0
N70: 52 | O70: 5 | P70: =IF(AND(N70>=INPUTS!$I$6, N70<=(INPUTS!$I$6+INPUTS!$I$5-1), MOD(N70-INPUTS!$I$6,12)=0), INPUTS!$F$20/CEILING(INPUTS!$I$5/12,1), 0) -> 0 | Q70: =IF(AND(N70>=INPUTS!$I$6, N70<=(INPUTS!$I$6+INPUTS!$I$5-1)), INPUTS!$F$20/INPUTS!$I$5, 0) -> 0 | R70: 0 | S70: =IF(INPUTS!$I$8="Year Start", P70, IF(INPUTS!$I$8="Even Distribution", Q70, R70)) -> 0 | T70: {=IF(INPUTS!$C$24<>"Yes", 0, IFERROR(S70 / SUMPRODUCT(($O$19:$O$138=O70)*$S$19:$S$138) * INDEX($U$5:$U$14, O70), 0))} -> 0 | U70: =Z69 -> 0 | V70: =U70+T70 -> 0 | W70: =IF(N70>DEBT!$AH$14, 0, IF(V70=0, 0, IF(N70<=DEBT!$AH$15, V70*DEBT!$AH$12/12, PMT(DEBT!$AH$12/12, DEBT!$AH$13-N70+DEBT!$AH$15+1, -V70)))) -> 0 | X70: =IF(N70>DEBT!$AH$14, 0, V70*DEBT!$AH$12/12) -> 0 | Y70: =IF(N70>INPUTS!$C$26*12, 0, W70-X70) -> 0 | Z70: =IF(N70>DEBT!$AH$14, 0, V70-Y70) -> 0
N71: 53 | O71: 5 | P71: =IF(AND(N71>=INPUTS!$I$6, N71<=(INPUTS!$I$6+INPUTS!$I$5-1), MOD(N71-INPUTS!$I$6,12)=0), INPUTS!$F$20/CEILING(INPUTS!$I$5/12,1), 0) -> 0 | Q71: =IF(AND(N71>=INPUTS!$I$6, N71<=(INPUTS!$I$6+INPUTS!$I$5-1)), INPUTS!$F$20/INPUTS!$I$5, 0) -> 0 | R71: 0 | S71: =IF(INPUTS!$I$8="Year Start", P71, IF(INPUTS!$I$8="Even Distribution", Q71, R71)) -> 0 | T71: {=IF(INPUTS!$C$24<>"Yes", 0, IFERROR(S71 / SUMPRODUCT(($O$19:$O$138=O71)*$S$19:$S$138) * INDEX($U$5:$U$14, O71), 0))} -> 0 | U71: =Z70 -> 0 | V71: =U71+T71 -> 0 | W71: =IF(N71>DEBT!$AH$14, 0, IF(V71=0, 0, IF(N71<=DEBT!$AH$15, V71*DEBT!$AH$12/12, PMT(DEBT!$AH$12/12, DEBT!$AH$13-N71+DEBT!$AH$15+1, -V71)))) -> 0 | X71: =IF(N71>DEBT!$AH$14, 0, V71*DEBT!$AH$12/12) -> 0 | Y71: =IF(N71>INPUTS!$C$26*12, 0, W71-X71) -> 0 | Z71: =IF(N71>DEBT!$AH$14, 0, V71-Y71) -> 0
N72: 54 | O72: 5 | P72: =IF(AND(N72>=INPUTS!$I$6, N72<=(INPUTS!$I$6+INPUTS!$I$5-1), MOD(N72-INPUTS!$I$6,12)=0), INPUTS!$F$20/CEILING(INPUTS!$I$5/12,1), 0) -> 0 | Q72: =IF(AND(N72>=INPUTS!$I$6, N72<=(INPUTS!$I$6+INPUTS!$I$5-1)), INPUTS!$F$20/INPUTS!$I$5, 0) -> 0 | R72: 0 | S72: =IF(INPUTS!$I$8="Year Start", P72, IF(INPUTS!$I$8="Even Distribution", Q72, R72)) -> 0 | T72: {=IF(INPUTS!$C$24<>"Yes", 0, IFERROR(S72 / SUMPRODUCT(($O$19:$O$138=O72)*$S$19:$S$138) * INDEX($U$5:$U$14, O72), 0))} -> 0 | U72: =Z71 -> 0 | V72: =U72+T72 -> 0 | W72: =IF(N72>DEBT!$AH$14, 0, IF(V72=0, 0, IF(N72<=DEBT!$AH$15, V72*DEBT!$AH$12/12, PMT(DEBT!$AH$12/12, DEBT!$AH$13-N72+DEBT!$AH$15+1, -V72)))) -> 0 | X72: =IF(N72>DEBT!$AH$14, 0, V72*DEBT!$AH$12/12) -> 0 | Y72: =IF(N72>INPUTS!$C$26*12, 0, W72-X72) -> 0 | Z72: =IF(N72>DEBT!$AH$14, 0, V72-Y72) -> 0
N73: 55 | O73: 5 | P73: =IF(AND(N73>=INPUTS!$I$6, N73<=(INPUTS!$I$6+INPUTS!$I$5-1), MOD(N73-INPUTS!$I$6,12)=0), INPUTS!$F$20/CEILING(INPUTS!$I$5/12,1), 0) -> 0 | Q73: =IF(AND(N73>=INPUTS!$I$6, N73<=(INPUTS!$I$6+INPUTS!$I$5-1)), INPUTS!$F$20/INPUTS!$I$5, 0) -> 0 | R73: 0 | S73: =IF(INPUTS!$I$8="Year Start", P73, IF(INPUTS!$I$8="Even Distribution", Q73, R73)) -> 0 | T73: {=IF(INPUTS!$C$24<>"Yes", 0, IFERROR(S73 / SUMPRODUCT(($O$19:$O$138=O73)*$S$19:$S$138) * INDEX($U$5:$U$14, O73), 0))} -> 0 | U73: =Z72 -> 0 | V73: =U73+T73 -> 0 | W73: =IF(N73>DEBT!$AH$14, 0, IF(V73=0, 0, IF(N73<=DEBT!$AH$15, V73*DEBT!$AH$12/12, PMT(DEBT!$AH$12/12, DEBT!$AH$13-N73+DEBT!$AH$15+1, -V73)))) -> 0 | X73: =IF(N73>DEBT!$AH$14, 0, V73*DEBT!$AH$12/12) -> 0 | Y73: =IF(N73>INPUTS!$C$26*12, 0, W73-X73) -> 0 | Z73: =IF(N73>DEBT!$AH$14, 0, V73-Y73) -> 0
N74: 56 | O74: 5 | P74: =IF(AND(N74>=INPUTS!$I$6, N74<=(INPUTS!$I$6+INPUTS!$I$5-1), MOD(N74-INPUTS!$I$6,12)=0), INPUTS!$F$20/CEILING(INPUTS!$I$5/12,1), 0) -> 0 | Q74: =IF(AND(N74>=INPUTS!$I$6, N74<=(INPUTS!$I$6+INPUTS!$I$5-1)), INPUTS!$F$20/INPUTS!$I$5, 0) -> 0 | R74: 0 | S74: =IF(INPUTS!$I$8="Year Start", P74, IF(INPUTS!$I$8="Even Distribution", Q74, R74)) -> 0 | T74: {=IF(INPUTS!$C$24<>"Yes", 0, IFERROR(S74 / SUMPRODUCT(($O$19:$O$138=O74)*$S$19:$S$138) * INDEX($U$5:$U$14, O74), 0))} -> 0 | U74: =Z73 -> 0 | V74: =U74+T74 -> 0 | W74: =IF(N74>DEBT!$AH$14, 0, IF(V74=0, 0, IF(N74<=DEBT!$AH$15, V74*DEBT!$AH$12/12, PMT(DEBT!$AH$12/12, DEBT!$AH$13-N74+DEBT!$AH$15+1, -V74)))) -> 0 | X74: =IF(N74>DEBT!$AH$14, 0, V74*DEBT!$AH$12/12) -> 0 | Y74: =IF(N74>INPUTS!$C$26*12, 0, W74-X74) -> 0 | Z74: =IF(N74>DEBT!$AH$14, 0, V74-Y74) -> 0
N75: 57 | O75: 5 | P75: =IF(AND(N75>=INPUTS!$I$6, N75<=(INPUTS!$I$6+INPUTS!$I$5-1), MOD(N75-INPUTS!$I$6,12)=0), INPUTS!$F$20/CEILING(INPUTS!$I$5/12,1), 0) -> 0 | Q75: =IF(AND(N75>=INPUTS!$I$6, N75<=(INPUTS!$I$6+INPUTS!$I$5-1)), INPUTS!$F$20/INPUTS!$I$5, 0) -> 0 | R75: 0 | S75: =IF(INPUTS!$I$8="Year Start", P75, IF(INPUTS!$I$8="Even Distribution", Q75, R75)) -> 0 | T75: {=IF(INPUTS!$C$24<>"Yes", 0, IFERROR(S75 / SUMPRODUCT(($O$19:$O$138=O75)*$S$19:$S$138) * INDEX($U$5:$U$14, O75), 0))} -> 0 | U75: =Z74 -> 0 | V75: =U75+T75 -> 0 | W75: =IF(N75>DEBT!$AH$14, 0, IF(V75=0, 0, IF(N75<=DEBT!$AH$15, V75*DEBT!$AH$12/12, PMT(DEBT!$AH$12/12, DEBT!$AH$13-N75+DEBT!$AH$15+1, -V75)))) -> 0 | X75: =IF(N75>DEBT!$AH$14, 0, V75*DEBT!$AH$12/12) -> 0 | Y75: =IF(N75>INPUTS!$C$26*12, 0, W75-X75) -> 0 | Z75: =IF(N75>DEBT!$AH$14, 0, V75-Y75) -> 0
N76: 58 | O76: 5 | P76: =IF(AND(N76>=INPUTS!$I$6, N76<=(INPUTS!$I$6+INPUTS!$I$5-1), MOD(N76-INPUTS!$I$6,12)=0), INPUTS!$F$20/CEILING(INPUTS!$I$5/12,1), 0) -> 0 | Q76: =IF(AND(N76>=INPUTS!$I$6, N76<=(INPUTS!$I$6+INPUTS!$I$5-1)), INPUTS!$F$20/INPUTS!$I$5, 0) -> 0 | R76: 0 | S76: =IF(INPUTS!$I$8="Year Start", P76, IF(INPUTS!$I$8="Even Distribution", Q76, R76)) -> 0 | T76: {=IF(INPUTS!$C$24<>"Yes", 0, IFERROR(S76 / SUMPRODUCT(($O$19:$O$138=O76)*$S$19:$S$138) * INDEX($U$5:$U$14, O76), 0))} -> 0 | U76: =Z75 -> 0 | V76: =U76+T76 -> 0 | W76: =IF(N76>DEBT!$AH$14, 0, IF(V76=0, 0, IF(N76<=DEBT!$AH$15, V76*DEBT!$AH$12/12, PMT(DEBT!$AH$12/12, DEBT!$AH$13-N76+DEBT!$AH$15+1, -V76)))) -> 0 | X76: =IF(N76>DEBT!$AH$14, 0, V76*DEBT!$AH$12/12) -> 0 | Y76: =IF(N76>INPUTS!$C$26*12, 0, W76-X76) -> 0 | Z76: =IF(N76>DEBT!$AH$14, 0, V76-Y76) -> 0
N77: 59 | O77: 5 | P77: =IF(AND(N77>=INPUTS!$I$6, N77<=(INPUTS!$I$6+INPUTS!$I$5-1), MOD(N77-INPUTS!$I$6,12)=0), INPUTS!$F$20/CEILING(INPUTS!$I$5/12,1), 0) -> 0 | Q77: =IF(AND(N77>=INPUTS!$I$6, N77<=(INPUTS!$I$6+INPUTS!$I$5-1)), INPUTS!$F$20/INPUTS!$I$5, 0) -> 0 | R77: 0 | S77: =IF(INPUTS!$I$8="Year Start", P77, IF(INPUTS!$I$8="Even Distribution", Q77, R77)) -> 0 | T77: {=IF(INPUTS!$C$24<>"Yes", 0, IFERROR(S77 / SUMPRODUCT(($O$19:$O$138=O77)*$S$19:$S$138) * INDEX($U$5:$U$14, O77), 0))} -> 0 | U77: =Z76 -> 0 | V77: =U77+T77 -> 0 | W77: =IF(N77>DEBT!$AH$14, 0, IF(V77=0, 0, IF(N77<=DEBT!$AH$15, V77*DEBT!$AH$12/12, PMT(DEBT!$AH$12/12, DEBT!$AH$13-N77+DEBT!$AH$15+1, -V77)))) -> 0 | X77: =IF(N77>DEBT!$AH$14, 0, V77*DEBT!$AH$12/12) -> 0 | Y77: =IF(N77>INPUTS!$C$26*12, 0, W77-X77) -> 0 | Z77: =IF(N77>DEBT!$AH$14, 0, V77-Y77) -> 0
N78: 60 | O78: 5 | P78: =IF(AND(N78>=INPUTS!$I$6, N78<=(INPUTS!$I$6+INPUTS!$I$5-1), MOD(N78-INPUTS!$I$6,12)=0), INPUTS!$F$20/CEILING(INPUTS!$I$5/12,1), 0) -> 0 | Q78: =IF(AND(N78>=INPUTS!$I$6, N78<=(INPUTS!$I$6+INPUTS!$I$5-1)), INPUTS!$F$20/INPUTS!$I$5, 0) -> 0 | R78: 0 | S78: =IF(INPUTS!$I$8="Year Start", P78, IF(INPUTS!$I$8="Even Distribution", Q78, R78)) -> 0 | T78: {=IF(INPUTS!$C$24<>"Yes", 0, IFERROR(S78 / SUMPRODUCT(($O$19:$O$138=O78)*$S$19:$S$138) * INDEX($U$5:$U$14, O78), 0))} -> 0 | U78: =Z77 -> 0 | V78: =U78+T78 -> 0 | W78: =IF(N78>DEBT!$AH$14, 0, IF(V78=0, 0, IF(N78<=DEBT!$AH$15, V78*DEBT!$AH$12/12, PMT(DEBT!$AH$12/12, DEBT!$AH$13-N78+DEBT!$AH$15+1, -V78)))) -> 0 | X78: =IF(N78>DEBT!$AH$14, 0, V78*DEBT!$AH$12/12) -> 0 | Y78: =IF(N78>INPUTS!$C$26*12, 0, W78-X78) -> 0 | Z78: =IF(N78>DEBT!$AH$14, 0, V78-Y78) -> 0
N79: 61 | O79: 6 | P79: =IF(AND(N79>=INPUTS!$I$6, N79<=(INPUTS!$I$6+INPUTS!$I$5-1), MOD(N79-INPUTS!$I$6,12)=0), INPUTS!$F$20/CEILING(INPUTS!$I$5/12,1), 0) -> 0 | Q79: =IF(AND(N79>=INPUTS!$I$6, N79<=(INPUTS!$I$6+INPUTS!$I$5-1)), INPUTS!$F$20/INPUTS!$I$5, 0) -> 0 | R79: 0 | S79: =IF(INPUTS!$I$8="Year Start", P79, IF(INPUTS!$I$8="Even Distribution", Q79, R79)) -> 0 | T79: {=IF(INPUTS!$C$24<>"Yes", 0, IFERROR(S79 / SUMPRODUCT(($O$19:$O$138=O79)*$S$19:$S$138) * INDEX($U$5:$U$14, O79), 0))} -> 0 | U79: =Z78 -> 0 | V79: =U79+T79 -> 0 | W79: =IF(N79>DEBT!$AH$14, 0, IF(V79=0, 0, IF(N79<=DEBT!$AH$15, V79*DEBT!$AH$12/12, PMT(DEBT!$AH$12/12, DEBT!$AH$13-N79+DEBT!$AH$15+1, -V79)))) -> 0 | X79: =IF(N79>DEBT!$AH$14, 0, V79*DEBT!$AH$12/12) -> 0 | Y79: =IF(N79>INPUTS!$C$26*12, 0, W79-X79) -> 0 | Z79: =IF(N79>DEBT!$AH$14, 0, V79-Y79) -> 0
N80: 62 | O80: 6 | P80: =IF(AND(N80>=INPUTS!$I$6, N80<=(INPUTS!$I$6+INPUTS!$I$5-1), MOD(N80-INPUTS!$I$6,12)=0), INPUTS!$F$20/CEILING(INPUTS!$I$5/12,1), 0) -> 0 | Q80: =IF(AND(N80>=INPUTS!$I$6, N80<=(INPUTS!$I$6+INPUTS!$I$5-1)), INPUTS!$F$20/INPUTS!$I$5, 0) -> 0 | R80: 0 | S80: =IF(INPUTS!$I$8="Year Start", P80, IF(INPUTS!$I$8="Even Distribution", Q80, R80)) -> 0 | T80: {=IF(INPUTS!$C$24<>"Yes", 0, IFERROR(S80 / SUMPRODUCT(($O$19:$O$138=O80)*$S$19:$S$138) * INDEX($U$5:$U$14, O80), 0))} -> 0 | U80: =Z79 -> 0 | V80: =U80+T80 -> 0 | W80: =IF(N80>DEBT!$AH$14, 0, IF(V80=0, 0, IF(N80<=DEBT!$AH$15, V80*DEBT!$AH$12/12, PMT(DEBT!$AH$12/12, DEBT!$AH$13-N80+DEBT!$AH$15+1, -V80)))) -> 0 | X80: =IF(N80>DEBT!$AH$14, 0, V80*DEBT!$AH$12/12) -> 0 | Y80: =IF(N80>INPUTS!$C$26*12, 0, W80-X80) -> 0 | Z80: =IF(N80>DEBT!$AH$14, 0, V80-Y80) -> 0
N81: 63 | O81: 6 | P81: =IF(AND(N81>=INPUTS!$I$6, N81<=(INPUTS!$I$6+INPUTS!$I$5-1), MOD(N81-INPUTS!$I$6,12)=0), INPUTS!$F$20/CEILING(INPUTS!$I$5/12,1), 0) -> 0 | Q81: =IF(AND(N81>=INPUTS!$I$6, N81<=(INPUTS!$I$6+INPUTS!$I$5-1)), INPUTS!$F$20/INPUTS!$I$5, 0) -> 0 | R81: 0 | S81: =IF(INPUTS!$I$8="Year Start", P81, IF(INPUTS!$I$8="Even Distribution", Q81, R81)) -> 0 | T81: {=IF(INPUTS!$C$24<>"Yes", 0, IFERROR(S81 / SUMPRODUCT(($O$19:$O$138=O81)*$S$19:$S$138) * INDEX($U$5:$U$14, O81), 0))} -> 0 | U81: =Z80 -> 0 | V81: =U81+T81 -> 0 | W81: =IF(N81>DEBT!$AH$14, 0, IF(V81=0, 0, IF(N81<=DEBT!$AH$15, V81*DEBT!$AH$12/12, PMT(DEBT!$AH$12/12, DEBT!$AH$13-N81+DEBT!$AH$15+1, -V81)))) -> 0 | X81: =IF(N81>DEBT!$AH$14, 0, V81*DEBT!$AH$12/12) -> 0 | Y81: =IF(N81>INPUTS!$C$26*12, 0, W81-X81) -> 0 | Z81: =IF(N81>DEBT!$AH$14, 0, V81-Y81) -> 0
... N138: 120 | O138: 10 | P138: =IF(AND(N138>=INPUTS!$I$6, N138<=(INPUTS!$I$6+INPUTS!$I$5-1), MOD(N138-INPUTS!$I$6,12)=0), INPUTS!$F$20/CEILING(INPUTS!$I$5/12,1), 0) -> 0 | Q138: =IF(AND(N138>=INPUTS!$I$6, N138<=(INPUTS!$I$6+INPUTS!$I$5-1)), INPUTS!$F$20/INPUTS!$I$5, 0) -> 0 | R138: 0 | S138: =IF(INPUTS!$I$8="Year Start", P138, IF(INPUTS!$I$8="Even Distribution", Q138, R138)) -> 0 | T138: {=IF(INPUTS!$C$24<>"Yes", 0, IFERROR(S138 / SUMPRODUCT(($O$19:$O$138=O138)*$S$19:$S$138) * INDEX($U$5:$U$14, O138), 0))} -> 0 | U138: =Z137 -> 0 | V138: =U138+T138 -> 0 | W138: =IF(N138>DEBT!$AH$14, 0, IF(V138=0, 0, IF(N138<=DEBT!$AH$15, V138*DEBT!$AH$12/12, PMT(DEBT!$AH$12/12, DEBT!$AH$13-N138+DEBT!$AH$15+1, -V138)))) -> 0 | X138: =IF(N138>DEBT!$AH$14, 0, V138*DEBT!$AH$12/12) -> 0 | Y138: =IF(N138>INPUTS!$C$26*12, 0, W138-X138) -> 0 | Z138: =IF(N138>DEBT!$AH$14, 0, V138-Y138) -> 0

Sheet DIRTY P&L
B2: DIRTY P&L
B4: Description | F4: 2023 | G4: % of GR | I4: 2024 | J4: % of GR | L4: 2025 | M4: % of GR | O4: 2024 T12 | P4: % of GR | R4: 2025 T12 | S4: % of GR | U4: Adjustments | V4: =L4 -> 2025 | W4: % of GR | X4: Comments
B6: P&L
B7: INCOME | X7: MAKE ALL ADJUSTMENTS FOR PRIOR YEARS DIRECTLY IN THE COLUMN
G8: =IFERROR(F8/$F$29,0) -> 0 | J8: =I8/$I$29 -> #DIV/0! | M8: =L8/$L$29 -> #DIV/0! | P8: =IFERROR(O8/$O$29,0) -> 0 | S8: =IFERROR(R8/$R$29,0) -> 0 | V8: =U8+L8 -> 0 | W8: =V8/$V$29 -> #DIV/0!
G9: =IFERROR(F9/$F$29,0) -> 0 | J9: =I9/$I$29 -> #DIV/0! | M9: =L9/$L$29 -> #DIV/0! | P9: =IFERROR(O9/$O$29,0) -> 0 | S9: =IFERROR(R9/$R$29,0) -> 0 | V9: =U9+L9 -> 0 | W9: =V9/$V$29 -> #DIV/0!
G10: =IFERROR(F10/$F$29,0) -> 0 | J10: =I10/$I$29 -> #DIV/0! | M10: =L10/$L$29 -> #DIV/0! | P10: =IFERROR(O10/$O$29,0) -> 0 | S10: =IFERROR(R10/$R$29,0) -> 0 | V10: =U10+L10 -> 0 | W10: =V10/$V$29 -> #DIV/0!
G11: =IFERROR(F11/$F$29,0) -> 0 | J11: =I11/$I$29 -> #DIV/0! | M11: =L11/$L$29 -> #DIV/0! | P11: =IFERROR(O11/$O$29,0) -> 0 | S11: =IFERROR(R11/$R$29,0) -> 0 | V11: =U11+L11 -> 0 | W11: =V11/$V$29 -> #DIV/0!
G12: =IFERROR(F12/$F$29,0) -> 0 | J12: =I12/$I$29 -> #DIV/0! | M12: =L12/$L$29 -> #DIV/0! | P12: =IFERROR(O12/$O$29,0) -> 0 | S12: =IFERROR(R12/$R$29,0) -> 0 | V12: =R12+U12 -> 0 | W12: =V12/$V$29 -> #DIV/0!
G13: =IFERROR(F13/$F$29,0) -> 0 | J13: =I13/$I$29 -> #DIV/0! | M13: =L13/$L$29 -> #DIV/0! | P13: =IFERROR(O13/$O$29,0) -> 0 | S13: =IFERROR(R13/$R$29,0) -> 0 | V13: =R13+U13 -> 0 | W13: =V13/$V$29 -> #DIV/0!
G14: =IFERROR(F14/$F$29,0) -> 0 | J14: =I14/$I$29 -> #DIV/0! | M14: =L14/$L$29 -> #DIV/0! | P14: =IFERROR(O14/$O$29,0) -> 0 | S14: =IFERROR(R14/$R$29,0) -> 0 | V14: =R14+U14 -> 0 | W14: =V14/$V$29 -> #DIV/0!
G15: =IFERROR(F15/$F$29,0) -> 0 | J15: =I15/$I$29 -> #DIV/0! | M15: =L15/$L$29 -> #DIV/0! | P15: =IFERROR(O15/$O$29,0) -> 0 | S15: =IFERROR(R15/$R$29,0) -> 0 | V15: =R15+U15 -> 0 | W15: =V15/$V$29 -> #DIV/0!
G16: =IFERROR(F16/$F$29,0) -> 0 | J16: =I16/$I$29 -> #DIV/0! | M16: =L16/$L$29 -> #DIV/0! | P16: =IFERROR(O16/$O$29,0) -> 0 | S16: =IFERROR(R16/$R$29,0) -> 0 | V16: =R16+U16 -> 0 | W16: =V16/$V$29 -> #DIV/0!
G17: =IFERROR(F17/$F$29,0) -> 0 | J17: =I17/$I$29 -> #DIV/0! | M17: =L17/$L$29 -> #DIV/0! | P17: =IFERROR(O17/$O$29,0) -> 0 | S17: =IFERROR(R17/$R$29,0) -> 0 | V17: =R17+U17 -> 0 | W17: =V17/$V$29 -> #DIV/0!
G18: =IFERROR(F18/$F$29,0) -> 0 | J18: =I18/$I$29 -> #DIV/0! | M18: =L18/$L$29 -> #DIV/0! | P18: =IFERROR(O18/$O$29,0) -> 0 | S18: =IFERROR(R18/$R$29,0) -> 0 | V18: =R18+U18 -> 0 | W18: =V18/$V$29 -> #DIV/0!
G19: =IFERROR(F19/$F$29,0) -> 0 | J19: =I19/$I$29 -> #DIV/0! | M19: =L19/$L$29 -> #DIV/0! | P19: =IFERROR(O19/$O$29,0) -> 0 | S19: =IFERROR(R19/$R$29,0) -> 0 | V19: =R19+U19 -> 0 | W19: =V19/$V$29 -> #DIV/0!
G20: =IFERROR(F20/$F$29,0) -> 0 | J20: =I20/$I$29 -> #DIV/0! | M20: =L20/$L$29 -> #DIV/0! | P20: =IFERROR(O20/$O$29,0) -> 0 | S20: =IFERROR(R20/$R$29,0) -> 0 | V20: =R20+U20 -> 0 | W20: =V20/$V$29 -> #DIV/0!
G21: =IFERROR(F21/$F$29,0) -> 0 | J21: =I21/$I$29 -> #DIV/0! | M21: =L21/$L$29 -> #DIV/0! | P21: =IFERROR(O21/$O$29,0) -> 0 | S21: =IFERROR(R21/$R$29,0) -> 0 | V21: =R21+U21 -> 0 | W21: =V21/$V$29 -> #DIV/0!
G22: =IFERROR(F22/$F$29,0) -> 0 | J22: =I22/$I$29 -> #DIV/0! | M22: =L22/$L$29 -> #DIV/0! | P22: =IFERROR(O22/$O$29,0) -> 0 | S22: =IFERROR(R22/$R$29,0) -> 0 | V22: =R22+U22 -> 0 | W22: =V22/$V$29 -> #DIV/0!
G23: =IFERROR(F23/$F$29,0) -> 0 | J23: =I23/$I$29 -> #DIV/0! | M23: =L23/$L$29 -> #DIV/0! | P23: =IFERROR(O23/$O$29,0) -> 0 | S23: =IFERROR(R23/$R$29,0) -> 0 | V23: =R23+U23 -> 0 | W23: =V23/$V$29 -> #DIV/0!
... G28: =IFERROR(F28/$F$29,0) -> 0 | J28: =I28/$I$29 -> #DIV/0! | M28: =L28/$L$29 -> #DIV/0! | P28: =IFERROR(O28/$O$29,0) -> 0 | S28: =IFERROR(R28/$R$29,0) -> 0 | V28: =R28+U28 -> 0 | W28: =V28/$V$29 -> #DIV/0!
B29: Total Income | F29: =SUM(F7:F28) -> 0 | G29: =IFERROR(F29/(F8+F9),0) -> 0 | I29: =SUM(I7:I28) -> 0 | J29: =I29/(I8+I9) -> #DIV/0! | L29: =SUM(L7:L28) -> 0 | M29: =L29/(L8+L9) -> #DIV/0! | O29: =SUM(O7:O28) -> 0 | R29: =SUM(R7:R28) -> 0 | V29: =SUM(V7:V28) -> 0 | W29: =V29/(V8+V9) -> #DIV/0!
B31: EXPENSES
G32: =IFERROR(F32/$F$29,0) -> 0 | J32: =I32/$I$29 -> #DIV/0! | M32: =L32/$L$29 -> #DIV/0! | P32: =IFERROR(O32/$O$29,0) -> 0 | S32: =IFERROR(R32/$R$29,0) -> 0 | V32: =U32+L32 -> 0 | W32: =V32/$V$29 -> #DIV/0!
G33: =IFERROR(F33/$F$29,0) -> 0 | J33: =I33/$I$29 -> #DIV/0! | M33: =L33/$L$29 -> #DIV/0! | P33: =IFERROR(O33/$O$29,0) -> 0 | S33: =IFERROR(R33/$R$29,0) -> 0 | V33: =U33+L33 -> 0 | W33: =V33/$V$29 -> #DIV/0!
G34: =IFERROR(F34/$F$29,0) -> 0 | J34: =I34/$I$29 -> #DIV/0! | M34: =L34/$L$29 -> #DIV/0! | P34: =IFERROR(O34/$O$29,0) -> 0 | S34: =IFERROR(R34/$R$29,0) -> 0 | V34: =U34+L34 -> 0 | W34: =V34/$V$29 -> #DIV/0!
G35: =IFERROR(F35/$F$29,0) -> 0 | J35: =I35/$I$29 -> #DIV/0! | M35: =L35/$L$29 -> #DIV/0! | P35: =IFERROR(O35/$O$29,0) -> 0 | S35: =IFERROR(R35/$R$29,0) -> 0 | V35: =U35+L35 -> 0 | W35: =V35/$V$29 -> #DIV/0!
G36: =IFERROR(F36/$F$29,0) -> 0 | J36: =I36/$I$29 -> #DIV/0! | M36: =L36/$L$29 -> #DIV/0! | P36: =IFERROR(O36/$O$29,0) -> 0 | S36: =IFERROR(R36/$R$29,0) -> 0 | V36: =U36+L36 -> 0 | W36: =V36/$V$29 -> #DIV/0!
G37: =IFERROR(F37/$F$29,0) -> 0 | J37: =I37/$I$29 -> #DIV/0! | M37: =L37/$L$29 -> #DIV/0! | P37: =IFERROR(O37/$O$29,0) -> 0 | S37: =IFERROR(R37/$R$29,0) -> 0 | V37: =U37+L37 -> 0 | W37: =V37/$V$29 -> #DIV/0!
G38: =IFERROR(F38/$F$29,0) -> 0 | J38: =I38/$I$29 -> #DIV/0! | M38: =L38/$L$29 -> #DIV/0! | P38: =IFERROR(O38/$O$29,0) -> 0 | S38: =IFERROR(R38/$R$29,0) -> 0 | V38: =U38+L38 -> 0 | W38: =V38/$V$29 -> #DIV/0!
G39: =IFERROR(F39/$F$29,0) -> 0 | J39: =I39/$I$29 -> #DIV/0! | M39: =L39/$L$29 -> #DIV/0! | P39: =IFERROR(O39/$O$29,0) -> 0 | S39: =IFERROR(R39/$R$29,0) -> 0 | V39: =U39+L39 -> 0 | W39: =V39/$V$29 -> #DIV/0!
G40: =IFERROR(F40/$F$29,0) -> 0 | J40: =I40/$I$29 -> #DIV/0! | M40: =L40/$L$29 -> #DIV/0! | P40: =IFERROR(O40/$O$29,0) -> 0 | S40: =IFERROR(R40/$R$29,0) -> 0 | V40: =U40+L40 -> 0 | W40: =V40/$V$29 -> #DIV/0!
G41: =IFERROR(F41/$F$29,0) -> 0 | J41: =I41/$I$29 -> #DIV/0! | M41: =L41/$L$29 -> #DIV/0! | P41: =IFERROR(O41/$O$29,0) -> 0 | S41: =IFERROR(R41/$R$29,0) -> 0 | V41: =U41+L41 -> 0 | W41: =V41/$V$29 -> #DIV/0!
G42: =IFERROR(F42/$F$29,0) -> 0 | J42: =I42/$I$29 -> #DIV/0! | M42: =L42/$L$29 -> #DIV/0! | P42: =IFERROR(O42/$O$29,0) -> 0 | S42: =IFERROR(R42/$R$29,0) -> 0 | V42: =U42+L42 -> 0 | W42: =V42/$V$29 -> #DIV/0!
G43: =IFERROR(F43/$F$29,0) -> 0 | J43: =I43/$I$29 -> #DIV/0! | M43: =L43/$L$29 -> #DIV/0! | P43: =IFERROR(O43/$O$29,0) -> 0 | S43: =IFERROR(R43/$R$29,0) -> 0 | V43: =U43+L43 -> 0 | W43: =V43/$V$29 -> #DIV/0!
... G173: =IFERROR(F173/$F$29,0) -> 0 | J173: =I173/$I$29 -> #DIV/0! | M173: =L173/$L$29 -> #DIV/0! | P173: =IFERROR(O173/$O$29,0) -> 0 | S173: =IFERROR(R173/$R$29,0) -> 0 | V173: =U173+L173 -> 0 | W173: =V173/$V$29 -> #DIV/0!
B174: Total Expenses | F174: =SUM(F32:F173) -> 0 | G174: =IFERROR(F174/F171,0) -> 0 | I174: =SUM(I32:I173) -> 0 | J174: =IFERROR(I174/I171,0) -> 0 | L174: =SUM(L32:L173) -> 0 | M174: =IFERROR(L174/L171,0) -> 0 | O174: =SUM(O32:O173) -> 0 | P174: =IFERROR(O174/O171,0) -> 0 | R174: =SUM(R32:R173) -> 0 | S174: =IFERROR(R174/R171,0) -> 0 | U174: =SUM(U32:U173) -> 0 | V174: =SUM(V32:V173) -> 0 | W174: =IFERROR(V174/V171,0) -> 0
B176: EBITDA | F176: =F29-F174 -> 0 | G176: =IFERROR(F176/F29,0) -> 0 | I176: =I29-I174 -> 0 | J176: =I176/I29 -> #DIV/0! | L176: =L29-L174 -> 0 | M176: =L176/L29 -> #DIV/0! | O176: =O29-O174 -> 0 | P176: =IFERROR(O176/O29,0) -> 0 | R176: =R29-R174 -> 0 | S176: =IFERROR(R176/R29,0) -> 0 | V176: =V29-V174 -> 0 | W176: =V176/V29 -> #DIV/0!
B178: Capital Reserves | F178: =G178*F29 -> 0 | G178: =IFERROR($W$178,0) -> 0 | I178: =J178*I29 -> 0 | J178: =$W$178 -> 0 | L178: =M178*L29 -> 0 | M178: =$W$178 -> 0 | P178: =IFERROR($W$178,0) -> 0 | S178: =IFERROR($W$178,0) -> 0 | V178: =W178*V29 -> 0 | W178: 0
B179: Management Fee | F179: =G179*F29 -> 0 | G179: =IFERROR($W$179,0) -> 0 | I179: =J179*I29 -> 0 | J179: =$W$179 -> 0 | L179: =M179*L29 -> 0 | M179: =$W$179 -> 0 | P179: =IFERROR($W$179,0) -> 0 | S179: =IFERROR($W$179,0) -> 0 | V179: =W179*V29 -> 0 | W179: =INPUTS!F14 -> 0
B181: NOI | F181: =F176-(F178+F179) -> 0 | G181: =IFERROR(F181/F29,0) -> 0 | I181: =I176-(I178+I179) -> 0 | J181: =I181/I29 -> #DIV/0! | L181: =L176-(L178+L179) -> 0 | M181: =L181/L29 -> #DIV/0! | V181: =V176-(V178+V179) -> 0 | W181: =V181/V29 -> #DIV/0!

Sheet ALLOCATION
B2: ALLOCATION
F3: column F can be hidden
B4: Description | C4: ='DIRTY P&L'!F4 -> 2023 | D4: ='DIRTY P&L'!I4 -> 2024 | E4: ='DIRTY P&L'!L4 -> 2025 | F4: ='DIRTY P&L'!U4 -> Adjustments | G4: ='DIRTY P&L'!V4 -> 2025 | I4: Code | K4: Departments
B5: INCOME | K5: INCOME | L5: Code | M5: =C4 -> 2023 | O5: =D4 -> 2024 | Q5: =G4 -> 2025
B6: ='DIRTY P&L'!B8 -> 0 | C6: ='DIRTY P&L'!F8 -> 0 | D6: ='DIRTY P&L'!I8 -> 0 | E6: ='DIRTY P&L'!L8 -> 0 | F6: ='DIRTY P&L'!U8 -> 0 | G6: ='DIRTY P&L'!V8 -> 0 | K6: Room Revenue | L6: RM | M6: =SUMIF(I$6:I$26,L6,C$6:C$26) -> 0 | O6: =SUMIF(I$6:I$26,L6,D$6:D$26) -> 0 | Q6: =SUMIF(I$6:I$26,L6,G$6:G$26) -> 0
B7: ='DIRTY P&L'!B9 -> 0 | C7: ='DIRTY P&L'!F9 -> 0 | D7: ='DIRTY P&L'!I9 -> 0 | E7: ='DIRTY P&L'!L9 -> 0 | F7: ='DIRTY P&L'!U9 -> 0 | G7: ='DIRTY P&L'!V9 -> 0 | K7: Food & Beverage | L7: FB | M7: =SUMIF(I$6:I$26,L7,C$6:C$26) -> 0 | O7: =SUMIF(I$6:I$26,L7,D$6:D$26) -> 0 | Q7: =SUMIF(I$6:I$26,L7,G$6:G$26) -> 0
B8: ='DIRTY P&L'!B10 -> 0 | C8: ='DIRTY P&L'!F10 -> 0 | D8: ='DIRTY P&L'!I10 -> 0 | E8: ='DIRTY P&L'!L10 -> 0 | F8: ='DIRTY P&L'!U10 -> 0 | G8: ='DIRTY P&L'!V10 -> 0 | K8: Other Income | L8: OI | M8: =SUMIF(I$6:I$26,L8,C$6:C$26) -> 0 | O8: =SUMIF(I$6:I$26,L8,D$6:D$26) -> 0 | Q8: =SUMIF(I$6:I$26,L8,G$6:G$26) -> 0
B9: ='DIRTY P&L'!B11 -> 0 | C9: ='DIRTY P&L'!F11 -> 0 | D9: ='DIRTY P&L'!I11 -> 0 | E9: ='DIRTY P&L'!L11 -> 0 | F9: ='DIRTY P&L'!U11 -> 0 | G9: ='DIRTY P&L'!V11 -> 0 | K9: Other Operated Depts. | L9: OT | M9: =SUMIF(I$6:I$26,L9,C$6:C$26) -> 0 | O9: =SUMIF(I$6:I$26,L9,D$6:D$26) -> 0 | Q9: =SUMIF(I$6:I$26,L9,G$6:G$26) -> 0
K10: Custom | L10: X | M10: =SUMIF(I$6:I$26,L10,C$6:C$26) -> 0 | O10: =SUMIF(I$6:I$26,L10,D$6:D$26) -> 0 | Q10: =SUMIF(I$6:I$26,L10,G$6:G$26) -> 0
B27: EXPENSES | K27: EXPENSES
B28: ='DIRTY P&L'!B32 -> 0 | C28: ='DIRTY P&L'!F32 -> 0 | D28: ='DIRTY P&L'!I32 -> 0 | E28: ='DIRTY P&L'!L32 -> 0 | F28: ='DIRTY P&L'!U32 -> 0 | G28: ='DIRTY P&L'!V32 -> 0 | K28: Rooms | L28: RME | M28: =SUMIF(I$28:I$169,L28,C$28:C$169) -> 0 | O28: =SUMIF(I$28:I$169,L28,D$28:D$169) -> 0 | Q28: =SUMIF(I$28:I$169,L28,G$28:G$169) -> 0
B29: ='DIRTY P&L'!B33 -> 0 | C29: ='DIRTY P&L'!F33 -> 0 | D29: ='DIRTY P&L'!I33 -> 0 | E29: ='DIRTY P&L'!L33 -> 0 | F29: ='DIRTY P&L'!U33 -> 0 | G29: ='DIRTY P&L'!V33 -> 0 | K29: Food & Beverage | L29: FBE | M29: =SUMIF(I$28:I$169,L29,C$28:C$169) -> 0 | O29: =SUMIF(I$28:I$169,L29,D$28:D$169) -> 0 | Q29: =SUMIF(I$28:I$169,L29,G$28:G$169) -> 0
B30: ='DIRTY P&L'!B34 -> 0 | C30: ='DIRTY P&L'!F34 -> 0 | D30: ='DIRTY P&L'!I34 -> 0 | E30: ='DIRTY P&L'!L34 -> 0 | F30: ='DIRTY P&L'!U34 -> 0 | G30: ='DIRTY P&L'!V34 -> 0 | K30: Custom | L30: X | M30: =SUMIF(I$28:I$169,L30,C$28:C$169) -> 0 | O30: =SUMIF(I$28:I$169,L30,D$28:D$169) -> 0 | Q30: =SUMIF(I$28:I$169,L30,G$28:G$169) -> 0
B31: ='DIRTY P&L'!B35 -> 0 | C31: ='DIRTY P&L'!F35 -> 0 | D31: ='DIRTY P&L'!I35 -> 0 | E31: ='DIRTY P&L'!L35 -> 0 | F31: ='DIRTY P&L'!U35 -> 0 | G31: ='DIRTY P&L'!V35 -> 0 | K31: Payroll | L31: PR | M31: =SUMIF(I$28:I$169,L31,C$28:C$169) -> 0 | O31: =SUMIF(I$28:I$169,L31,D$28:D$169) -> 0 | Q31: =SUMIF(I$28:I$169,L31,G$28:G$169) -> 0
B32: ='DIRTY P&L'!B36 -> 0 | C32: ='DIRTY P&L'!F36 -> 0 | D32: ='DIRTY P&L'!I36 -> 0 | E32: ='DIRTY P&L'!L36 -> 0 | F32: ='DIRTY P&L'!U36 -> 0 | G32: ='DIRTY P&L'!V36 -> 0 | K32: Administrative & General | L32: AG | M32: =SUMIF(I$28:I$169,L32,C$28:C$169) -> 0 | O32: =SUMIF(I$28:I$169,L32,D$28:D$169) -> 0 | Q32: =SUMIF(I$28:I$169,L32,G$28:G$169) -> 0
B33: ='DIRTY P&L'!B37 -> 0 | C33: ='DIRTY P&L'!F37 -> 0 | D33: ='DIRTY P&L'!I37 -> 0 | E33: ='DIRTY P&L'!L37 -> 0 | F33: ='DIRTY P&L'!U37 -> 0 | G33: ='DIRTY P&L'!V37 -> 0 | K33: A&G Credit Card Comm | L33: AGC | M33: =SUMIF(I$28:I$169,L33,C$28:C$169) -> 0 | O33: =SUMIF(I$28:I$169,L33,D$28:D$169) -> 0 | Q33: =SUMIF(I$28:I$169,L33,G$28:G$169) -> 0
B34: ='DIRTY P&L'!B38 -> 0 | C34: ='DIRTY P&L'!F38 -> 0 | D34: ='DIRTY P&L'!I38 -> 0 | E34: ='DIRTY P&L'!L38 -> 0 | F34: ='DIRTY P&L'!U38 -> 0 | G34: ='DIRTY P&L'!V38 -> 0 | K34: Sales & Marketing | L34: SM | M34: =SUMIF(I$28:I$169,L34,C$28:C$169) -> 0 | O34: =SUMIF(I$28:I$169,L34,D$28:D$169) -> 0 | Q34: =SUMIF(I$28:I$169,L34,G$28:G$169) -> 0
B35: ='DIRTY P&L'!B39 -> 0 | C35: ='DIRTY P&L'!F39 -> 0 | D35: ='DIRTY P&L'!I39 -> 0 | E35: ='DIRTY P&L'!L39 -> 0 | F35: ='DIRTY P&L'!U39 -> 0 | G35: ='DIRTY P&L'!V39 -> 0 | K35: Franchise Fees | L35: FF | M35: =SUMIF(I$28:I$169,L35,C$28:C$169) -> 0 | O35: =SUMIF(I$28:I$169,L35,D$28:D$169) -> 0 | Q35: =SUMIF(I$28:I$169,L35,G$28:G$169) -> 0
B36: ='DIRTY P&L'!B40 -> 0 | C36: ='DIRTY P&L'!F40 -> 0 | D36: ='DIRTY P&L'!I40 -> 0 | E36: ='DIRTY P&L'!L40 -> 0 | F36: ='DIRTY P&L'!U40 -> 0 | G36: ='DIRTY P&L'!V40 -> 0 | K36: Utilities | L36: UT | M36: =SUMIF(I$28:I$169,L36,C$28:C$169) -> 0 | O36: =SUMIF(I$28:I$169,L36,D$28:D$169) -> 0 | Q36: =SUMIF(I$28:I$169,L36,G$28:G$169) -> 0
B37: ='DIRTY P&L'!B41 -> 0 | C37: ='DIRTY P&L'!F41 -> 0 | D37: ='DIRTY P&L'!I41 -> 0 | E37: ='DIRTY P&L'!L41 -> 0 | F37: ='DIRTY P&L'!U41 -> 0 | G37: ='DIRTY P&L'!V41 -> 0 | K37: Property Operations & Maintenance | L37: PM | M37: =SUMIF(I$28:I$169,L37,C$28:C$169) -> 0 | O37: =SUMIF(I$28:I$169,L37,D$28:D$169) -> 0 | Q37: =SUMIF(I$28:I$169,L37,G$28:G$169) -> 0
B38: ='DIRTY P&L'!B42 -> 0 | C38: ='DIRTY P&L'!F42 -> 0 | D38: ='DIRTY P&L'!I42 -> 0 | E38: ='DIRTY P&L'!L42 -> 0 | F38: ='DIRTY P&L'!U42 -> 0 | G38: ='DIRTY P&L'!V42 -> 0 | K38: Info & Telecom Systems | L38: IT | M38: =SUMIF(I$28:I$169,L38,C$28:C$169) -> 0 | O38: =SUMIF(I$28:I$169,L38,D$28:D$169) -> 0 | Q38: =SUMIF(I$28:I$169,L38,G$28:G$169) -> 0
B39: ='DIRTY P&L'!B43 -> 0 | C39: ='DIRTY P&L'!F43 -> 0 | D39: ='DIRTY P&L'!I43 -> 0 | E39: ='DIRTY P&L'!L43 -> 0 | F39: ='DIRTY P&L'!U43 -> 0 | G39: ='DIRTY P&L'!V43 -> 0 | K39: Property Taxes | L39: PT | M39: =SUMIF(I$28:I$169,L39,C$28:C$169) -> 0 | O39: =SUMIF(I$28:I$169,L39,D$28:D$169) -> 0 | Q39: =SUMIF(I$28:I$169,L39,G$28:G$169) -> 0
... B43: ='DIRTY P&L'!B47 -> 0 | C43: ='DIRTY P&L'!F47 -> 0 | D43: ='DIRTY P&L'!I47 -> 0 | E43: ='DIRTY P&L'!L47 -> 0 | F43: ='DIRTY P&L'!U47 -> 0 | G43: ='DIRTY P&L'!V47 -> 0 | K43: Custom | L43: X | M43: =SUMIF(I$28:I$169,L43,C$28:C$169) -> 0 | O43: =SUMIF(I$28:I$169,L43,D$28:D$169) -> 0 | Q43: =SUMIF(I$28:I$169,L43,G$28:G$169) -> 0
B44: ='DIRTY P&L'!B48 -> 0 | C44: ='DIRTY P&L'!F48 -> 0 | D44: ='DIRTY P&L'!I48 -> 0 | E44: ='DIRTY P&L'!L48 -> 0 | F44: ='DIRTY P&L'!U48 -> 0 | G44: ='DIRTY P&L'!V48 -> 0 | K44: NOI Before Reserves & Management | M44: =SUM(M6:M26)-SUM(M28:M43) -> 0 | O44: =SUM(O6:O26)-SUM(O28:O43) -> 0 | Q44: =SUM(Q6:Q26)-SUM(Q28:Q43) -> 0
B45: ='DIRTY P&L'!B49 -> 0 | C45: ='DIRTY P&L'!F49 -> 0 | D45: ='DIRTY P&L'!I49 -> 0 | E45: ='DIRTY P&L'!L49 -> 0 | F45: ='DIRTY P&L'!U49 -> 0 | G45: ='DIRTY P&L'!V49 -> 0 | K45: Reserves | M45: =SUM(M6:M26)*$R$45 -> 0 | O45: =SUM(O6:O26)*$R$45 -> 0 | Q45: =SUM(Q6:Q26)*$R$45 -> 0 | R45: ='DIRTY P&L'!W178 -> 0
B46: ='DIRTY P&L'!B50 -> 0 | C46: ='DIRTY P&L'!F50 -> 0 | D46: ='DIRTY P&L'!I50 -> 0 | E46: ='DIRTY P&L'!L50 -> 0 | F46: ='DIRTY P&L'!U50 -> 0 | G46: ='DIRTY P&L'!V50 -> 0 | K46: Management | M46: =SUM(M6:M26)*$R$46 -> 0 | O46: =SUM(O6:O26)*$R$46 -> 0 | Q46: =SUM(Q6:Q26)*$R$46 -> 0 | R46: ='DIRTY P&L'!W179 -> 0
B47: ='DIRTY P&L'!B51 -> 0 | C47: ='DIRTY P&L'!F51 -> 0 | D47: ='DIRTY P&L'!I51 -> 0 | E47: ='DIRTY P&L'!L51 -> 0 | F47: ='DIRTY P&L'!U51 -> 0 | G47: ='DIRTY P&L'!V51 -> 0 | K47: NOI | M47: =M44-SUM(M45:M46) -> 0 | O47: =O44-SUM(O45:O46) -> 0 | Q47: =Q44-SUM(Q45:Q46) -> 0
B48: ='DIRTY P&L'!B52 -> 0 | C48: ='DIRTY P&L'!F52 -> 0 | D48: ='DIRTY P&L'!I52 -> 0 | E48: ='DIRTY P&L'!L52 -> 0 | F48: ='DIRTY P&L'!U52 -> 0 | G48: ='DIRTY P&L'!V52 -> 0
B49: ='DIRTY P&L'!B53 -> 0 | C49: ='DIRTY P&L'!F53 -> 0 | D49: ='DIRTY P&L'!I53 -> 0 | E49: ='DIRTY P&L'!L53 -> 0 | F49: ='DIRTY P&L'!U53 -> 0 | G49: ='DIRTY P&L'!V53 -> 0
B50: ='DIRTY P&L'!B54 -> 0 | C50: ='DIRTY P&L'!F54 -> 0 | D50: ='DIRTY P&L'!I54 -> 0 | E50: ='DIRTY P&L'!L54 -> 0 | F50: ='DIRTY P&L'!U54 -> 0 | G50: ='DIRTY P&L'!V54 -> 0
B51: ='DIRTY P&L'!B55 -> 0 | C51: ='DIRTY P&L'!F55 -> 0 | D51: ='DIRTY P&L'!I55 -> 0 | E51: ='DIRTY P&L'!L55 -> 0 | F51: ='DIRTY P&L'!U55 -> 0 | G51: ='DIRTY P&L'!V55 -> 0
B52: ='DIRTY P&L'!B56 -> 0 | C52: ='DIRTY P&L'!F56 -> 0 | D52: ='DIRTY P&L'!I56 -> 0 | E52: ='DIRTY P&L'!L56 -> 0 | F52: ='DIRTY P&L'!U56 -> 0 | G52: ='DIRTY P&L'!V56 -> 0
B53: ='DIRTY P&L'!B57 -> 0 | C53: ='DIRTY P&L'!F57 -> 0 | D53: ='DIRTY P&L'!I57 -> 0 | E53: ='DIRTY P&L'!L57 -> 0 | F53: ='DIRTY P&L'!U57 -> 0 | G53: ='DIRTY P&L'!V57 -> 0
B54: ='DIRTY P&L'!B58 -> 0 | C54: ='DIRTY P&L'!F58 -> 0 | D54: ='DIRTY P&L'!I58 -> 0 | E54: ='DIRTY P&L'!L58 -> 0 | F54: ='DIRTY P&L'!U58 -> 0 | G54: ='DIRTY P&L'!V58 -> 0
B55: ='DIRTY P&L'!B59 -> 0 | C55: ='DIRTY P&L'!F59 -> 0 | D55: ='DIRTY P&L'!I59 -> 0 | E55: ='DIRTY P&L'!L59 -> 0 | F55: ='DIRTY P&L'!U59 -> 0 | G55: ='DIRTY P&L'!V59 -> 0
B56: ='DIRTY P&L'!B60 -> 0 | C56: ='DIRTY P&L'!F60 -> 0 | D56: ='DIRTY P&L'!I60 -> 0 | E56: ='DIRTY P&L'!L60 -> 0 | F56: ='DIRTY P&L'!U60 -> 0 | G56: ='DIRTY P&L'!V60 -> 0
B57: ='DIRTY P&L'!B61 -> 0 | C57: ='DIRTY P&L'!F61 -> 0 | D57: ='DIRTY P&L'!I61 -> 0 | E57: ='DIRTY P&L'!L61 -> 0 | F57: ='DIRTY P&L'!U61 -> 0 | G57: ='DIRTY P&L'!V61 -> 0
B58: ='DIRTY P&L'!B62 -> 0 | C58: ='DIRTY P&L'!F62 -> 0 | D58: ='DIRTY P&L'!I62 -> 0 | E58: ='DIRTY P&L'!L62 -> 0 | F58: ='DIRTY P&L'!U62 -> 0 | G58: ='DIRTY P&L'!V62 -> 0
B59: ='DIRTY P&L'!B63 -> 0 | C59: ='DIRTY P&L'!F63 -> 0 | D59: ='DIRTY P&L'!I63 -> 0 | E59: ='DIRTY P&L'!L63 -> 0 | F59: ='DIRTY P&L'!U63 -> 0 | G59: ='DIRTY P&L'!V63 -> 0
... B67: ='DIRTY P&L'!B71 -> 0 | C67: ='DIRTY P&L'!F71 -> 0 | D67: ='DIRTY P&L'!I71 -> 0 | E67: ='DIRTY P&L'!L71 -> 0 | F67: ='DIRTY P&L'!U71 -> 0 | G67: ='DIRTY P&L'!V71 -> 0

Sheet CLEAN P&L
B2: CLEAN P&L
B4: Description | D4: =ALLOCATION!C4 -> 2023 | E4: % of GR | F4: =ALLOCATION!D4 -> 2024 | G4: % of GR | H4: =ALLOCATION!G4 -> 2025 | I4: % of GR
B5: INCOME
B6: =ALLOCATION!K6 -> Room Revenue | D6: =ALLOCATION!M6 -> 0 | E6: =IFERROR(D6/$D$11,0) -> 0 | F6: =ALLOCATION!O6 -> 0 | G6: =IFERROR(F6/$F$11,0) -> 0 | H6: =ALLOCATION!Q6 -> 0 | I6: =IFERROR(H6/$H$11,0) -> 0
B7: =ALLOCATION!K7 -> Food & Beverage | D7: =ALLOCATION!M7 -> 0 | E7: =IFERROR(D7/$D$11,0) -> 0 | F7: =ALLOCATION!O7 -> 0 | G7: =IFERROR(F7/$F$11,0) -> 0 | H7: =ALLOCATION!Q7 -> 0 | I7: =IFERROR(H7/$H$11,0) -> 0
B8: =ALLOCATION!K8 -> Other Income | D8: =ALLOCATION!M8 -> 0 | E8: =IFERROR(D8/$D$11,0) -> 0 | F8: =ALLOCATION!O8 -> 0 | G8: =IFERROR(F8/$F$11,0) -> 0 | H8: =ALLOCATION!Q8 -> 0 | I8: =IFERROR(H8/$H$11,0) -> 0
B9: =ALLOCATION!K9 -> Other Operated Depts. | D9: =ALLOCATION!M9 -> 0 | E9: =IFERROR(D9/$D$11,0) -> 0 | F9: =ALLOCATION!O9 -> 0 | G9: =IFERROR(F9/$F$11,0) -> 0 | H9: =ALLOCATION!Q9 -> 0 | I9: =IFERROR(H9/$H$11,0) -> 0
B10: =ALLOCATION!K10 -> Custom | D10: =ALLOCATION!M10 -> 0 | E10: =IFERROR(D10/$D$11,0) -> 0 | F10: =ALLOCATION!O10 -> 0 | G10: =IFERROR(F10/$F$11,0) -> 0 | H10: =ALLOCATION!Q10 -> 0 | I10: =IFERROR(H10/$H$11,0) -> 0
B11: TOTAL INCOME | D11: =SUM(D6:D10) -> 0 | E11: =IFERROR(D11/(D6+D8+D7+D9+D10),0) -> 0 | F11: =SUM(F6:F10) -> 0 | G11: =IFERROR(F11/(F6+F8+F7+F9+F10),0) -> 0 | H11: =SUM(H6:H10) -> 0 | I11: =IFERROR(H11/(H6+H8+H7+H9+H10),0) -> 0
B13: EXPENSES
B14: Departmental Expenses
B15: =ALLOCATION!K28 -> Rooms | D15: =ALLOCATION!M28 -> 0 | E15: =IFERROR(D15/D6,0) -> 0 | F15: =ALLOCATION!O28 -> 0 | G15: =IFERROR(F15/F6,0) -> 0 | H15: =ALLOCATION!Q28 -> 0 | I15: =IFERROR(H15/H6,0) -> 0
B16: =ALLOCATION!K29 -> Food & Beverage | D16: =ALLOCATION!M29 -> 0 | E16: =IFERROR(D16/D7,0) -> 0 | F16: =ALLOCATION!O29 -> 0 | G16: =IFERROR(F16/F7,0) -> 0 | H16: =ALLOCATION!Q29 -> 0 | I16: =IFERROR(H16/H7,0) -> 0
B17: =ALLOCATION!K30 -> Custom | D17: =ALLOCATION!M30 -> 0 | E17: =IFERROR(D17/D10,0) -> 0 | F17: =ALLOCATION!O30 -> 0 | G17: =IFERROR(F17/F10,0) -> 0 | H17: =ALLOCATION!Q30 -> 0 | I17: =IFERROR(H17/H10,0) -> 0
B18: =ALLOCATION!K31 -> Payroll | D18: =ALLOCATION!M31 -> 0 | E18: =IFERROR(D18/$D$11,0) -> 0 | F18: =ALLOCATION!O31 -> 0 | G18: =IFERROR(F18/$F$11,0) -> 0 | H18: =ALLOCATION!Q31 -> 0 | I18: =IFERROR(H18/$H$11,0) -> 0
B19: Total Dept Expenses | D19: =SUM(D15:D18) -> 0 | E19: =IFERROR(D19/D11,0) -> 0 | F19: =SUM(F15:F18) -> 0 | G19: =IFERROR(F19/F11,0) -> 0 | H19: =SUM(H15:H18) -> 0 | I19: =IFERROR(H19/H11,0) -> 0
B20: Total Departmental Profit | D20: =D11-D19 -> 0 | E20: =IFERROR(D20/D11,0) -> 0 | F20: =F11-F19 -> 0 | G20: =IFERROR(F20/F11,0) -> 0 | H20: =H11-H19 -> 0 | I20: =IFERROR(H20/H11,0) -> 0
B22: Undistributed Expenses
B23: =ALLOCATION!K32 -> Administrative & General | D23: =ALLOCATION!M32 -> 0 | E23: =IFERROR(D23/$D$11,0) -> 0 | F23: =ALLOCATION!O32 -> 0 | G23: =IFERROR(F23/$F$11,0) -> 0 | H23: =ALLOCATION!Q32 -> 0 | I23: =IFERROR(H23/$H$11,0) -> 0
B24: =ALLOCATION!K33 -> A&G Credit Card Comm | D24: =ALLOCATION!M33 -> 0 | E24: =IFERROR(D24/$D$11,0) -> 0 | F24: =ALLOCATION!O33 -> 0 | G24: =IFERROR(F24/$F$11,0) -> 0 | H24: =ALLOCATION!Q33 -> 0 | I24: =IFERROR(H24/$H$11,0) -> 0
B25: =ALLOCATION!K34 -> Sales & Marketing | D25: =ALLOCATION!M34 -> 0 | E25: =IFERROR(D25/$D$11,0) -> 0 | F25: =ALLOCATION!O34 -> 0 | G25: =IFERROR(F25/$F$11,0) -> 0 | H25: =ALLOCATION!Q34 -> 0 | I25: =IFERROR(H25/$H$11,0) -> 0
B26: =ALLOCATION!K35 -> Franchise Fees | D26: =ALLOCATION!M35 -> 0 | E26: =IFERROR(D26/$D$11,0) -> 0 | F26: =ALLOCATION!O35 -> 0 | G26: =IFERROR(F26/$F$11,0) -> 0 | H26: =ALLOCATION!Q35 -> 0 | I26: =IFERROR(H26/$H$11,0) -> 0
B27: =ALLOCATION!K36 -> Utilities | D27: =ALLOCATION!M36 -> 0 | E27: =IFERROR(D27/$D$11,0) -> 0 | F27: =ALLOCATION!O36 -> 0 | G27: =IFERROR(F27/$F$11,0) -> 0 | H27: =ALLOCATION!Q36 -> 0 | I27: =IFERROR(H27/$H$11,0) -> 0
B28: =ALLOCATION!K37 -> Property Operations & Maintenance | D28: =ALLOCATION!M37 -> 0 | E28: =IFERROR(D28/$D$11,0) -> 0 | F28: =ALLOCATION!O37 -> 0 | G28: =IFERROR(F28/$F$11,0) -> 0 | H28: =ALLOCATION!Q37 -> 0 | I28: =IFERROR(H28/$H$11,0) -> 0
B29: =ALLOCATION!K38 -> Info & Telecom Systems | D29: =ALLOCATION!M38 -> 0 | E29: =IFERROR(D29/$D$11,0) -> 0 | F29: =ALLOCATION!O38 -> 0 | G29: =IFERROR(F29/$F$11,0) -> 0 | H29: =ALLOCATION!Q38 -> 0 | I29: =IFERROR(H29/$H$11,0) -> 0
B30: Total Undistributed Expenses | D30: =SUM(D23:D29) -> 0 | E30: =IFERROR(D30/D11,0) -> 0 | F30: =SUM(F23:F29) -> 0 | G30: =IFERROR(F30/F11,0) -> 0 | H30: =SUM(H23:H29) -> 0 | I30: =IFERROR(H30/H11,0) -> 0
B31: Gross Operating Profit | D31: =D20-D30 -> 0 | E31: =IFERROR(D31/D11,0) -> 0 | F31: =F20-F30 -> 0 | G31: =IFERROR(F31/F11,0) -> 0 | H31: =H20-H30 -> 0 | I31: =IFERROR(H31/H11,0) -> 0
B33: Non-Operating Expenses
B34: =ALLOCATION!K39 -> Property Taxes | D34: =ALLOCATION!M39 -> 0 | E34: =IFERROR(D34/$D$11,0) -> 0 | F34: =ALLOCATION!O39 -> 0 | G34: =IFERROR(F34/$F$11,0) -> 0 | H34: =ALLOCATION!Q39 -> 0 | I34: =IFERROR(H34/$H$11,0) -> 0
B35: =ALLOCATION!K40 -> Insurance | D35: =ALLOCATION!M40 -> 0 | E35: =IFERROR(D35/$D$11,0) -> 0 | F35: =ALLOCATION!O40 -> 0 | G35: =IFERROR(F35/$F$11,0) -> 0 | H35: =ALLOCATION!Q40 -> 0 | I35: =IFERROR(H35/$H$11,0) -> 0
B36: =ALLOCATION!K41 -> Rent Expense | D36: =ALLOCATION!M41 -> 0 | E36: =IFERROR(D36/$D$11,0) -> 0 | F36: =ALLOCATION!O41 -> 0 | G36: =IFERROR(F36/$F$11,0) -> 0 | H36: =ALLOCATION!Q41 -> 0 | I36: =IFERROR(H36/$H$11,0) -> 0
B37: =ALLOCATION!K42 -> Other | D37: =ALLOCATION!M42 -> 0 | E37: =IFERROR(D37/$D$11,0) -> 0 | F37: =ALLOCATION!O42 -> 0 | G37: =IFERROR(F37/$F$11,0) -> 0 | H37: =ALLOCATION!Q42 -> 0 | I37: =IFERROR(H37/$H$11,0) -> 0
B38: Total Non-Operating Expenses | D38: =SUM(D34:D37) -> 0 | E38: =IFERROR(D38/D11,0) -> 0 | F38: =SUM(F34:F37) -> 0 | G38: =IFERROR(F38/F11,0) -> 0 | H38: =SUM(H34:H37) -> 0 | I38: =IFERROR(H38/H11,0) -> 0
B39: EBITDA Before Reserves & Management | D39: =D31-D38 -> 0 | E39: =IFERROR(D39/D11,0) -> 0 | F39: =F31-F38 -> 0 | G39: =IFERROR(F39/F11,0) -> 0 | H39: =H31-H38 -> 0 | I39: =IFERROR(H39/H11,0) -> 0
B41: ='DIRTY P&L'!B178 -> Capital Reserves | D41: =E41*D11 -> 0 | E41: ='DIRTY P&L'!$G$178 -> 0 | F41: =G41*F11 -> 0 | G41: ='DIRTY P&L'!$J$178 -> 0 | H41: =I41*H11 -> 0 | I41: ='DIRTY P&L'!$W$178 -> 0
B42: ='DIRTY P&L'!B179 -> Management Fee | D42: =E42*D11 -> 0 | E42: ='DIRTY P&L'!$G$179 -> 0 | F42: =G42*F11 -> 0 | G42: ='DIRTY P&L'!$J$179 -> 0 | H42: =I42*H11 -> 0 | I42: ='DIRTY P&L'!$W$179 -> 0
B44: NOI | D44: =D39-(D41+D42) -> 0 | E44: =IFERROR(D44/D11,0) -> 0 | F44: =F39-(F41+F42) -> 0 | G44: =IFERROR(F44/F11,0) -> 0 | H44: =H39-(H41+H42) -> 0 | I44: =IFERROR(H44/H11,0) -> 0

Sheet INVESTMENT ANALYSIS
B2: INVESTMENT ANALYSIS
B5: Purchase Price | G5: =J5 -> 0 | J5: =INPUTS!C12 -> 0 | M5: =+J5 -> 0
B6: Total Other Acquisition & PIP Costs | G6: =J6 -> 0 | J6: =SUMMARY!I32+SUMMARY!I35-SUMMARY!D35+SUMMARY!I33 -> 0 | M6: =J6 -> 0
B7: Total Acquisition | G7: =J7 -> 0 | J7: =SUM(J5:J6) -> 0 | M7: =J7 -> 0
B9: Equity | G9: =WATERFALL!D12 -> 0 | H9: =IFERROR(G9/G7,0) -> 0 | J9: =G9 -> 0 | K9: =IFERROR(J9/J7,0) -> 0 | M9: =J9 -> 0 | N9: =IFERROR(M9/M7,0) -> 0
B11: Proposed Financing
B12: New 1st | G12: =+G7-G9 -> 0 | H12: =G12/G7 -> #DIV/0! | J12: =+J7-J9 -> 0 | K12: =+J12/J7 -> #DIV/0! | M12: =J12 -> 0 | N12: =+M12/M7 -> #DIV/0!
B13: Interest Rate | G13: =J13 -> 0 | J13: =INPUTS!C18 -> 0 | M13: =J13 -> 0
B14: Amortization (yrs) | G14: =J14 -> 0 | J14: =INPUTS!C19 -> 0 | M14: =J14 -> 0
B15: Monthly P&I Payment | G15: =J15 | J15: =DEBT!M10 | M15: =J15
B18: Operating Summary | G18: ='CLEAN P&L'!F4 -> 2024 | J18: ='CLEAN P&L'!H4 -> 2025 | M18: Year 3 Pro Forma
B19: Rooms | G19: =J19 -> 0 | J19: =INPUTS!C7 -> 0 | M19: =J19 -> 0
B20: Available Rentable Rooms | G20: =G19*365 -> 0 | J20: =J19*365 -> 0 | M20: ='PRO FORMA'!I8
B21: Room Sold | G21: =G20*G22 -> 0 | J21: =J22*J20 -> 0 | M21: ='PRO FORMA'!I9
B22: Occupancy | G22: ='STR PERFORMANCE'!D11 -> 0 | J22: ='STR PERFORMANCE'!D12 -> 0 | M22: ='PRO FORMA'!I10
B23: ADR | G23: ='STR PERFORMANCE'!H11 -> 0 | J23: ='STR PERFORMANCE'!H12 -> 0 | M23: ='PRO FORMA'!I11
B24: RevPAR | G24: ='STR PERFORMANCE'!L11 -> 0 | J24: ='STR PERFORMANCE'!L12 -> 0 | M24: =M22*M23 -> #VALUE!
B26: Room Revenue | G26: ='CLEAN P&L'!F6 -> 0 | H26: =IFERROR(G26/G$28,0) -> 0 | J26: ='CLEAN P&L'!H6 -> 0 | K26: =IFERROR(J26/J$28,0) -> 0 | M26: ='PRO FORMA'!I17 | N26: =IFERROR(M26/M$28,0) -> 0
B27: Other Operating Revenue | G27: =+G28-G26 -> 0 | H27: =IFERROR(G27/G$28,0) -> 0 | J27: =+J28-J26 -> 0 | K27: =IFERROR(J27/J$28,0) -> 0 | M27: =M28-M26 -> #VALUE! | N27: =IFERROR(M27/M$28,0) -> 0
B28: Gross Revenue | G28: ='CLEAN P&L'!F11 -> 0 | H28: =IFERROR(G28/G$28,0) -> 0 | J28: ='CLEAN P&L'!H11 -> 0 | K28: =IFERROR(J28/J$28,0) -> 0 | M28: ='PRO FORMA'!I22 | N28: =IFERROR(M28/M$28,0) -> 0
B29: Operating Expense | G29: ='CLEAN P&L'!F19+'CLEAN P&L'!F30+'CLEAN P&L'!F38 -> 0 | H29: =IFERROR(G29/G$28,0) -> 0 | J29: ='CLEAN P&L'!H19+'CLEAN P&L'!H30+'CLEAN P&L'!H38 -> 0 | K29: =IFERROR(J29/J$28,0) -> 0 | M29: ='PRO FORMA'!I30+'PRO FORMA'!I41+'PRO FORMA'!I49 -> #VALUE! | N29: =IFERROR(M29/M$28,0) -> 0
B30: EBITDA | G30: =G28-G29 -> 0 | H30: =IFERROR(G30/G$28,0) -> 0 | J30: =J28-J29 -> 0 | K30: =IFERROR(J30/J$28,0) -> 0 | M30: =M28-M29 -> #VALUE! | N30: =IFERROR(M30/M$28,0) -> 0
B31: Reserves & Mgmt | G31: ='CLEAN P&L'!F41+'CLEAN P&L'!F42 -> 0 | H31: =IFERROR(G31/G$28,0) -> 0 | J31: ='CLEAN P&L'!H41+'CLEAN P&L'!H42 -> 0 | K31: =IFERROR(J31/J$28,0) -> 0 | M31: ='PRO FORMA'!I52+'PRO FORMA'!I53 -> #VALUE! | N31: =IFERROR(M31/M$28,0) -> 0
B32: Net Operating Income (NOI) | G32: =G30-G31 -> 0 | H32: =IFERROR(G32/G$28,0) -> 0 | J32: =J30-J31 -> 0 | K32: =IFERROR(J32/J$28,0) -> 0 | M32: =M30-M31 -> #VALUE! | N32: =IFERROR(M32/M$28,0) -> 0
B33: Add In Potential Lease Income | H33: =IFERROR(G33/G$28,0) -> 0 | K33: =IFERROR(J33/J$28,0) -> 0 | N33: =IFERROR(M33/M$28,0) -> 0
B34: Effective NOI | G34: =G32+G33 -> 0 | H34: =IFERROR(G34/G$28,0) -> 0 | J34: =J32+J33 -> 0 | K34: =IFERROR(J34/J$28,0) -> 0 | M34: =M32+M33 -> #VALUE! | N34: =IFERROR(M34/M$28,0) -> 0
B35: Less Debt Service | G35: =+G15*12 -> #VALUE! | H35: =IFERROR(G35/G$28,0) -> 0 | J35: =+J15*12 -> #VALUE! | K35: =IFERROR(J35/J$28,0) -> 0 | M35: =+M15*12 -> #VALUE! | N35: =IFERROR(M35/M$28,0) -> 0
B36: Debt Coverage Ratio | G36: =IFERROR(G32/G35,0) -> 0 | J36: =IFERROR(J32/J35,0) -> 0 | M36: =IFERROR(M32/M35,0) -> 0
B38: Investment Summary
B39: Net Cash Flow after Debt Service | G39: =+G32-G35 -> #VALUE! | H39: =+G39/G9 -> #VALUE! | J39: =+J32-J35 -> #VALUE! | K39: =+J39/J9 -> #VALUE! | M39: =+M32-M35 -> #VALUE! | N39: =+M39/M9 -> #VALUE!
B40: Plus Principal Reduction | G40: =0 -> 0 | J40: =0 -> 0 | M40: =IFERROR(IF(AND(INPUTS!$C$33<>"",3>=INPUTS!$C$33),SUM(DEBT!Y44:Y55),SUM(DEBT!J44:J55)),0) -> 0
B41: Total Return on Investment | G41: =+G39+G40 -> #VALUE! | H41: =+G41/G9 -> #VALUE! | J41: =+J39+J40 -> #VALUE! | K41: =+J41/J9 -> #VALUE! | M41: =+M39+M40 -> #VALUE! | N41: =+M41/M9 -> #VALUE!
B43: Cash on Cash Return | G43: =+H39 -> #VALUE! | J43: =+K39 -> #VALUE! | M43: =+N39 -> #VALUE!
B44: CAP Rate Before Reserves & Mgmt | G44: =IFERROR(G30/G5,0) -> 0 | J44: =IFERROR(J30/J5,0) -> 0 | M44: =IFERROR(M30/M5,0) -> 0
B45: Cap Rate | G45: =IFERROR(G32/G5,0) -> 0 | J45: =IFERROR(J32/J5,0) -> 0 | M45: =IFERROR(M32/M5,0) -> 0
B46: Room Revenue Multiplier | G46: =IFERROR(G5/G26,0) -> 0 | J46: =IFERROR(J5/J26,0) -> 0 | M46: =IFERROR(M5/M26,0) -> 0
B47: Room Revenue Multiplier Post PIP | G47: =IFERROR(G7/G26,0) -> 0 | J47: =IFERROR(J7/J26,0) -> 0 | M47: =IFERROR(M7/M26,0) -> 0
B48: Price per Room | G48: =+G5/G19 -> #DIV/0! | J48: =+J5/J19 -> #DIV/0! | M48: =+M5/M19 -> #DIV/0!
B49: Price per Room - Post PIP | G49: =J49 -> #DIV/0! | J49: =+J7/J19 -> #DIV/0! | M49: =+M7/M19 -> #DIV/0!
B51: NOTE

Sheet STR INPUT
B2: STR INPUT | BL2: Subject | BP2: Comp
BL3: TTM | BM3: OCC | BN3: ARD | BO3: RevPar | BP3: TTM | BQ3: OCC | BR3: ARD | BS3: RevPar
B4: STR: Response Report | P4: STR: Comp | BF4: Charts Year End | BG4: OCC | BL4: =BF8 -> 0 | BM4: =AR8 -> 0 | BN4: =AR20 -> 0 | BO4: =AR32 -> 0 | BP4: =BL4 -> 0 | BQ4: =AR9 -> 0 | BR4: =AR21 -> 0 | BS4: =AR33 -> 0
P5: Paste Most Recent Month End | BF5: Year | BG5: Subject | BH5: Comp | BL5: =BF14 -> 0 | BM5: =AS8 -> 0 | BN5: =AS20 -> 0 | BO5: =AS32 -> 0 | BP5: =BL5 -> 0 | BQ5: =AS9 -> 0 | BR5: =AS21 -> 0 | BS5: =AS33 -> 0
B6: STR# | C6: Name | D6: City, State | E6: Zip | F6: Phone | G6: Rooms | K6: Open Date | AX6: S | AY6: C | AZ6: S | BA6: C | BB6: S | BC6: C | BF6: =$AT$44 -> 0 | BG6: =$AT$45/100 -> 0 | BH6: =$AT$46/100 -> 0 | BL6: =BF13 -> 0 | BM6: =AT8 -> 0 | BN6: =AT20 -> 0 | BO6: =AT32 -> 0 | BP6: =BL6 -> 0 | BQ6: =AT9 -> 0 | BR6: =AT21 -> 0 | BS6: =AT33 -> 0
A7: P | AW7: ='STR PERFORMANCE'!B25 -> -2 | AX7: =AR50 -> 0 | AY7: =AR51 -> 0 | AZ7: =AR62 -> 0 | BA7: =AR63 -> 0 | BB7: =AR74 -> 0 | BC7: =AR75 -> 0 | BF7: =AS44 -> 0 | BG7: =AS45/100 -> 0 | BH7: =AS46/100 -> 0 | BL7: YTD | BM7: OCC | BN7: ADR | BO7: RevPar | BP7: YTD | BQ7: OCC | BR7: ADR | BS7: RevPar
A8: 1 | AW8: ='STR PERFORMANCE'!B26 -> -1 | AX8: =AS50 -> 0 | AY8: =AS51 -> 0 | AZ8: =AS62 -> 0 | BA8: =AS63 -> 0 | BB8: =AS74 -> 0 | BC8: =AS75 -> 0 | BF8: =AR44 -> 0 | BG8: =AR45/100 -> 0 | BH8: =AR46/100 -> 0 | BL8: =BL4 -> 0 | BM8: =AJ8 -> 0 | BN8: =AN20 -> 0 | BO8: =AJ32 -> 0 | BP8: =BP4 -> 0 | BQ8: =AJ9 -> 0 | BR8: =AJ21 -> 0 | BS8: =AJ33 -> 0
A9: 2 | AW9: ='STR PERFORMANCE'!B27 -> 0 | AX9: =AT50 -> 0 | AY9: =AT51 -> 0 | AZ9: =AT62 -> 0 | BA9: =AT63 -> 0 | BB9: =AT74 -> 0 | BC9: =AT75 -> 0 | BF9: =BF8-1 -> -1 | BG9: =($AR$45/(1+($AR$50/100)))/100 -> 0 | BH9: =($AR$46/(1+($AR$51/100))/100) -> 0 | BL9: =BL5 -> 0 | BM9: =AK8 -> 0 | BN9: =AK20 -> 0 | BO9: =AK32 -> 0 | BP9: =BP5 -> 0 | BQ9: =AK9 -> 0 | BR9: =AK21 -> 0 | BS9: =AK33 -> 0
A10: 3 | AW10: ='STR PERFORMANCE'!B28 -> TTM | AX10: =AR13 -> 0 | AY10: =AR14 -> 0 | AZ10: =AR25 -> 0 | BA10: =AR26 -> 0 | BB10: =AR37 -> 0 | BC10: =AR38 -> 0 | BL10: =BL6 -> 0 | BM10: =AL8 -> 0 | BN10: =AL20 -> 0 | BO10: =AL32 -> 0 | BP10: =BP6 -> 0 | BQ10: =AL9 -> 0 | BR10: =AL21 -> 0 | BS10: =AL33 -> 0
A11: 4 | AW11: ='STR PERFORMANCE'!B29 -> TTM | AX11: =AS13 -> 0 | AY11: =AS14 -> 0 | AZ11: =AS25 -> 0 | BA11: =AS26 -> 0 | BB11: =AS37 -> 0 | BC11: =AS38 -> 0 | BF11: Charts Year End | BG11: ADR
A12: 5 | AW12: ='STR PERFORMANCE'!B30 -> TTM | AX12: =AT13 -> 0 | AY12: =AT14 -> 0 | AZ12: =AT25 -> 0 | BA12: =AT26 -> 0 | BB12: =AT37 -> 0 | BC12: =AT38 -> 0 | BF12: Year | BG12: Subject | BH12: Comp
A13: 6 | AW13: ='STR PERFORMANCE'!B31 -> YTD | AX13: =AJ13 -> 0 | AY13: =AJ14 -> 0 | AZ13: =AJ25 -> 0 | BA13: =AJ26 -> 0 | BB13: =AJ37 -> 0 | BC13: =AJ38 -> 0 | BF13: =BF6 -> 0 | BG13: =AT57 -> 0 | BH13: =AT58 -> 0
A14: 7 | AW14: ='STR PERFORMANCE'!B32 -> YTD | AX14: =AK13 -> 0 | AY14: =AK14 -> 0 | AZ14: =AK25 -> 0 | BA14: =AK26 -> 0 | BB14: =AK37 -> 0 | BC14: =AK38 -> 0 | BF14: =BF7 -> 0 | BG14: =AS57 -> 0 | BH14: =AS58 -> 0
A15: 8 | AW15: ='STR PERFORMANCE'!B33 -> YTD | AX15: =AL13 -> 0 | AY15: =AL14 -> 0 | AZ15: =AL25 -> 0 | BA15: =AL26 -> 0 | BB15: =AL37 -> 0 | BC15: =AL38 -> 0 | BF15: =BF8 -> 0 | BG15: =AR57 -> 0 | BH15: =AR58 -> 0
A16: 9 | BF16: =BF9 -> -1 | BG16: =AR57/(1+(AR62/100)) -> 0 | BH16: =AR58/(1+(AR63/100)) -> 0
A17: 10
BF18: Charts Year End | BG18: RevPar
B19: Most Recent Month STR | C19: 46022 | BF19: Year | BG19: Subject | BH19: Comp
B20: Most Recent Year End STR | C20: 46022 | BF20: =BF6 -> 0 | BG20: =AT69 -> 0 | BH20: =AT70 -> 0
BF21: =BF7 -> 0 | BG21: =AS69 -> 0 | BH21: =AS70 -> 0
BF22: =BF8 -> 0 | BG22: =AR69 -> 0 | BH22: =AR70 -> 0
BF23: =BF9 -> -1 | BG23: =AR69/(1+(AR74/100)) -> 0 | BH23: =AR70/(1+(AR75/100)) -> 0
BF25: Charts Year End | BG25: Room Revenue
BF26: Year | BG26: Subject
BF27: =BF6 -> 0 | BG27: =BG20*365*INPUTS!$C$7 -> 0
BF28: =BF7 -> 0 | BG28: =BG21*365*INPUTS!$C$7 -> 0
BF29: =BF8 -> 0 | BG29: =BG22*365*INPUTS!$C$7 -> 0
BF30: =BF9 -> -1 | BG30: =BG23*365*INPUTS!$C$7 -> 0
P42: Paste Most Recent Year End

Sheet STR PERFORMANCE
B2: STR PERFORMANCE
B5: =INPUTS!C5 -> 0
B6: SUBJECT vs. COMP HISTORICAL PERFORMANCE
D7: Occupancy | H7: ADR | L7: RevPAR
B8: Period | D8: Subject | E8: Comp. Set | F8: Penetration | H8: Subject | I8: Comp. Set | J8: Yield | L8: Subject | M8: Comp. Set | N8: Index
B9: =B10-1 -> -1 | D9: ='STR INPUT'!BG9 -> 0 | E9: ='STR INPUT'!BH9 -> 0 | F9: =IF(E9=0,"N/A",D9/E9) -> N/A | H9: ='STR INPUT'!BG16 -> 0 | I9: ='STR INPUT'!BH16 -> 0 | J9: =IF(I9=0,"N/A",H9/I9) -> N/A | L9: ='STR INPUT'!BG23 -> 0 | M9: ='STR INPUT'!BH23 -> 0 | N9: =IF(M9=0,"N/A",L9/M9) -> N/A
B10: ='STR INPUT'!AR44 -> 0 | D10: ='STR INPUT'!BG8 -> 0 | E10: ='STR INPUT'!BH8 -> 0 | F10: =IF(E10=0,"N/A",D10/E10) -> N/A | H10: ='STR INPUT'!BG15 -> 0 | I10: ='STR INPUT'!BH15 -> 0 | J10: =IF(I10=0,"N/A",H10/I10) -> N/A | L10: ='STR INPUT'!BG22 -> 0 | M10: ='STR INPUT'!BH22 -> 0 | N10: =IF(M10=0,"N/A",L10/M10) -> N/A
B11: ='STR INPUT'!AS44 -> 0 | D11: ='STR INPUT'!BG7 -> 0 | E11: ='STR INPUT'!BH7 -> 0 | F11: =IF(E11=0,"N/A",D11/E11) -> N/A | H11: ='STR INPUT'!BG14 -> 0 | I11: ='STR INPUT'!BH14 -> 0 | J11: =IF(I11=0,"N/A",H11/I11) -> N/A | L11: ='STR INPUT'!BG21 -> 0 | M11: ='STR INPUT'!BH21 -> 0 | N11: =IF(M11=0,"N/A",L11/M11) -> N/A
B12: ='STR INPUT'!AT44 -> 0 | D12: ='STR INPUT'!BG6 -> 0 | E12: ='STR INPUT'!BH6 -> 0 | F12: =IF(E12=0,"N/A",D12/E12) -> N/A | H12: ='STR INPUT'!BG13 -> 0 | I12: ='STR INPUT'!BH13 -> 0 | J12: =IF(I12=0,"N/A",H12/I12) -> N/A | L12: ='STR INPUT'!BG20 -> 0 | M12: ='STR INPUT'!BH20 -> 0 | N12: =IF(M12=0,"N/A",L12/M12) -> N/A
B13: ="TTM "&'STR INPUT'!$AH$7&" "&'STR INPUT'!$AR$7 -> TTM | D13: ='STR INPUT'!BM4/100 -> 0 | E13: ='STR INPUT'!BQ4/100 -> 0 | F13: =IF(E13=0,"N/A",D13/E13) -> N/A | H13: ='STR INPUT'!BN4 -> 0 | I13: ='STR INPUT'!BR4 -> 0 | J13: =IF(I13=0,"N/A",H13/I13) -> N/A | L13: ='STR INPUT'!BO4 -> 0 | M13: ='STR INPUT'!BS4 -> 0 | N13: =IF(M13=0,"N/A",L13/M13) -> N/A
B14: ="TTM "&'STR INPUT'!$AH$7&" "&'STR INPUT'!$AS$7 -> TTM | D14: ='STR INPUT'!BM5/100 -> 0 | E14: ='STR INPUT'!BQ5/100 -> 0 | F14: =IF(E14=0,"N/A",D14/E14) -> N/A | H14: ='STR INPUT'!BN5 -> 0 | I14: ='STR INPUT'!BR5 -> 0 | J14: =IF(I14=0,"N/A",H14/I14) -> N/A | L14: ='STR INPUT'!BO5 -> 0 | M14: ='STR INPUT'!BS5 -> 0 | N14: =IF(M14=0,"N/A",L14/M14) -> N/A
B15: ="TTM "&'STR INPUT'!$AH$7&" "&'STR INPUT'!$AT$7 -> TTM | D15: ='STR INPUT'!BM6/100 -> 0 | E15: ='STR INPUT'!BQ6/100 -> 0 | F15: =IF(E15=0,"N/A",D15/E15) -> N/A | H15: ='STR INPUT'!BN6 -> 0 | I15: ='STR INPUT'!BR6 -> 0 | J15: =IF(I15=0,"N/A",H15/I15) -> N/A | L15: ='STR INPUT'!BO6 -> 0 | M15: ='STR INPUT'!BS6 -> 0 | N15: =IF(M15=0,"N/A",L15/M15) -> N/A
B16: ="YTD "&'STR INPUT'!$AH$7&" "&'STR INPUT'!$AJ$7 -> YTD | D16: ='STR INPUT'!BM8/100 -> 0 | E16: ='STR INPUT'!BQ8/100 -> 0 | F16: =IF(E16=0,"N/A",D16/E16) -> N/A | H16: ='STR INPUT'!BN8 -> 0 | I16: ='STR INPUT'!BR8 -> 0 | J16: =IF(I16=0,"N/A",H16/I16) -> N/A | L16: ='STR INPUT'!BO8 -> 0 | M16: ='STR INPUT'!BS8 -> 0 | N16: =IF(M16=0,"N/A",L16/M16) -> N/A
B17: ="YTD "&'STR INPUT'!$AH$7&" "&'STR INPUT'!$AK$7 -> YTD | D17: ='STR INPUT'!BM9/100 -> 0 | E17: ='STR INPUT'!BQ9/100 -> 0 | F17: =IF(E17=0,"N/A",D17/E17) -> N/A | H17: ='STR INPUT'!BN9 -> 0 | I17: ='STR INPUT'!BR9 -> 0 | J17: =IF(I17=0,"N/A",H17/I17) -> N/A | L17: ='STR INPUT'!BO9 -> 0 | M17: ='STR INPUT'!BS9 -> 0 | N17: =IF(M17=0,"N/A",L17/M17) -> N/A
B18: ="YTD "&'STR INPUT'!$AH$7&" "&'STR INPUT'!$AL$7 -> YTD | D18: ='STR INPUT'!BM10/100 -> 0 | E18: ='STR INPUT'!BQ10/100 -> 0 | F18: =IF(E18=0,"N/A",D18/E18) -> N/A | H18: ='STR INPUT'!BN10 -> 0 | I18: ='STR INPUT'!BR10 -> 0 | J18: =IF(I18=0,"N/A",H18/I18) -> N/A | L18: ='STR INPUT'!BO10 -> 0 | M18: ='STR INPUT'!BS10 -> 0 | N18: =IF(M18=0,"N/A",L18/M18) -> N/A
B21: =INPUTS!C5 -> 0
B22: CHANGE vs. PRIOR YEAR
D23: Occupancy | H23: ADR | L23: RevPAR
B24: Period | D24: Subject | E24: Comp. Set | F24: Penetration | H24: Subject | I24: Comp. Set | J24: Yield | L24: Subject | M24: Comp. Set | N24: Index
B25: =B26-1 -> -2 | D25: ='STR INPUT'!AX7/100 -> 0 | E25: ='STR INPUT'!AY7/100 -> 0 | F25: =IF(E25=0,"N/A",F10/F9-1) -> N/A | H25: ='STR INPUT'!AZ7/100 -> 0 | I25: ='STR INPUT'!BA7/100 -> 0 | J25: =IF(I25=0,"N/A",J10/J9-1) -> N/A | L25: ='STR INPUT'!BB7/100 -> 0 | M25: ='STR INPUT'!BC7/100 -> 0 | N25: =IF(M25=0,"N/A",N10/N9-1) -> N/A
B26: =B27-1 -> -1 | D26: ='STR INPUT'!AX8/100 -> 0 | E26: ='STR INPUT'!AY8/100 -> 0 | F26: =IF(E26=0,"N/A",F11/F10-1) -> N/A | H26: ='STR INPUT'!AZ8/100 -> 0 | I26: ='STR INPUT'!BA8/100 -> 0 | J26: =IF(I26=0,"N/A",J11/J10-1) -> N/A | L26: ='STR INPUT'!BB8/100 -> 0 | M26: ='STR INPUT'!BC8/100 -> 0 | N26: =IF(M26=0,"N/A",N11/N10-1) -> N/A
B27: ='STR INPUT'!AT44 -> 0 | D27: ='STR INPUT'!AX9/100 -> 0 | E27: ='STR INPUT'!AY9/100 -> 0 | F27: =IF(E27=0,"N/A",F12/F11-1) -> N/A | H27: ='STR INPUT'!AZ9/100 -> 0 | I27: ='STR INPUT'!BA9/100 -> 0 | J27: =IF(I27=0,"N/A",J12/J11-1) -> N/A | L27: ='STR INPUT'!BB9/100 -> 0 | M27: ='STR INPUT'!BC9/100 -> 0 | N27: =IF(M27=0,"N/A",N12/N11-1) -> N/A
B28: ="TTM "&'STR INPUT'!$AH$7&" "&'STR INPUT'!$AR$7 -> TTM | D28: ='STR INPUT'!AX10/100 -> 0 | E28: ='STR INPUT'!AY10/100 -> 0 | F28: N/A | H28: ='STR INPUT'!AZ10/100 -> 0 | I28: ='STR INPUT'!BA10/100 -> 0 | J28: N/A | L28: ='STR INPUT'!BB10/100 -> 0 | M28: ='STR INPUT'!BC10/100 -> 0 | N28: N/A
B29: ="TTM "&'STR INPUT'!$AH$7&" "&'STR INPUT'!$AS$7 -> TTM | D29: ='STR INPUT'!AX11/100 -> 0 | E29: ='STR INPUT'!AY11/100 -> 0 | F29: =IF(E29=0,"N/A",F14/F13-1) -> N/A | H29: ='STR INPUT'!AZ11/100 -> 0 | I29: ='STR INPUT'!BA11/100 -> 0 | J29: =IF(I29=0,"N/A",J14/J13-1) -> N/A | L29: ='STR INPUT'!BB11/100 -> 0 | M29: ='STR INPUT'!BC11/100 -> 0 | N29: =IF(M29=0,"N/A",N14/N13-1) -> N/A
B30: ="TTM "&'STR INPUT'!$AH$7&" "&'STR INPUT'!$AT$7 -> TTM | D30: ='STR INPUT'!AX12/100 -> 0 | E30: ='STR INPUT'!AY12/100 -> 0 | F30: =IF(E30=0,"N/A",F15/F14-1) -> N/A | H30: ='STR INPUT'!AZ12/100 -> 0 | I30: ='STR INPUT'!BA12/100 -> 0 | J30: =IF(I30=0,"N/A",J15/J14-1) -> N/A | L30: ='STR INPUT'!BB12/100 -> 0 | M30: ='STR INPUT'!BC12/100 -> 0 | N30: =IF(M30=0,"N/A",N15/N14-1) -> N/A
B31: ="YTD "&'STR INPUT'!$AH$7&" "&'STR INPUT'!$AJ$7 -> YTD | D31: ='STR INPUT'!AX13/100 -> 0 | E31: ='STR INPUT'!AY13/100 -> 0 | F31: N/A | H31: ='STR INPUT'!AZ13/100 -> 0 | I31: ='STR INPUT'!BA13/100 -> 0 | J31: N/A | L31: ='STR INPUT'!BB13/100 -> 0 | M31: ='STR INPUT'!BC13/100 -> 0 | N31: N/A
B32: ="YTD "&'STR INPUT'!$AH$7&" "&'STR INPUT'!$AK$7 -> YTD | D32: ='STR INPUT'!AX14/100 -> 0 | E32: ='STR INPUT'!AY14/100 -> 0 | F32: =IF(E32=0,"N/A",F17/F16-1) -> N/A | H32: ='STR INPUT'!AZ14/100 -> 0 | I32: ='STR INPUT'!BA14/100 -> 0 | J32: =IF(I32=0,"N/A",J17/J16-1) -> N/A | L32: ='STR INPUT'!BB14/100 -> 0 | M32: ='STR INPUT'!BC14/100 -> 0 | N32: =IF(M32=0,"N/A",N17/N16-1) -> N/A
B33: ="YTD "&'STR INPUT'!$AH$7&" "&'STR INPUT'!$AL$7 -> YTD | D33: ='STR INPUT'!AX15/100 -> 0 | E33: ='STR INPUT'!AY15/100 -> 0 | F33: =IF(E33=0,"N/A",F18/F17-1) -> N/A | H33: ='STR INPUT'!AZ15/100 -> 0 | I33: ='STR INPUT'!BA15/100 -> 0 | J33: =IF(I33=0,"N/A",J18/J17-1) -> N/A | L33: ='STR INPUT'!BB15/100 -> 0 | M33: ='STR INPUT'!BC15/100 -> 0 | N33: =IF(M33=0,"N/A",N18/N17-1) -> N/A
B35: Note: Competitive Set data excludes the Subject Property
B36: Source: Smith Travel Research, Inc.

Sheet STR COMP TABLE
B2: STR COMP TABLE
B4: =INPUTS!C10 -> 0
B5: STR: RESPONSE REPORT
B6: Property | D6: City | E6: State | F6: Zip | G6: Rooms | H6: Opened
B7: p | C7: ='STR INPUT'!C7 -> 0 | D7: =LEFT('STR INPUT'!D7,FIND(",",'STR INPUT'!D7)-1) -> #VALUE! | E7: =TRIM(RIGHT('STR INPUT'!D7,LEN('STR INPUT'!D7)-FIND(",",'STR INPUT'!D7))) -> #VALUE! | F7: ='STR INPUT'!E7 -> 0 | G7: ='STR INPUT'!G7 -> 0 | H7: =LEFT('STR INPUT'!K7,4)
B8: 1 | C8: ='STR INPUT'!C8 -> 0 | D8: =LEFT('STR INPUT'!D8,FIND(",",'STR INPUT'!D8)-1) -> #VALUE! | E8: =TRIM(RIGHT('STR INPUT'!D8,LEN('STR INPUT'!D8)-FIND(",",'STR INPUT'!D8))) -> #VALUE! | F8: ='STR INPUT'!E8 -> 0 | G8: ='STR INPUT'!G8 -> 0 | H8: =LEFT('STR INPUT'!K8,4)
B9: =B8+1 -> 2 | C9: ='STR INPUT'!C9 -> 0 | D9: =LEFT('STR INPUT'!D9,FIND(",",'STR INPUT'!D9)-1) -> #VALUE! | E9: =TRIM(RIGHT('STR INPUT'!D9,LEN('STR INPUT'!D9)-FIND(",",'STR INPUT'!D9))) -> #VALUE! | F9: ='STR INPUT'!E9 -> 0 | G9: ='STR INPUT'!G9 -> 0 | H9: =LEFT('STR INPUT'!K9,4)
B10: =B9+1 -> 3 | C10: ='STR INPUT'!C10 -> 0 | D10: =LEFT('STR INPUT'!D10,FIND(",",'STR INPUT'!D10)-1) -> #VALUE! | E10: =TRIM(RIGHT('STR INPUT'!D10,LEN('STR INPUT'!D10)-FIND(",",'STR INPUT'!D10))) -> #VALUE! | F10: ='STR INPUT'!E10 -> 0 | G10: ='STR INPUT'!G10 -> 0 | H10: =LEFT('STR INPUT'!K10,4)
B11: =B10+1 -> 4 | C11: ='STR INPUT'!C11 -> 0 | D11: =LEFT('STR INPUT'!D11,FIND(",",'STR INPUT'!D11)-1) -> #VALUE! | E11: =TRIM(RIGHT('STR INPUT'!D11,LEN('STR INPUT'!D11)-FIND(",",'STR INPUT'!D11))) -> #VALUE! | F11: ='STR INPUT'!E11 -> 0 | G11: ='STR INPUT'!G11 -> 0 | H11: =LEFT('STR INPUT'!K11,4)
B12: =B11+1 -> 5 | C12: ='STR INPUT'!C12 -> 0 | D12: =LEFT('STR INPUT'!D12,FIND(",",'STR INPUT'!D12)-1) -> #VALUE! | E12: =TRIM(RIGHT('STR INPUT'!D12,LEN('STR INPUT'!D12)-FIND(",",'STR INPUT'!D12))) -> #VALUE! | F12: ='STR INPUT'!E12 -> 0 | G12: ='STR INPUT'!G12 -> 0 | H12: =LEFT('STR INPUT'!K12,4)
B13: =B12+1 -> 6 | C13: ='STR INPUT'!C13 -> 0 | D13: =IFERROR(LEFT('STR INPUT'!D13,FIND(",",'STR INPUT'!D13)-1),"") | E13: =IFERROR(TRIM(RIGHT('STR INPUT'!D13,LEN('STR INPUT'!D13)-FIND(",",'STR INPUT'!D13))),"") | F13: ='STR INPUT'!E13 -> 0 | G13: ='STR INPUT'!G13 -> 0 | H13: =LEFT('STR INPUT'!K13,4)
B14: =B13+1 -> 7 | C14: ='STR INPUT'!C14 -> 0 | D14: =IFERROR(LEFT('STR INPUT'!D14,FIND(",",'STR INPUT'!D14)-1),"") | E14: =IFERROR(TRIM(RIGHT('STR INPUT'!D14,LEN('STR INPUT'!D14)-FIND(",",'STR INPUT'!D14))),"") | F14: ='STR INPUT'!E14 -> 0 | G14: ='STR INPUT'!G14 -> 0 | H14: =LEFT('STR INPUT'!K14,4)
B15: =B14+1 -> 8 | C15: ='STR INPUT'!C15 -> 0 | D15: =IFERROR(LEFT('STR INPUT'!D15,FIND(",",'STR INPUT'!D15)-1),"") | E15: =IFERROR(TRIM(RIGHT('STR INPUT'!D15,LEN('STR INPUT'!D15)-FIND(",",'STR INPUT'!D15))),"") | F15: ='STR INPUT'!E15 -> 0 | G15: ='STR INPUT'!G15 -> 0 | H15: =LEFT('STR INPUT'!K15,4)
B16: =B15+1 -> 9 | C16: ='STR INPUT'!C16 -> 0 | D16: =IFERROR(LEFT('STR INPUT'!D16,FIND(",",'STR INPUT'!D16)-1),"") | E16: =IFERROR(TRIM(RIGHT('STR INPUT'!D16,LEN('STR INPUT'!D16)-FIND(",",'STR INPUT'!D16))),"") | F16: ='STR INPUT'!E16 -> 0 | G16: ='STR INPUT'!G16 -> 0 | H16: =LEFT('STR INPUT'!K16,4)
B17: =B16+1 -> 10 | C17: ='STR INPUT'!C17 -> 0 | D17: =IFERROR(LEFT('STR INPUT'!D17,FIND(",",'STR INPUT'!D17)-1),"") | E17: =IFERROR(TRIM(RIGHT('STR INPUT'!D17,LEN('STR INPUT'!D17)-FIND(",",'STR INPUT'!D17))),"") | F17: ='STR INPUT'!E17 -> 0 | G17: ='STR INPUT'!G17 -> 0 | H17: =LEFT('STR INPUT'!K17,4)
B18: =B17+1 -> 11 | C18: ='STR INPUT'!C18 -> 0 | D18: =IFERROR(LEFT('STR INPUT'!D18,FIND(",",'STR INPUT'!D18)-1),"") | E18: =IFERROR(TRIM(RIGHT('STR INPUT'!D18,LEN('STR INPUT'!D18)-FIND(",",'STR INPUT'!D18))),"") | F18: ='STR INPUT'!E18 -> 0 | G18: ='STR INPUT'!G18 -> 0 | H18: =LEFT('STR INPUT'!K18,4)
B19: Source: Smith Travel Research, Inc. | F19: Subject Rooms: | G19: =G7 -> 0
F20: Total Rooms: | G20: =SUM(G7:G18) -> 0

Sheet STR CHARTS
B2: STR CHARTS

Sheet PROJECTIONS
B2: PROJECTIONS
J3: =H4+1 -> 1 | L3: =J3+1 -> 2 | N3: =L3+1 -> 3 | P3: =N3+1 -> 4 | R3: =P3+1 -> 5 | T3: =R3+1 -> 6 | V3: =T3+1 -> 7 | X3: =V3+1 -> 8 | Z3: =X3+1 -> 9 | AB3: =Z3+1 -> 10
B4: Room Revenue | F4: ='STR INPUT'!AR44 -> 0 | G4: ='STR INPUT'!AS44 -> 0 | H4: ='STR INPUT'!AT44 -> 0 | I4: ="T-12 "&'STR INPUT'!AT7&" "& 'STR INPUT'!AH7 -> T-12 | J4: Year 1 | L4: Year 2 | N4: Year 3 | P4: Year 4 | R4: Year 5 | T4: Year 6 | V4: Year 7 | X4: Year 8 | Z4: Year 9 | AB4: Year 10
B6: Occupancy | F6: ='STR PERFORMANCE'!D10 -> 0 | G6: ='STR PERFORMANCE'!D11 -> 0 | H6: ='STR PERFORMANCE'!D12 -> 0 | I6: ='STR PERFORMANCE'!D15 -> 0 | J6: =I6*(1+J7) -> 0 | L6: =J6*(1+L7) -> 0 | N6: =L6*(1+N7) -> 0 | P6: =N6*(1+P7) -> 0 | R6: =P6*(1+R7) -> 0 | T6: =R6*(1+T7) -> 0 | V6: =T6*(1+V7) -> 0 | X6: =V6*(1+X7) -> 0 | Z6: =X6*(1+Z7) -> 0 | AB6: =Z6*(1+AB7) -> 0
C7: % Change | G7: =(G6-F6)/F6 -> #DIV/0! | H7: =(H6-G6)/G6 -> #DIV/0! | I7: =(I6-H6)/H6 -> #DIV/0!
B9: ADR | F9: ='STR PERFORMANCE'!H10 -> 0 | G9: ='STR PERFORMANCE'!H11 -> 0 | H9: ='STR PERFORMANCE'!H12 -> 0 | I9: ='STR PERFORMANCE'!H15 -> 0 | J9: =I9*(1+J10) -> 0 | L9: =J9*(1+L10) -> 0 | N9: =L9*(1+N10) -> 0 | P9: =N9*(1+P10) -> 0 | R9: =P9*(1+R10) -> 0 | T9: =R9*(1+T10) -> 0 | V9: =T9*(1+V10) -> 0 | X9: =V9*(1+X10) -> 0 | Z9: =X9*(1+Z10) -> 0 | AB9: =Z9*(1+AB10) -> 0
C10: % Change | G10: =(G9-F9)/F9 -> #DIV/0! | H10: =(H9-G9)/G9 -> #DIV/0! | I10: =(I9-H9)/H9 -> #DIV/0!
B12: RevPAR | F12: =F6*F9 -> 0 | G12: =G6*G9 -> 0 | H12: =H6*H9 -> 0 | I12: =I6*I9 -> 0 | J12: =J6*J9 -> 0 | L12: =L6*L9 -> 0 | N12: =N6*N9 -> 0 | P12: =P6*P9 -> 0 | R12: =R6*R9 -> 0 | T12: =T6*T9 -> 0 | V12: =V6*V9 -> 0 | X12: =X6*X9 -> 0 | Z12: =Z6*Z9 -> 0 | AB12: =AB6*AB9 -> 0
C13: % Change | G13: =(G12-F12)/F12 -> #DIV/0! | H13: =(H12-G12)/G12 -> #DIV/0! | I13: =(I12-H12)/H12 -> #DIV/0! | J13: =(J12-I12)/I12 -> #DIV/0! | L13: =(L12-J12)/J12 -> #DIV/0! | N13: =(N12-L12)/L12 -> #DIV/0! | P13: =(P12-N12)/N12 -> #DIV/0! | R13: =(R12-P12)/P12 -> #DIV/0! | T13: =(T12-R12)/R12 -> #DIV/0! | V13: =(V12-T12)/T12 -> #DIV/0! | X13: =(X12-V12)/V12 -> #DIV/0! | Z13: =(Z12-X12)/X12 -> #DIV/0! | AB13: =(AB12-Z12)/Z12 -> #DIV/0!
B15: Room Revenue | F15: =IF('CLEAN P&L'!D6=0,F12*(DATE(YEAR(F4), 12, 31)-DATE(YEAR(F4), 1, 1)+1)*'STR INPUT'!$G$7,'CLEAN P&L'!D6) -> 0 | G15: =IF('CLEAN P&L'!F6=0,G12*(DATE(YEAR(G4), 12, 31)-DATE(YEAR(G4), 1, 1)+1)*'STR INPUT'!$G$7,'CLEAN P&L'!F6) -> 0 | H15: =IF('CLEAN P&L'!H6=0,H12*(DATE(YEAR(H4), 12, 31)-DATE(YEAR(H4), 1, 1)+1)*'STR INPUT'!$G$7,'CLEAN P&L'!H6) -> 0 | I15: =I12*(DATE(YEAR(H4), 12, 31)-DATE(YEAR(H4), 1, 1)+1)*'STR INPUT'!$G$7 -> 0 | J15: =J12*(DATE(YEAR(J3)+1,1,1)-DATE(YEAR(J3),1,1))*'STR INPUT'!$G$7 -> 0 | K15: =K12*(DATE(YEAR(K3)+1,1,1)-DATE(YEAR(K3),1,1))*'STR INPUT'!$G$7 -> 0 | L15: =L12*(DATE(YEAR(L3)+1,1,1)-DATE(YEAR(L3),1,1))*'STR INPUT'!$G$7 -> 0 | M15: =M12*(DATE(YEAR(M3)+1,1,1)-DATE(YEAR(M3),1,1))*'STR INPUT'!$G$7 -> 0 | N15: =N12*(DATE(YEAR(N3)+1,1,1)-DATE(YEAR(N3),1,1))*'STR INPUT'!$G$7 -> 0 | O15: =O12*(DATE(YEAR(O3)+1,1,1)-DATE(YEAR(O3),1,1))*'STR INPUT'!$G$7 -> 0 | P15: =P12*(DATE(YEAR(P3)+1,1,1)-DATE(YEAR(P3),1,1))*'STR INPUT'!$G$7 -> 0 | Q15: =Q12*(DATE(YEAR(Q3)+1,1,1)-DATE(YEAR(Q3),1,1))*'STR INPUT'!$G$7 -> 0 | ... AB15: =AB12*(DATE(YEAR(AB3)+1,1,1)-DATE(YEAR(AB3),1,1))*'STR INPUT'!$G$7 -> 0
B17: Other Revenue & Expenses | D17: Metric | G17: =F4 -> 0 | H17: =G4 -> 0 | I17: =H4 -> 0 | J17: =J4 -> Year 1 | L17: =L4 -> Year 2 | N17: =N4 -> Year 3 | P17: =P4 -> Year 4 | R17: =R4 -> Year 5 | T17: =T4 -> Year 6 | V17: =V4 -> Year 7 | X17: =X4 -> Year 8 | Z17: =Z4 -> Year 9 | AB17: =AB4 -> Year 10
B19: Other Revenue
B20: Other | G20: ='CLEAN P&L'!D8 -> 0 | H20: ='CLEAN P&L'!F8 -> 0 | I20: ='CLEAN P&L'!H8 -> 0 | J20: =J21*(J6*((DATE(YEAR(J3),12,31)-DATE(YEAR(J3),1,1)+1)*'STR INPUT'!$G$7)) -> 0 | L20: =J20*(1+L21) -> 0 | N20: =L20*(1+N21) -> 0 | P20: =N20*(1+P21) -> 0 | R20: =P20*(1+R21) -> 0 | T20: =R20*(1+T21) -> 0 | V20: =T20*(1+V21) -> 0 | X20: =V20*(1+X21) -> 0 | Z20: =X20*(1+Z21) -> 0 | AB20: =Z20*(1+AB21) -> 0
D21: POR | G21: =G20/(F6*(DATE(YEAR(F4), 12, 31)-DATE(YEAR(F4), 1, 1)+1)*'STR INPUT'!$G$7) -> #DIV/0! | H21: =H20/(G6*(DATE(YEAR(G4), 12, 31)-DATE(YEAR(G4), 1, 1)+1)*'STR INPUT'!$G$7) -> #DIV/0! | I21: =I20/(H6*((DATE(YEAR(H4), 12, 31)-DATE(YEAR(H4), 1, 1)+1)*'STR INPUT'!$G$7)) -> #DIV/0!
B23: Food and Beverage | G23: ='CLEAN P&L'!D7 -> 0 | H23: ='CLEAN P&L'!F7 -> 0 | I23: ='CLEAN P&L'!H7 -> 0 | J23: =I23*(1+J24) -> 0 | L23: =J23*(1+L24) -> 0 | N23: =L23*(1+N24) -> 0 | P23: =N23*(1+P24) -> 0 | R23: =P23*(1+R24) -> 0 | T23: =R23*(1+T24) -> 0 | V23: =T23*(1+V24) -> 0 | X23: =V23*(1+X24) -> 0 | Z23: =X23*(1+Z24) -> 0 | AB23: =Z23*(1+AB24) -> 0
D24: % Growth YoY | H24: =IFERROR((H23-G23)/G23,0) -> 0 | I24: =IFERROR((I23-H23)/H23,0) -> 0
B26: ='CLEAN P&L'!B9 -> Other Operated Depts. | G26: ='CLEAN P&L'!D9 -> 0 | H26: ='CLEAN P&L'!F9 -> 0 | I26: ='CLEAN P&L'!H9 -> 0 | J26: =J15*J27 -> 0 | K26: =K15*K27 -> 0 | L26: =L15*L27 -> 0 | M26: =M15*M27 -> 0 | N26: =N15*N27 -> 0 | O26: =O15*O27 -> 0 | P26: =P15*P27 -> 0 | Q26: =Q15*Q27 -> 0 | ... AB26: =AB15*AB27 -> 0
D27: % of Room Revenue | G27: =G26/F15 -> #DIV/0! | H27: =H26/G15 -> #DIV/0! | I27: =I26/H15 -> #DIV/0!
B29: ='CLEAN P&L'!B10 -> Custom | G29: ='CLEAN P&L'!D10 -> 0 | H29: ='CLEAN P&L'!F10 -> 0 | I29: ='CLEAN P&L'!H10 -> 0 | J29: =I29*(1+J30) -> 0 | L29: =J29*(1+L30) -> 0 | N29: =L29*(1+N30) -> 0 | P29: =N29*(1+P30) -> 0 | R29: =P29*(1+R30) -> 0 | T29: =R29*(1+T30) -> 0 | V29: =T29*(1+V30) -> 0 | X29: =V29*(1+X30) -> 0 | Z29: =X29*(1+Z30) -> 0 | AB29: =Z29*(1+AB30) -> 0
D30: % Growth YoY | H30: =IFERROR((H29-G29)/G29,0) -> 0 | I30: =IFERROR((I29-H29)/H29,0) -> 0
B32: Departmental Expenses
B33: Rooms | G33: ='CLEAN P&L'!D15 -> 0 | H33: ='CLEAN P&L'!F15 -> 0 | I33: ='CLEAN P&L'!H15 -> 0 | J33: =J15*J34 -> 0 | L33: =L15*L34 -> 0 | N33: =N15*N34 -> 0 | P33: =P15*P34 -> 0 | R33: =R15*R34 -> 0 | T33: =T15*T34 -> 0 | V33: =V15*V34 -> 0 | X33: =X15*X34 -> 0 | Z33: =Z15*Z34 -> 0 | AB33: =AB15*AB34 -> 0
D34: % of Room Rev | G34: =G33/F15 -> #DIV/0! | H34: =H33/G15 -> #DIV/0! | I34: =I33/H15 -> #DIV/0!
B36: Food and Beverage | G36: ='CLEAN P&L'!D16 -> 0 | H36: ='CLEAN P&L'!F16 -> 0 | I36: ='CLEAN P&L'!H16 -> 0 | J36: =J37*J23 -> 0 | L36: =L37*L23 -> 0 | N36: =N37*N23 -> 0 | P36: =P37*P23 -> 0 | R36: =R37*R23 -> 0 | T36: =T37*T23 -> 0 | V36: =V37*V23 -> 0 | X36: =X37*X23 -> 0 | Z36: =Z37*Z23 -> 0 | AB36: =AB37*AB23 -> 0
D37: % of F&B | G37: =IFERROR(G36/G23,0) -> 0 | H37: =IFERROR(H36/H23,0) -> 0 | I37: =IFERROR(I36/I23,0) -> 0
B39: ='CLEAN P&L'!B17 -> Custom | G39: ='CLEAN P&L'!D17 -> 0 | H39: ='CLEAN P&L'!F17 -> 0 | I39: ='CLEAN P&L'!H17 -> 0 | J39: =J40*J29 -> 0 | L39: =L40*L29 -> 0 | N39: =N40*N29 -> 0 | P39: =P40*P29 -> 0 | R39: =R40*R29 -> 0 | T39: =T40*T29 -> 0 | V39: =V40*V29 -> 0 | X39: =X40*X29 -> 0 | Z39: =Z40*Z29 -> 0 | AB39: =AB40*AB29 -> 0
D40: % of Custom | G40: =IFERROR(G39/G29,0) -> 0 | H40: =IFERROR(H39/H29,0) -> 0 | I40: =IFERROR(I39/I29,0) -> 0
B42: Payroll | G42: ='CLEAN P&L'!D18 -> 0 | H42: ='CLEAN P&L'!F18 -> 0 | I42: ='CLEAN P&L'!H18 -> 0 | J42: =J43*(J15+J20+J23+J26+J29) -> 0 | L42: =L43*(L15+L20+L23+L26+L29) -> 0 | N42: =N43*(N15+N20+N23+N26+N29) -> 0 | P42: =P43*(P15+P20+P23+P26+P29) -> 0 | R42: =R43*(R15+R20+R23+R26+R29) -> 0 | T42: =T43*(T15+T20+T23+T26+T29) -> 0 | V42: =V43*(V15+V20+V23+V26+V29) -> 0 | X42: =X43*(X15+X20+X23+X26+X29) -> 0 | Z42: =Z43*(Z15+Z20+Z23+Z26+Z29) -> 0 | AB42: =AB43*(AB15+AB20+AB23+AB26+AB29) -> 0
D43: % of Gross (Or break and match with Payroll Calculator) | G43: =G42/(F15+G20+G23+G26+G29) -> #DIV/0! | H43: =H42/(G15+H20+H23+H26+H29) -> #DIV/0! | I43: =I42/(H15+I20+I23+I26+I29) -> #DIV/0!
B45: Undistributed Expenses
B46: Administrative & General | G46: ='CLEAN P&L'!D23 -> 0 | H46: ='CLEAN P&L'!F23 -> 0 | I46: ='CLEAN P&L'!H23 -> 0 | J46: =I46*(1+J47) -> 0 | L46: =J46*(1+L47) -> 0 | N46: =L46*(1+N47) -> 0 | P46: =N46*(1+P47) -> 0 | R46: =P46*(1+R47) -> 0 | T46: =R46*(1+T47) -> 0 | V46: =T46*(1+V47) -> 0 | X46: =V46*(1+X47) -> 0 | Z46: =X46*(1+Z47) -> 0 | AB46: =Z46*(1+AB47) -> 0
D47: % Growth YoY | H47: =IFERROR((H46-G46)/G46,0) -> 0 | I47: =(I46-H46)/H46 -> #DIV/0!
B49: A&G Credit Card Commissions | G49: ='CLEAN P&L'!D24 -> 0 | H49: ='CLEAN P&L'!F24 -> 0 | I49: ='CLEAN P&L'!H24 -> 0 | J49: =(J15+J20+J23+J26+J29)*J50 -> 0 | L49: =(L15+L20+L23+L26+L29)*L50 -> 0 | N49: =(N15+N20+N23+N26+N29)*N50 -> 0 | P49: =(P15+P20+P23+P26+P29)*P50 -> 0 | R49: =(R15+R20+R23+R26+R29)*R50 -> 0 | T49: =(T15+T20+T23+T26+T29)*T50 -> 0 | V49: =(V15+V20+V23+V26+V29)*V50 -> 0 | X49: =(X15+X20+X23+X26+X29)*X50 -> 0 | Z49: =(Z15+Z20+Z23+Z26+Z29)*Z50 -> 0 | AB49: =(AB15+AB20+AB23+AB26+AB29)*AB50 -> 0
D50: % of Gross | G50: =G49/(F15+G20+G23+G26+G29) -> #DIV/0! | H50: =H49/(G15+H20+H23+H26+H29) -> #DIV/0! | I50: =I49/(H15+I20+I23+I26+I29) -> #DIV/0!
B52: Sales & Marketing | G52: ='CLEAN P&L'!D25 -> 0 | H52: ='CLEAN P&L'!F25 -> 0 | I52: ='CLEAN P&L'!H25 -> 0 | J52: =I52*(1+J53) -> 0 | L52: =J52*(1+L53) -> 0 | N52: =L52*(1+N53) -> 0 | P52: =N52*(1+P53) -> 0 | R52: =P52*(1+R53) -> 0 | T52: =R52*(1+T53) -> 0 | V52: =T52*(1+V53) -> 0 | X52: =V52*(1+X53) -> 0 | Z52: =X52*(1+Z53) -> 0 | AB52: =Z52*(1+AB53) -> 0
D53: % Growth YoY | H53: =IFERROR((H52-G52)/G52,0) -> 0 | I53: =(I52-H52)/H52 -> #DIV/0!
B55: Franchise Fees | G55: ='CLEAN P&L'!D26 -> 0 | H55: ='CLEAN P&L'!F26 -> 0 | I55: ='CLEAN P&L'!H26 -> 0 | J55: =J56*J15 -> 0 | L55: =L56*L15 -> 0 | N55: =N56*N15 -> 0 | P55: =P56*P15 -> 0 | R55: =R56*R15 -> 0 | T55: =T56*T15 -> 0 | V55: =V56*V15 -> 0 | X55: =X56*X15 -> 0 | Z55: =Z56*Z15 -> 0 | AB55: =AB56*AB15 -> 0
D56: % of Room Revenue | G56: =G55/F15 -> #DIV/0! | H56: =H55/G15 -> #DIV/0! | I56: =I55/H15 -> #DIV/0!
B58: Utility Costs | G58: ='CLEAN P&L'!D27 -> 0 | H58: ='CLEAN P&L'!F27 -> 0 | I58: ='CLEAN P&L'!H27 -> 0 | J58: =J59*(J6*(DATE(YEAR(J3), 12, 31)-DATE(YEAR(J3), 1, 1)+1)*'STR INPUT'!$G$7) -> 0 | L58: =L59*(L6*(DATE(YEAR(L3), 12, 31)-DATE(YEAR(L3), 1, 1)+1)*'STR INPUT'!$G$7) -> 0 | N58: =N59*(N6*(DATE(YEAR(N3), 12, 31)-DATE(YEAR(N3), 1, 1)+1)*'STR INPUT'!$G$7) -> 0 | P58: =P59*(P6*(DATE(YEAR(P3), 12, 31)-DATE(YEAR(P3), 1, 1)+1)*'STR INPUT'!$G$7) -> 0 | R58: =R59*(R6*(DATE(YEAR(R3), 12, 31)-DATE(YEAR(R3), 1, 1)+1)*'STR INPUT'!$G$7) -> 0 | T58: =T59*(T6*(DATE(YEAR(T3), 12, 31)-DATE(YEAR(T3), 1, 1)+1)*'STR INPUT'!$G$7) -> 0 | V58: =V59*(V6*(DATE(YEAR(V3), 12, 31)-DATE(YEAR(V3), 1, 1)+1)*'STR INPUT'!$G$7) -> 0 | X58: =X59*(X6*(DATE(YEAR(X3), 12, 31)-DATE(YEAR(X3), 1, 1)+1)*'STR INPUT'!$G$7) -> 0 | Z58: =Z59*(Z6*(DATE(YEAR(Z3), 12, 31)-DATE(YEAR(Z3), 1, 1)+1)*'STR INPUT'!$G$7) -> 0 | AB58: =AB59*(AB6*(DATE(YEAR(AB3), 12, 31)-DATE(YEAR(AB3), 1, 1)+1)*'STR INPUT'!$G$7) -> 0
D59: POR | G59: =G58/(F6*(DATE(YEAR(F4), 12, 31)-DATE(YEAR(F4), 1, 1)+1)*'STR INPUT'!$G$7) -> #DIV/0! | H59: =H58/(G6*(DATE(YEAR(G4), 12, 31)-DATE(YEAR(G4), 1, 1)+1)*'STR INPUT'!$G$7) -> #DIV/0! | I59: =I58/(H6*(DATE(YEAR(H4), 12, 31)-DATE(YEAR(H4), 1, 1)+1)*'STR INPUT'!$G$7) -> #DIV/0!
B61: Property Operations & Maintenance | G61: ='CLEAN P&L'!D28 -> 0 | H61: ='CLEAN P&L'!F28 -> 0 | I61: ='CLEAN P&L'!H28 -> 0 | J61: =J62*'STR INPUT'!$G$7 -> 0 | L61: =L62*'STR INPUT'!$G$7 -> 0 | N61: =N62*'STR INPUT'!$G$7 -> 0 | P61: =P62*'STR INPUT'!$G$7 -> 0 | R61: =R62*'STR INPUT'!$G$7 -> 0 | T61: =T62*'STR INPUT'!$G$7 -> 0 | V61: =V62*'STR INPUT'!$G$7 -> 0 | X61: =X62*'STR INPUT'!$G$7 -> 0 | Z61: =Z62*'STR INPUT'!$G$7 -> 0 | AB61: =AB62*'STR INPUT'!$G$7 -> 0
D62: Per Key | G62: =G61/'STR INPUT'!$G$7 -> #DIV/0! | H62: =H61/'STR INPUT'!$G$7 -> #DIV/0! | I62: =I61/'STR INPUT'!$G$7 -> #DIV/0!
B64: Info & Telecom Systems | G64: ='CLEAN P&L'!D29 -> 0 | H64: ='CLEAN P&L'!F29 -> 0 | I64: ='CLEAN P&L'!H29 -> 0 | J64: =I64*(1+J65) -> 0 | L64: =J64*(1+L65) -> 0 | N64: =L64*(1+N65) -> 0 | P64: =N64*(1+P65) -> 0 | R64: =P64*(1+R65) -> 0 | T64: =R64*(1+T65) -> 0 | V64: =T64*(1+V65) -> 0 | X64: =V64*(1+X65) -> 0 | Z64: =X64*(1+Z65) -> 0 | AB64: =Z64*(1+AB65) -> 0
D65: % Growth YoY | H65: =IFERROR((H64-G64)/G64,0) -> 0 | I65: =(I64-H64)/H64 -> #DIV/0!
B67: Fixed Costs
B68: Property Taxes | F68: Suggested Year 1 | G68: ='CLEAN P&L'!D34 -> 0 | H68: ='CLEAN P&L'!F34 -> 0 | I68: ='CLEAN P&L'!H34 -> 0 | J68: =I68*(1+J69) -> 0 | L68: =J68*(1+L69) -> 0 | N68: =L68*(1+N69) -> 0 | P68: =N68*(1+P69) -> 0 | R68: =P68*(1+R69) -> 0 | T68: =R68*(1+T69) -> 0 | V68: =T68*(1+V69) -> 0 | X68: =V68*(1+X69) -> 0 | Z68: =X68*(1+Z69) -> 0 | AB68: =Z68*(1+AB69) -> 0
D69: % Growth YoY | F69: =INPUTS!L12 | H69: =IFERROR((H68-G68)/G68,0) -> 0 | I69: =(I68-H68)/H68 -> #DIV/0!
B71: Insurance | G71: ='CLEAN P&L'!D35 -> 0 | H71: ='CLEAN P&L'!F35 -> 0 | I71: ='CLEAN P&L'!H35 -> 0 | J71: =J72*'STR INPUT'!$G$7 -> 0 | L71: =L72*'STR INPUT'!$G$7 -> 0 | N71: =N72*'STR INPUT'!$G$7 -> 0 | P71: =P72*'STR INPUT'!$G$7 -> 0 | R71: =R72*'STR INPUT'!$G$7 -> 0 | T71: =T72*'STR INPUT'!$G$7 -> 0 | V71: =V72*'STR INPUT'!$G$7 -> 0 | X71: =X72*'STR INPUT'!$G$7 -> 0 | Z71: =Z72*'STR INPUT'!$G$7 -> 0 | AB71: =AB72*'STR INPUT'!$G$7 -> 0
D72: Per Key | G72: =G71/'STR INPUT'!$G$7 -> #DIV/0! | H72: =H71/'STR INPUT'!$G$7 -> #DIV/0! | I72: =I71/'STR INPUT'!$G$7 -> #DIV/0!
B74: Rent Expense | G74: ='CLEAN P&L'!D36 -> 0 | H74: ='CLEAN P&L'!F36 -> 0 | I74: ='CLEAN P&L'!H36 -> 0 | J74: =I74*(1+J75) -> 0 | L74: =J74*(1+L75) -> 0 | N74: =L74*(1+N75) -> 0 | P74: =N74*(1+P75) -> 0 | R74: =P74*(1+R75) -> 0 | T74: =R74*(1+T75) -> 0 | V74: =T74*(1+V75) -> 0 | X74: =V74*(1+X75) -> 0 | Z74: =X74*(1+Z75) -> 0 | AB74: =Z74*(1+AB75) -> 0
D75: % Growth YoY | H75: =IFERROR((H74-G74)/G74,0) -> 0 | I75: =(I74-H74)/H74 -> #DIV/0!
B77: Other | G77: ='CLEAN P&L'!D37 -> 0 | H77: ='CLEAN P&L'!F37 -> 0 | I77: ='CLEAN P&L'!H37 -> 0 | J77: =I77*(1+J78) -> 0 | L77: =J77*(1+L78) -> 0 | N77: =L77*(1+N78) -> 0 | P77: =N77*(1+P78) -> 0 | R77: =P77*(1+R78) -> 0 | T77: =R77*(1+T78) -> 0 | V77: =T77*(1+V78) -> 0 | X77: =V77*(1+X78) -> 0 | Z77: =X77*(1+Z78) -> 0 | AB77: =Z77*(1+AB78) -> 0
D78: % Growth YoY | H78: =IFERROR((H77-G77)/G77,0) -> 0 | I78: =(I77-H77)/H77 -> #DIV/0!
B80: Management | G80: ='CLEAN P&L'!D42 -> 0 | H80: ='CLEAN P&L'!F42 -> 0 | I80: ='CLEAN P&L'!H42 -> 0 | J80: =J81*(J15+J20+J23+J26+J29) -> 0 | L80: =L81*(L15+L20+L23+L26+L29) -> 0 | N80: =N81*(N15+N20+N23+N26+N29) -> 0 | P80: =P81*(P15+P20+P23+P26+P29) -> 0 | R80: =R81*(R15+R20+R23+R26+R29) -> 0 | T80: =T81*(T15+T20+T23+T26+T29) -> 0 | V80: =V81*(V15+V20+V23+V26+V29) -> 0 | X80: =X81*(X15+X20+X23+X26+X29) -> 0 | Z80: =Z81*(Z15+Z20+Z23+Z26+Z29) -> 0 | AB80: =AB81*(AB15+AB20+AB23+AB26+AB29) -> 0
D81: % of Gross | G81: =G80/(F15+G20+G23+G26+G29) -> #DIV/0! | H81: =H80/(G15+H20+H23+H26+H29) -> #DIV/0! | I81: =I80/(H15+I20+I23+I26+I29) -> #DIV/0!
B83: Reserves | G83: ='CLEAN P&L'!D41 -> 0 | H83: ='CLEAN P&L'!F41 -> 0 | I83: ='CLEAN P&L'!H41 -> 0 | J83: =J84*(J15+J20+J23+J26+J29) -> 0 | L83: =L84*(L15+L20+L23+L26+L29) -> 0 | N83: =N84*(N15+N20+N23+N26+N29) -> 0 | P83: =P84*(P15+P20+P23+P26+P29) -> 0 | R83: =R84*(R15+R20+R23+R26+R29) -> 0 | T83: =T84*(T15+T20+T23+T26+T29) -> 0 | V83: =V84*(V15+V20+V23+V26+V29) -> 0 | X83: =X84*(X15+X20+X23+X26+X29) -> 0 | Z83: =Z84*(Z15+Z20+Z23+Z26+Z29) -> 0 | AB83: =AB84*(AB15+AB20+AB23+AB26+AB29) -> 0
D84: % of Gross | G84: =G83/(F15+G20+G23+G26+G29) -> #DIV/0! | H84: =H83/(G15+H20+H23+H26+H29) -> #DIV/0! | I84: =I83/(H15+I20+I23+I26+I29) -> #DIV/0!
B86: NOI | G86: =(G15+G20+G23+G26+G29)-(G33+G36+G39+G42+G46+G49+G52+G55+G58+G61+G64+G68+G71+G74+G77+G80+G83) -> 0 | H86: =(H15+H20+H23+H26+H29)-(H33+H36+H39+H42+H46+H49+H52+H55+H58+H61+H64+H68+H71+H74+H77+H80+H83) -> 0 | I86: =(I15+I20+I23+I26+I29)-(I33+I36+I39+I42+I46+I49+I52+I55+I58+I61+I64+I68+I71+I74+I77+I80+I83) -> 0 | J86: =(J15+J20+J23+J26+J29)-(J33+J36+J39+J42+J46+J49+J52+J55+J58+J61+J64+J68+J71+J74+J77+J80+J83) -> 0 | L86: =(L15+L20+L23+L26+L29)-(L33+L36+L39+L42+L46+L49+L52+L55+L58+L61+L64+L68+L71+L74+L77+L80+L83) -> 0 | N86: =(N15+N20+N23+N26+N29)-(N33+N36+N39+N42+N46+N49+N52+N55+N58+N61+N64+N68+N71+N74+N77+N80+N83) -> 0 | P86: =(P15+P20+P23+P26+P29)-(P33+P36+P39+P42+P46+P49+P52+P55+P58+P61+P64+P68+P71+P74+P77+P80+P83) -> 0 | R86: =(R15+R20+R23+R26+R29)-(R33+R36+R39+R42+R46+R49+R52+R55+R58+R61+R64+R68+R71+R74+R77+R80+R83) -> 0 | T86: =(T15+T20+T23+T26+T29)-(T33+T36+T39+T42+T46+T49+T52+T55+T58+T61+T64+T68+T71+T74+T77+T80+T83) -> 0 | V86: =(V15+V20+V23+V26+V29)-(V33+V36+V39+V42+V46+V49+V52+V55+V58+V61+V64+V68+V71+V74+V77+V80+V83) -> 0 | X86: =(X15+X20+X23+X26+X29)-(X33+X36+X39+X42+X46+X49+X52+X55+X58+X61+X64+X68+X71+X74+X77+X80+X83) -> 0 | Z86: =(Z15+Z20+Z23+Z26+Z29)-(Z33+Z36+Z39+Z42+Z46+Z49+Z52+Z55+Z58+Z61+Z64+Z68+Z71+Z74+Z77+Z80+Z83) -> 0 | AB86: =(AB15+AB20+AB23+AB26+AB29)-(AB33+AB36+AB39+AB42+AB46+AB49+AB52+AB55+AB58+AB61+AB64+AB68+AB71+AB74+AB77+AB80+AB83) -> 0

Sheet PRO FORMA
B2: Pro Forma
B4: Annualized | E4: =C5+1 -> 1 | G4: =E4+1 -> 2 | I4: =G4+1 -> 3 | K4: =I4+1 -> 4 | M4: =K4+1 -> 5 | O4: =M4+1 -> 6 | Q4: =O4+1 -> 7 | S4: =Q4+1 -> 8 | U4: =S4+1 -> 9 | W4: =U4+1 -> 10
B5: Item | C5: =PROJECTIONS!H4 -> 0 | E5: 1 | G5: =IF(E5="","",IF(E5+1<=INPUTS!$I$13,E5+1,"")) | I5: =IF(G5="","",IF(G5+1<=INPUTS!$I$13,G5+1,"")) | K5: =IF(I5="","",IF(I5+1<=INPUTS!$I$13,I5+1,"")) | M5: =IF(K5="","",IF(K5+1<=INPUTS!$I$13,K5+1,"")) | O5: =IF(M5="","",IF(M5+1<=INPUTS!$I$13,M5+1,"")) | Q5: =IF(O5="","",IF(O5+1<=INPUTS!$I$13,O5+1,"")) | S5: =IF(Q5="","",IF(Q5+1<=INPUTS!$I$13,Q5+1,"")) | U5: =IF(S5="","",IF(S5+1<=INPUTS!$I$13,S5+1,"")) | W5: =IF(U5="","",IF(U5+1<=INPUTS!$I$13,U5+1,""))
B6: METRICS
B7: Rooms | C7: ='STR INPUT'!$G$7 -> 0 | E7: =IF(E5="","",C7) -> 0 | G7: =E7 -> 0 | I7: =G7 -> 0 | K7: =I7 -> 0 | M7: =K7 -> 0 | O7: =M7 -> 0 | Q7: =O7 -> 0 | S7: =Q7 -> 0 | U7: =S7 -> 0 | W7: =U7 -> 0
B8: Available Rooms | C8: =(DATE(YEAR(C5), 12, 31)-DATE(YEAR(C5), 1, 1)+1)*'STR INPUT'!$G$7 -> 0 | E8: =IF(E5="","",(DATE(E4+1,1,1)-DATE(E4,1,1))*'STR INPUT'!$G$7) -> 0 | G8: =IF(G5="","",(DATE(G4+1,1,1)-DATE(G4,1,1))*'STR INPUT'!$G$7) | I8: =IF(I5="","",(DATE(I4+1,1,1)-DATE(I4,1,1))*'STR INPUT'!$G$7) | K8: =IF(K5="","",(DATE(K4+1,1,1)-DATE(K4,1,1))*'STR INPUT'!$G$7) | M8: =IF(M5="","",(DATE(M4+1,1,1)-DATE(M4,1,1))*'STR INPUT'!$G$7) | O8: =IF(O5="","",(DATE(O4+1,1,1)-DATE(O4,1,1))*'STR INPUT'!$G$7) | Q8: =IF(Q5="","",(DATE(Q4+1,1,1)-DATE(Q4,1,1))*'STR INPUT'!$G$7) | S8: =IF(S5="","",(DATE(S4+1,1,1)-DATE(S4,1,1))*'STR INPUT'!$G$7) | U8: =IF(U5="","",(DATE(U4+1,1,1)-DATE(U4,1,1))*'STR INPUT'!$G$7) | W8: =IF(W5="","",(DATE(W4+1,1,1)-DATE(W4,1,1))*'STR INPUT'!$G$7)
B9: Rooms Sold | C9: =C10*C8 -> 0 | E9: =IF(E5="","",E10*E8) -> 0 | G9: =IF(G5="","",G10*G8) | I9: =IF(I5="","",I10*I8) | K9: =IF(K5="","",K10*K8) | M9: =IF(M5="","",M10*M8) | O9: =IF(O5="","",O10*O8) | Q9: =IF(Q5="","",Q10*Q8) | S9: =IF(S5="","",S10*S8) | U9: =IF(U5="","",U10*U8) | W9: =IF(W5="","",W10*W8)
B10: Occupancy | C10: ='STR PERFORMANCE'!D12 -> 0 | E10: =IF(E5="","",PROJECTIONS!J6) -> 0 | G10: =IF(G5="","",PROJECTIONS!L6) | I10: =IF(I5="","",PROJECTIONS!N6) | K10: =IF(K5="","",PROJECTIONS!P6) | M10: =IF(M5="","",PROJECTIONS!R6) | O10: =IF(O5="","",PROJECTIONS!T6) | Q10: =IF(Q5="","",PROJECTIONS!V6) | S10: =IF(S5="","",PROJECTIONS!X6) | U10: =IF(U5="","",PROJECTIONS!Z6) | W10: =IF(W5="","",PROJECTIONS!AB6)
B11: ADR | C11: ='STR PERFORMANCE'!H12 -> 0 | E11: =IF(E5="","",PROJECTIONS!J9) -> 0 | G11: =IF(G5="","",PROJECTIONS!L9) | I11: =IF(I5="","",PROJECTIONS!N9) | K11: =IF(K5="","",PROJECTIONS!P9) | M11: =IF(M5="","",PROJECTIONS!R9) | O11: =IF(O5="","",PROJECTIONS!T9) | Q11: =IF(Q5="","",PROJECTIONS!V9) | S11: =IF(S5="","",PROJECTIONS!X9) | U11: =IF(U5="","",PROJECTIONS!Z9) | W11: =IF(W5="","",PROJECTIONS!AB9)
B12: RevPAR | C12: ='STR PERFORMANCE'!L12 -> 0 | E12: =IF(E5="","",PROJECTIONS!J12) -> 0 | G12: =IF(G5="","",PROJECTIONS!L12) | I12: =IF(I5="","",PROJECTIONS!N12) | K12: =IF(K5="","",PROJECTIONS!P12) | M12: =IF(M5="","",PROJECTIONS!R12) | O12: =IF(O5="","",PROJECTIONS!T12) | Q12: =IF(Q5="","",PROJECTIONS!V12) | S12: =IF(S5="","",PROJECTIONS!X12) | U12: =IF(U5="","",PROJECTIONS!Z12) | W12: =IF(W5="","",PROJECTIONS!AB12)
B13: Revenue/Room | C13: =C17/C7 -> #DIV/0! | E13: =IF(E5="","",E17/E7) -> #DIV/0! | G13: =IF(G5="","",G17/G7) | I13: =IF(I5="","",I17/I7) | K13: =IF(K5="","",K17/K7) | M13: =IF(M5="","",M17/M7) | O13: =IF(O5="","",O17/O7) | Q13: =IF(Q5="","",Q17/Q7) | S13: =IF(S5="","",S17/S7) | U13: =IF(U5="","",U17/U7) | W13: =IF(W5="","",W17/W7)
B14: Expense/Occupied Room | C14: =(C30+C41+C49+C52+C53)/C9 -> #DIV/0! | E14: =IF(E5="","",(E30+E41+E49+E52+E53)/E9) -> #DIV/0! | G14: =IF(G5="","",(G30+G41+G49+G52+G53)/G9) | I14: =IF(I5="","",(I30+I41+I49+I52+I53)/I9) | K14: =IF(K5="","",(K30+K41+K49+K52+K53)/K9) | M14: =IF(M5="","",(M30+M41+M49+M52+M53)/M9) | O14: =IF(O5="","",(O30+O41+O49+O52+O53)/O9) | Q14: =IF(Q5="","",(Q30+Q41+Q49+Q52+Q53)/Q9) | S14: =IF(S5="","",(S30+S41+S49+S52+S53)/S9) | U14: =IF(U5="","",(U30+U41+U49+U52+U53)/U9) | W14: =IF(W5="","",(W30+W41+W49+W52+W53)/W9)
B16: ='CLEAN P&L'!B5 -> INCOME | C16: =C5 -> 0 | D16: %'s | E16: =E5 -> 1 | F16: =IF(E5="","","%'s") -> %'s | G16: =G5 | H16: =IF(G5="","","%'s") | I16: =I5 | J16: =IF(I5="","","%'s") | K16: =K5 | L16: =IF(K5="","","%'s") | M16: =M5 | N16: =IF(M5="","","%'s") | O16: =O5 | P16: =IF(O5="","","%'s") | Q16: =Q5 | R16: =IF(Q5="","","%'s") | S16: =S5 | T16: =IF(S5="","","%'s") | U16: =U5 | V16: =IF(U5="","","%'s") | W16: =W5 | X16: =IF(W5="","","%'s")
B17: ='CLEAN P&L'!B6 -> Room Revenue | C17: ='CLEAN P&L'!H6 -> 0 | D17: =C17/$C$22 -> #DIV/0! | E17: =IF(E5="","",PROJECTIONS!J15) -> 0 | F17: =IF(E5="","",E17/E22) -> #DIV/0! | G17: =IF(G5="","",PROJECTIONS!L15) | H17: =IF(G5="","",G17/G22) | I17: =IF(I5="","",PROJECTIONS!N15) | J17: =IF(I5="","",I17/I22) | K17: =IF(K5="","",PROJECTIONS!P15) | L17: =IF(K5="","",K17/K22) | M17: =IF(M5="","",PROJECTIONS!R15) | N17: =IF(M5="","",M17/M22) | O17: =IF(O5="","",PROJECTIONS!T15) | P17: =IF(O5="","",O17/O22) | Q17: =IF(Q5="","",PROJECTIONS!V15) | R17: =IF(Q5="","",Q17/Q22) | S17: =IF(S5="","",PROJECTIONS!X15) | T17: =IF(S5="","",S17/S22) | U17: =IF(U5="","",PROJECTIONS!Z15) | V17: =IF(U5="","",U17/U22) | W17: =IF(W5="","",PROJECTIONS!AB15) | X17: =IF(W5="","",W17/W22)
B18: ='CLEAN P&L'!B7 -> Food & Beverage | C18: ='CLEAN P&L'!H7 -> 0 | D18: =C18/$C$22 -> #DIV/0! | E18: =IF(E5="","",PROJECTIONS!J20) -> 0 | F18: =IF(E5="","",E18/E22) -> #DIV/0! | G18: =IF(G5="","",PROJECTIONS!L20) | H18: =IF(G5="","",G18/G22) | I18: =IF(I5="","",PROJECTIONS!N20) | J18: =IF(I5="","",I18/I22) | K18: =IF(K5="","",PROJECTIONS!P20) | L18: =IF(K5="","",K18/K22) | M18: =IF(M5="","",PROJECTIONS!R20) | N18: =IF(M5="","",M18/M22) | O18: =IF(O5="","",PROJECTIONS!T20) | P18: =IF(O5="","",O18/O22) | Q18: =IF(Q5="","",PROJECTIONS!V20) | R18: =IF(Q5="","",Q18/Q22) | S18: =IF(S5="","",PROJECTIONS!X20) | T18: =IF(S5="","",S18/S22) | U18: =IF(U5="","",PROJECTIONS!Z20) | V18: =IF(U5="","",U18/U22) | W18: =IF(W5="","",PROJECTIONS!AB20) | X18: =IF(W5="","",W18/W22)
B19: ='CLEAN P&L'!B8 -> Other Income | C19: ='CLEAN P&L'!H8 -> 0 | D19: =C19/$C$22 -> #DIV/0! | E19: =IF(E5="","",PROJECTIONS!J23) -> 0 | F19: =IF(E5="","",E19/E22) -> #DIV/0! | G19: =IF(G5="","",PROJECTIONS!L23) | H19: =IF(G5="","",G19/G22) | I19: =IF(I5="","",PROJECTIONS!N23) | J19: =IF(I5="","",I19/I22) | K19: =IF(K5="","",PROJECTIONS!P23) | L19: =IF(K5="","",K19/K22) | M19: =IF(M5="","",PROJECTIONS!R23) | N19: =IF(M5="","",M19/M22) | O19: =IF(O5="","",PROJECTIONS!T23) | P19: =IF(O5="","",O19/O22) | Q19: =IF(Q5="","",PROJECTIONS!V23) | R19: =IF(Q5="","",Q19/Q22) | S19: =IF(S5="","",PROJECTIONS!X23) | T19: =IF(S5="","",S19/S22) | U19: =IF(U5="","",PROJECTIONS!Z23) | V19: =IF(U5="","",U19/U22) | W19: =IF(W5="","",PROJECTIONS!AB23) | X19: =IF(W5="","",W19/W22)
B20: ='CLEAN P&L'!B9 -> Other Operated Depts. | C20: ='CLEAN P&L'!H9 -> 0 | D20: =C20/$C$22 -> #DIV/0! | E20: =IF(E5="","",PROJECTIONS!J26) -> 0 | F20: =IF(E5="","",E20/E22) -> #DIV/0! | G20: =IF(G5="","",PROJECTIONS!L26) | H20: =IF(G5="","",G20/G22) | I20: =IF(I5="","",PROJECTIONS!N26) | J20: =IF(I5="","",I20/I22) | K20: =IF(K5="","",PROJECTIONS!P26) | L20: =IF(K5="","",K20/K22) | M20: =IF(M5="","",PROJECTIONS!R26) | N20: =IF(M5="","",M20/M22) | O20: =IF(O5="","",PROJECTIONS!T26) | P20: =IF(O5="","",O20/O22) | Q20: =IF(Q5="","",PROJECTIONS!V26) | R20: =IF(Q5="","",Q20/Q22) | S20: =IF(S5="","",PROJECTIONS!X26) | T20: =IF(S5="","",S20/S22) | U20: =IF(U5="","",PROJECTIONS!Z26) | V20: =IF(U5="","",U20/U22) | W20: =IF(W5="","",PROJECTIONS!AB26) | X20: =IF(W5="","",W20/W22)
B21: ='CLEAN P&L'!B10 -> Custom | C21: ='CLEAN P&L'!H10 -> 0 | D21: =C21/$C$22 -> #DIV/0! | E21: =IF(E5="","",PROJECTIONS!J29) -> 0 | F21: =IF(E5="","",E21/E22) -> #DIV/0! | G21: =IF(G5="","",PROJECTIONS!L29) | H21: =IF(G5="","",G21/G22) | I21: =IF(I5="","",PROJECTIONS!N29) | J21: =IF(I5="","",I21/I22) | K21: =IF(K5="","",PROJECTIONS!P29) | L21: =IF(K5="","",K21/K22) | M21: =IF(M5="","",PROJECTIONS!R29) | N21: =IF(M5="","",M21/M22) | O21: =IF(O5="","",PROJECTIONS!T29) | P21: =IF(O5="","",O21/O22) | Q21: =IF(Q5="","",PROJECTIONS!V29) | R21: =IF(Q5="","",Q21/Q22) | S21: =IF(S5="","",PROJECTIONS!X29) | T21: =IF(S5="","",S21/S22) | U21: =IF(U5="","",PROJECTIONS!Z29) | V21: =IF(U5="","",U21/U22) | W21: =IF(W5="","",PROJECTIONS!AB29) | X21: =IF(W5="","",W21/W22)
B22: ='CLEAN P&L'!B11 -> TOTAL INCOME | C22: =SUM(C17:C21) -> 0 | D22: =C22/(C17+C19+C18+C20+C21) -> #DIV/0! | E22: =IF(E5="","",SUM(E17:E21)) -> 0 | F22: =IF(E5="","",E22/(E17+E19+E18+E20+E21)) -> #DIV/0! | G22: =IF(G5="","",SUM(G17:G21)) | H22: =IF(G5="","",G22/(G17+G19+G18+G20+G21)) | I22: =IF(I5="","",SUM(I17:I21)) | J22: =IF(I5="","",I22/(I17+I19+I18+I20+I21)) | K22: =IF(K5="","",SUM(K17:K21)) | L22: =IF(K5="","",K22/(K17+K19+K18+K20+K21)) | M22: =IF(M5="","",SUM(M17:M21)) | N22: =IF(M5="","",M22/(M17+M19+M18+M20+M21)) | O22: =IF(O5="","",SUM(O17:O21)) | P22: =IF(O5="","",O22/(O17+O19+O18+O20+O21)) | Q22: =IF(Q5="","",SUM(Q17:Q21)) | R22: =IF(Q5="","",Q22/(Q17+Q19+Q18+Q20+Q21)) | S22: =IF(S5="","",SUM(S17:S21)) | T22: =IF(S5="","",S22/(S17+S19+S18+S20+S21)) | U22: =IF(U5="","",SUM(U17:U21)) | V22: =IF(U5="","",U22/(U17+U19+U18+U20+U21)) | W22: =IF(W5="","",SUM(W17:W21)) | X22: =IF(W5="","",W22/(W17+W19+W18+W20+W21))
B24: ='CLEAN P&L'!B13 -> EXPENSES
B25: ='CLEAN P&L'!B14 -> Departmental Expenses
B26: ='CLEAN P&L'!B15 -> Rooms | C26: ='CLEAN P&L'!H15 -> 0 | D26: =C26/C17 -> #DIV/0! | E26: =IF(E5="","",PROJECTIONS!J33) -> 0 | F26: =IF(E5="","",E26/E17) -> #DIV/0! | G26: =IF(G5="","",PROJECTIONS!L33) | H26: =IF(G5="","",G26/G17) | I26: =IF(I5="","",PROJECTIONS!N33) | J26: =IF(I5="","",I26/I17) | K26: =IF(K5="","",PROJECTIONS!P33) | L26: =IF(K5="","",K26/K17) | M26: =IF(M5="","",PROJECTIONS!R33) | N26: =IF(M5="","",M26/M17) | O26: =IF(O5="","",PROJECTIONS!T33) | P26: =IF(O5="","",O26/O17) | Q26: =IF(Q5="","",PROJECTIONS!V33) | R26: =IF(Q5="","",Q26/Q17) | S26: =IF(S5="","",PROJECTIONS!X33) | T26: =IF(S5="","",S26/S17) | U26: =IF(U5="","",PROJECTIONS!Z33) | V26: =IF(U5="","",U26/U17) | W26: =IF(W5="","",PROJECTIONS!AB33) | X26: =IF(W5="","",W26/W17)
B27: ='CLEAN P&L'!B16 -> Food & Beverage | C27: ='CLEAN P&L'!H16 -> 0 | D27: =IFERROR(C27/C18,0) -> 0 | E27: =IF(E5="","",PROJECTIONS!J36) -> 0 | F27: =IF(E5="","",E27/E18) -> #DIV/0! | G27: =IF(G5="","",PROJECTIONS!L36) | H27: =IF(G5="","",G27/G18) | I27: =IF(I5="","",PROJECTIONS!N36) | J27: =IF(I5="","",I27/I18) | K27: =IF(K5="","",PROJECTIONS!P36) | L27: =IF(K5="","",K27/K18) | M27: =IF(M5="","",PROJECTIONS!R36) | N27: =IF(M5="","",M27/M18) | O27: =IF(O5="","",PROJECTIONS!T36) | P27: =IF(O5="","",O27/O18) | Q27: =IF(Q5="","",PROJECTIONS!V36) | R27: =IF(Q5="","",Q27/Q18) | S27: =IF(S5="","",PROJECTIONS!X36) | T27: =IF(S5="","",S27/S18) | U27: =IF(U5="","",PROJECTIONS!Z36) | V27: =IF(U5="","",U27/U18) | W27: =IF(W5="","",PROJECTIONS!AB36) | X27: =IF(W5="","",W27/W18)
B28: ='CLEAN P&L'!B17 -> Custom | C28: ='CLEAN P&L'!H17 -> 0 | D28: =IFERROR(C28/C21,0) -> 0 | E28: =IF(E5="","",PROJECTIONS!J39) -> 0 | F28: =IF(E5="","",IFERROR(E28/E21,0)) -> 0 | G28: =IF(G5="","",PROJECTIONS!L39) | H28: =IF(G5="","",IFERROR(G28/G21,0)) | I28: =IF(I5="","",PROJECTIONS!N39) | J28: =IF(I5="","",IFERROR(I28/I21,0)) | K28: =IF(K5="","",PROJECTIONS!P39) | L28: =IF(K5="","",IFERROR(K28/K21,0)) | M28: =IF(M5="","",PROJECTIONS!R39) | N28: =IF(M5="","",IFERROR(M28/M21,0)) | O28: =IF(O5="","",PROJECTIONS!T39) | P28: =IF(O5="","",IFERROR(O28/O21,0)) | Q28: =IF(Q5="","",PROJECTIONS!V39) | R28: =IF(Q5="","",IFERROR(Q28/Q21,0)) | S28: =IF(S5="","",PROJECTIONS!X39) | T28: =IF(S5="","",IFERROR(S28/S21,0)) | U28: =IF(U5="","",PROJECTIONS!Z39) | V28: =IF(U5="","",IFERROR(U28/U21,0)) | W28: =IF(W5="","",PROJECTIONS!AB39) | X28: =IF(W5="","",IFERROR(W28/W21,0))
B29: ='CLEAN P&L'!B18 -> Payroll | C29: ='CLEAN P&L'!H18 -> 0 | D29: =C29/$C$22 -> #DIV/0! | E29: =IF(E5="","",PROJECTIONS!J42) -> 0 | F29: =IF(E5="","",E29/E22) -> #DIV/0! | G29: =IF(G5="","",PROJECTIONS!L42) | H29: =IF(G5="","",G29/G22) | I29: =IF(I5="","",PROJECTIONS!N42) | J29: =IF(I5="","",I29/I22) | K29: =IF(K5="","",PROJECTIONS!P42) | L29: =IF(K5="","",K29/K22) | M29: =IF(M5="","",PROJECTIONS!R42) | N29: =IF(M5="","",M29/M22) | O29: =IF(O5="","",PROJECTIONS!T42) | P29: =IF(O5="","",O29/O22) | Q29: =IF(Q5="","",PROJECTIONS!V42) | R29: =IF(Q5="","",Q29/Q22) | S29: =IF(S5="","",PROJECTIONS!X42) | T29: =IF(S5="","",S29/S22) | U29: =IF(U5="","",PROJECTIONS!Z42) | V29: =IF(U5="","",U29/U22) | W29: =IF(W5="","",PROJECTIONS!AB42) | X29: =IF(W5="","",W29/W22)
B30: ='CLEAN P&L'!B19 -> Total Dept Expenses | C30: =SUM(C26:C29) -> 0 | D30: =C30/C22 -> #DIV/0! | E30: =IF(E5="","",SUM(E26:E29)) -> 0 | F30: =IF(E5="","",E30/E22) -> #DIV/0! | G30: =IF(G5="","",SUM(G26:G29)) | H30: =IF(G5="","",G30/G22) | I30: =IF(I5="","",SUM(I26:I29)) | J30: =IF(I5="","",I30/I22) | K30: =IF(K5="","",SUM(K26:K29)) | L30: =IF(K5="","",K30/K22) | M30: =IF(M5="","",SUM(M26:M29)) | N30: =IF(M5="","",M30/M22) | O30: =IF(O5="","",SUM(O26:O29)) | P30: =IF(O5="","",O30/O22) | Q30: =IF(Q5="","",SUM(Q26:Q29)) | R30: =IF(Q5="","",Q30/Q22) | S30: =IF(S5="","",SUM(S26:S29)) | T30: =IF(S5="","",S30/S22) | U30: =IF(U5="","",SUM(U26:U29)) | V30: =IF(U5="","",U30/U22) | W30: =IF(W5="","",SUM(W26:W29)) | X30: =IF(W5="","",W30/W22)
B31: ='CLEAN P&L'!B20 -> Total Departmental Profit | C31: =C22-C30 -> 0 | D31: =C31/C22 -> #DIV/0! | E31: =IF(E5="","",E22-E30) -> 0 | F31: =IF(E5="","",E31/E22) -> #DIV/0! | G31: =IF(G5="","",G22-G30) | H31: =IF(G5="","",G31/G22) | I31: =IF(I5="","",I22-I30) | J31: =IF(I5="","",I31/I22) | K31: =IF(K5="","",K22-K30) | L31: =IF(K5="","",K31/K22) | M31: =IF(M5="","",M22-M30) | N31: =IF(M5="","",M31/M22) | O31: =IF(O5="","",O22-O30) | P31: =IF(O5="","",O31/O22) | Q31: =IF(Q5="","",Q22-Q30) | R31: =IF(Q5="","",Q31/Q22) | S31: =IF(S5="","",S22-S30) | T31: =IF(S5="","",S31/S22) | U31: =IF(U5="","",U22-U30) | V31: =IF(U5="","",U31/U22) | W31: =IF(W5="","",W22-W30) | X31: =IF(W5="","",W31/W22)
B33: ='CLEAN P&L'!B22 -> Undistributed Expenses
B34: ='CLEAN P&L'!B23 -> Administrative & General | C34: ='CLEAN P&L'!H23 -> 0 | D34: =C34/$C$22 -> #DIV/0! | E34: =IF(E5="","",PROJECTIONS!J46) -> 0 | F34: =IF(E5="","",E34/E$22) -> #DIV/0! | G34: =IF(G5="","",PROJECTIONS!L46) | H34: =IF(G5="","",G34/G$22) | I34: =IF(I5="","",PROJECTIONS!N46) | J34: =IF(I5="","",I34/I$22) | K34: =IF(K5="","",PROJECTIONS!P46) | L34: =IF(K5="","",K34/K$22) | M34: =IF(M5="","",PROJECTIONS!R46) | N34: =IF(M5="","",M34/M$22) | O34: =IF(O5="","",PROJECTIONS!T46) | P34: =IF(O5="","",O34/O$22) | Q34: =IF(Q5="","",PROJECTIONS!V46) | R34: =IF(Q5="","",Q34/Q$22) | S34: =IF(S5="","",PROJECTIONS!X46) | T34: =IF(S5="","",S34/S$22) | U34: =IF(U5="","",PROJECTIONS!Z46) | V34: =IF(U5="","",U34/U$22) | W34: =IF(W5="","",PROJECTIONS!AB46) | X34: =IF(W5="","",W34/W$22)
B35: ='CLEAN P&L'!B24 -> A&G Credit Card Comm | C35: ='CLEAN P&L'!H24 -> 0 | D35: =C35/$C$22 -> #DIV/0! | E35: =IF(E5="","",PROJECTIONS!J49) -> 0 | F35: =IF(E5="","",E35/E$22) -> #DIV/0! | G35: =IF(G5="","",PROJECTIONS!L49) | H35: =IF(G5="","",G35/G$22) | I35: =IF(I5="","",PROJECTIONS!N49) | J35: =IF(I5="","",I35/I$22) | K35: =IF(K5="","",PROJECTIONS!P49) | L35: =IF(K5="","",K35/K$22) | M35: =IF(M5="","",PROJECTIONS!R49) | N35: =IF(M5="","",M35/M$22) | O35: =IF(O5="","",PROJECTIONS!T49) | P35: =IF(O5="","",O35/O$22) | Q35: =IF(Q5="","",PROJECTIONS!V49) | R35: =IF(Q5="","",Q35/Q$22) | S35: =IF(S5="","",PROJECTIONS!X49) | T35: =IF(S5="","",S35/S$22) | U35: =IF(U5="","",PROJECTIONS!Z49) | V35: =IF(U5="","",U35/U$22) | W35: =IF(W5="","",PROJECTIONS!AB49) | X35: =IF(W5="","",W35/W$22)
B36: ='CLEAN P&L'!B25 -> Sales & Marketing | C36: ='CLEAN P&L'!H25 -> 0 | D36: =C36/$C$22 -> #DIV/0! | E36: =IF(E5="","",PROJECTIONS!J52) -> 0 | F36: =IF(E5="","",E36/E$22) -> #DIV/0! | G36: =IF(G5="","",PROJECTIONS!L52) | H36: =IF(G5="","",G36/G$22) | I36: =IF(I5="","",PROJECTIONS!N52) | J36: =IF(I5="","",I36/I$22) | K36: =IF(K5="","",PROJECTIONS!P52) | L36: =IF(K5="","",K36/K$22) | M36: =IF(M5="","",PROJECTIONS!R52) | N36: =IF(M5="","",M36/M$22) | O36: =IF(O5="","",PROJECTIONS!T52) | P36: =IF(O5="","",O36/O$22) | Q36: =IF(Q5="","",PROJECTIONS!V52) | R36: =IF(Q5="","",Q36/Q$22) | S36: =IF(S5="","",PROJECTIONS!X52) | T36: =IF(S5="","",S36/S$22) | U36: =IF(U5="","",PROJECTIONS!Z52) | V36: =IF(U5="","",U36/U$22) | W36: =IF(W5="","",PROJECTIONS!AB52) | X36: =IF(W5="","",W36/W$22)
B37: ='CLEAN P&L'!B26 -> Franchise Fees | C37: ='CLEAN P&L'!H26 -> 0 | D37: =C37/$C$22 -> #DIV/0! | E37: =IF(E5="","",PROJECTIONS!J55) -> 0 | F37: =IF(E5="","",E37/E$22) -> #DIV/0! | G37: =IF(G5="","",PROJECTIONS!L55) | H37: =IF(G5="","",G37/G$22) | I37: =IF(I5="","",PROJECTIONS!N55) | J37: =IF(I5="","",I37/I$22) | K37: =IF(K5="","",PROJECTIONS!P55) | L37: =IF(K5="","",K37/K$22) | M37: =IF(M5="","",PROJECTIONS!R55) | N37: =IF(M5="","",M37/M$22) | O37: =IF(O5="","",PROJECTIONS!T55) | P37: =IF(O5="","",O37/O$22) | Q37: =IF(Q5="","",PROJECTIONS!V55) | R37: =IF(Q5="","",Q37/Q$22) | S37: =IF(S5="","",PROJECTIONS!X55) | T37: =IF(S5="","",S37/S$22) | U37: =IF(U5="","",PROJECTIONS!Z55) | V37: =IF(U5="","",U37/U$22) | W37: =IF(W5="","",PROJECTIONS!AB55) | X37: =IF(W5="","",W37/W$22)
B38: ='CLEAN P&L'!B27 -> Utilities | C38: ='CLEAN P&L'!H27 -> 0 | D38: =C38/$C$22 -> #DIV/0! | E38: =IF(E5="","",PROJECTIONS!J58) -> 0 | F38: =IF(E5="","",E38/E$22) -> #DIV/0! | G38: =IF(G5="","",PROJECTIONS!L58) | H38: =IF(G5="","",G38/G$22) | I38: =IF(I5="","",PROJECTIONS!N58) | J38: =IF(I5="","",I38/I$22) | K38: =IF(K5="","",PROJECTIONS!P58) | L38: =IF(K5="","",K38/K$22) | M38: =IF(M5="","",PROJECTIONS!R58) | N38: =IF(M5="","",M38/M$22) | O38: =IF(O5="","",PROJECTIONS!T58) | P38: =IF(O5="","",O38/O$22) | Q38: =IF(Q5="","",PROJECTIONS!V58) | R38: =IF(Q5="","",Q38/Q$22) | S38: =IF(S5="","",PROJECTIONS!X58) | T38: =IF(S5="","",S38/S$22) | U38: =IF(U5="","",PROJECTIONS!Z58) | V38: =IF(U5="","",U38/U$22) | W38: =IF(W5="","",PROJECTIONS!AB58) | X38: =IF(W5="","",W38/W$22)
B39: ='CLEAN P&L'!B28 -> Property Operations & Maintenance | C39: ='CLEAN P&L'!H28 -> 0 | D39: =C39/$C$22 -> #DIV/0! | E39: =IF(E5="","",PROJECTIONS!J61) -> 0 | F39: =IF(E5="","",E39/E$22) -> #DIV/0! | G39: =IF(G5="","",PROJECTIONS!L61) | H39: =IF(G5="","",G39/G$22) | I39: =IF(I5="","",PROJECTIONS!N61) | J39: =IF(I5="","",I39/I$22) | K39: =IF(K5="","",PROJECTIONS!P61) | L39: =IF(K5="","",K39/K$22) | M39: =IF(M5="","",PROJECTIONS!R61) | N39: =IF(M5="","",M39/M$22) | O39: =IF(O5="","",PROJECTIONS!T61) | P39: =IF(O5="","",O39/O$22) | Q39: =IF(Q5="","",PROJECTIONS!V61) | R39: =IF(Q5="","",Q39/Q$22) | S39: =IF(S5="","",PROJECTIONS!X61) | T39: =IF(S5="","",S39/S$22) | U39: =IF(U5="","",PROJECTIONS!Z61) | V39: =IF(U5="","",U39/U$22) | W39: =IF(W5="","",PROJECTIONS!AB61) | X39: =IF(W5="","",W39/W$22)
B40: ='CLEAN P&L'!B29 -> Info & Telecom Systems | C40: ='CLEAN P&L'!H29 -> 0 | D40: =C40/$C$22 -> #DIV/0! | E40: =IF(E5="","",PROJECTIONS!J64) -> 0 | F40: =IF(E5="","",E40/E$22) -> #DIV/0! | G40: =IF(G5="","",PROJECTIONS!L64) | H40: =IF(G5="","",G40/G$22) | I40: =IF(I5="","",PROJECTIONS!N64) | J40: =IF(I5="","",I40/I$22) | K40: =IF(K5="","",PROJECTIONS!P64) | L40: =IF(K5="","",K40/K$22) | M40: =IF(M5="","",PROJECTIONS!R64) | N40: =IF(M5="","",M40/M$22) | O40: =IF(O5="","",PROJECTIONS!T64) | P40: =IF(O5="","",O40/O$22) | Q40: =IF(Q5="","",PROJECTIONS!V64) | R40: =IF(Q5="","",Q40/Q$22) | S40: =IF(S5="","",PROJECTIONS!X64) | T40: =IF(S5="","",S40/S$22) | U40: =IF(U5="","",PROJECTIONS!Z64) | V40: =IF(U5="","",U40/U$22) | W40: =IF(W5="","",PROJECTIONS!AB64) | X40: =IF(W5="","",W40/W$22)
B41: ='CLEAN P&L'!B30 -> Total Undistributed Expenses | C41: =SUM(C34:C40) -> 0 | D41: =C41/C22 -> #DIV/0! | E41: =IF(E5="","",SUM(E34:E40)) -> 0 | F41: =IF(E5="","",E41/E22) -> #DIV/0! | G41: =IF(G5="","",SUM(G34:G40)) | H41: =IF(G5="","",G41/G22) | I41: =IF(I5="","",SUM(I34:I40)) | J41: =IF(I5="","",I41/I22) | K41: =IF(K5="","",SUM(K34:K40)) | L41: =IF(K5="","",K41/K22) | M41: =IF(M5="","",SUM(M34:M40)) | N41: =IF(M5="","",M41/M22) | O41: =IF(O5="","",SUM(O34:O40)) | P41: =IF(O5="","",O41/O22) | Q41: =IF(Q5="","",SUM(Q34:Q40)) | R41: =IF(Q5="","",Q41/Q22) | S41: =IF(S5="","",SUM(S34:S40)) | T41: =IF(S5="","",S41/S22) | U41: =IF(U5="","",SUM(U34:U40)) | V41: =IF(U5="","",U41/U22) | W41: =IF(W5="","",SUM(W34:W40)) | X41: =IF(W5="","",W41/W22)
B42: ='CLEAN P&L'!B31 -> Gross Operating Profit | C42: =C31-C41 -> 0 | D42: =C42/C22 -> #DIV/0! | E42: =IF(E5="","",E31-E41) -> 0 | F42: =IF(E5="","",E42/E22) -> #DIV/0! | G42: =IF(G5="","",G31-G41) | H42: =IF(G5="","",G42/G22) | I42: =IF(I5="","",I31-I41) | J42: =IF(I5="","",I42/I22) | K42: =IF(K5="","",K31-K41) | L42: =IF(K5="","",K42/K22) | M42: =IF(M5="","",M31-M41) | N42: =IF(M5="","",M42/M22) | O42: =IF(O5="","",O31-O41) | P42: =IF(O5="","",O42/O22) | Q42: =IF(Q5="","",Q31-Q41) | R42: =IF(Q5="","",Q42/Q22) | S42: =IF(S5="","",S31-S41) | T42: =IF(S5="","",S42/S22) | U42: =IF(U5="","",U31-U41) | V42: =IF(U5="","",U42/U22) | W42: =IF(W5="","",W31-W41) | X42: =IF(W5="","",W42/W22)
B44: ='CLEAN P&L'!B33 -> Non-Operating Expenses
B45: ='CLEAN P&L'!B34 -> Property Taxes | C45: ='CLEAN P&L'!H34 -> 0 | D45: =C45/$C$22 -> #DIV/0! | E45: =IF(E5="","",PROJECTIONS!J68) -> 0 | F45: =IF(E5="","",E45/E$22) -> #DIV/0! | G45: =IF(G5="","",PROJECTIONS!L68) | H45: =IF(G5="","",G45/G$22) | I45: =IF(I5="","",PROJECTIONS!N68) | J45: =IF(I5="","",I45/I$22) | K45: =IF(K5="","",PROJECTIONS!P68) | L45: =IF(K5="","",K45/K$22) | M45: =IF(M5="","",PROJECTIONS!R68) | N45: =IF(M5="","",M45/M$22) | O45: =IF(O5="","",PROJECTIONS!T68) | P45: =IF(O5="","",O45/O$22) | Q45: =IF(Q5="","",PROJECTIONS!V68) | R45: =IF(Q5="","",Q45/Q$22) | S45: =IF(S5="","",PROJECTIONS!X68) | T45: =IF(S5="","",S45/S$22) | U45: =IF(U5="","",PROJECTIONS!Z68) | V45: =IF(U5="","",U45/U$22) | W45: =IF(W5="","",PROJECTIONS!AB68) | X45: =IF(W5="","",W45/W$22)
B46: ='CLEAN P&L'!B35 -> Insurance | C46: ='CLEAN P&L'!H35 -> 0 | D46: =C46/$C$22 -> #DIV/0! | E46: =IF(E5="","",PROJECTIONS!J71) -> 0 | F46: =IF(E5="","",E46/E$22) -> #DIV/0! | G46: =IF(G5="","",PROJECTIONS!L71) | H46: =IF(G5="","",G46/G$22) | I46: =IF(I5="","",PROJECTIONS!N71) | J46: =IF(I5="","",I46/I$22) | K46: =IF(K5="","",PROJECTIONS!P71) | L46: =IF(K5="","",K46/K$22) | M46: =IF(M5="","",PROJECTIONS!R71) | N46: =IF(M5="","",M46/M$22) | O46: =IF(O5="","",PROJECTIONS!T71) | P46: =IF(O5="","",O46/O$22) | Q46: =IF(Q5="","",PROJECTIONS!V71) | R46: =IF(Q5="","",Q46/Q$22) | S46: =IF(S5="","",PROJECTIONS!X71) | T46: =IF(S5="","",S46/S$22) | U46: =IF(U5="","",PROJECTIONS!Z71) | V46: =IF(U5="","",U46/U$22) | W46: =IF(W5="","",PROJECTIONS!AB71) | X46: =IF(W5="","",W46/W$22)
B47: ='CLEAN P&L'!B36 -> Rent Expense | C47: ='CLEAN P&L'!H36 -> 0 | D47: =C47/$C$22 -> #DIV/0! | E47: =IF(E5="","",PROJECTIONS!J74) -> 0 | F47: =IF(E5="","",E47/E$22) -> #DIV/0! | G47: =IF(G5="","",PROJECTIONS!L74) | H47: =IF(G5="","",G47/G$22) | I47: =IF(I5="","",PROJECTIONS!N74) | J47: =IF(I5="","",I47/I$22) | K47: =IF(K5="","",PROJECTIONS!P74) | L47: =IF(K5="","",K47/K$22) | M47: =IF(M5="","",PROJECTIONS!R74) | N47: =IF(M5="","",M47/M$22) | O47: =IF(O5="","",PROJECTIONS!T74) | P47: =IF(O5="","",O47/O$22) | Q47: =IF(Q5="","",PROJECTIONS!V74) | R47: =IF(Q5="","",Q47/Q$22) | S47: =IF(S5="","",PROJECTIONS!X74) | T47: =IF(S5="","",S47/S$22) | U47: =IF(U5="","",PROJECTIONS!Z74) | V47: =IF(U5="","",U47/U$22) | W47: =IF(W5="","",PROJECTIONS!AB74) | X47: =IF(W5="","",W47/W$22)
B48: ='CLEAN P&L'!B37 -> Other | C48: ='CLEAN P&L'!H37 -> 0 | D48: =C48/$C$22 -> #DIV/0! | E48: =IF(E5="","",PROJECTIONS!J77) -> 0 | F48: =IF(E5="","",E48/E$22) -> #DIV/0! | G48: =IF(G5="","",PROJECTIONS!L77) | H48: =IF(G5="","",G48/G$22) | I48: =IF(I5="","",PROJECTIONS!N77) | J48: =IF(I5="","",I48/I$22) | K48: =IF(K5="","",PROJECTIONS!P77) | L48: =IF(K5="","",K48/K$22) | M48: =IF(M5="","",PROJECTIONS!R77) | N48: =IF(M5="","",M48/M$22) | O48: =IF(O5="","",PROJECTIONS!T77) | P48: =IF(O5="","",O48/O$22) | Q48: =IF(Q5="","",PROJECTIONS!V77) | R48: =IF(Q5="","",Q48/Q$22) | S48: =IF(S5="","",PROJECTIONS!X77) | T48: =IF(S5="","",S48/S$22) | U48: =IF(U5="","",PROJECTIONS!Z77) | V48: =IF(U5="","",U48/U$22) | W48: =IF(W5="","",PROJECTIONS!AB77) | X48: =IF(W5="","",W48/W$22)
B49: ='CLEAN P&L'!B38 -> Total Non-Operating Expenses | C49: =SUM(C45:C48) -> 0 | D49: =C49/C22 -> #DIV/0! | E49: =IF(E5="","",SUM(E45:E48)) -> 0 | F49: =IF(E5="","",E49/E22) -> #DIV/0! | G49: =IF(G5="","",SUM(G45:G48)) | H49: =IF(G5="","",G49/G22) | I49: =IF(I5="","",SUM(I45:I48)) | J49: =IF(I5="","",I49/I22) | K49: =IF(K5="","",SUM(K45:K48)) | L49: =IF(K5="","",K49/K22) | M49: =IF(M5="","",SUM(M45:M48)) | N49: =IF(M5="","",M49/M22) | O49: =IF(O5="","",SUM(O45:O48)) | P49: =IF(O5="","",O49/O22) | Q49: =IF(Q5="","",SUM(Q45:Q48)) | R49: =IF(Q5="","",Q49/Q22) | S49: =IF(S5="","",SUM(S45:S48)) | T49: =IF(S5="","",S49/S22) | U49: =IF(U5="","",SUM(U45:U48)) | V49: =IF(U5="","",U49/U22) | W49: =IF(W5="","",SUM(W45:W48)) | X49: =IF(W5="","",W49/W22)
B50: ='CLEAN P&L'!B39 -> EBITDA Before Reserves & Management | C50: ='CLEAN P&L'!H39 -> 0 | D50: =C50/C22 -> #DIV/0! | E50: =IF(E5="","",E42-E49) -> 0 | F50: =IF(E5="","",E50/E22) -> #DIV/0! | G50: =IF(G5="","",G42-G49) | H50: =IF(G5="","",G50/G22) | I50: =IF(I5="","",I42-I49) | J50: =IF(I5="","",I50/I22) | K50: =IF(K5="","",K42-K49) | L50: =IF(K5="","",K50/K22) | M50: =IF(M5="","",M42-M49) | N50: =IF(M5="","",M50/M22) | O50: =IF(O5="","",O42-O49) | P50: =IF(O5="","",O50/O22) | Q50: =IF(Q5="","",Q42-Q49) | R50: =IF(Q5="","",Q50/Q22) | S50: =IF(S5="","",S42-S49) | T50: =IF(S5="","",S50/S22) | U50: =IF(U5="","",U42-U49) | V50: =IF(U5="","",U50/U22) | W50: =IF(W5="","",W42-W49) | X50: =IF(W5="","",W50/W22)
B52: ='CLEAN P&L'!B41 -> Capital Reserves | C52: ='CLEAN P&L'!H41 -> 0 | D52: =C52/$C$22 -> #DIV/0! | E52: =IF(E5="","",PROJECTIONS!J83) -> 0 | F52: =IF(E5="","",E52/E22) -> #DIV/0! | G52: =IF(G5="","",PROJECTIONS!L83) | H52: =IF(G5="","",G52/G22) | I52: =IF(I5="","",PROJECTIONS!N83) | J52: =IF(I5="","",I52/I22) | K52: =IF(K5="","",PROJECTIONS!P83) | L52: =IF(K5="","",K52/K22) | M52: =IF(M5="","",PROJECTIONS!R83) | N52: =IF(M5="","",M52/M22) | O52: =IF(O5="","",PROJECTIONS!T83) | P52: =IF(O5="","",O52/O22) | Q52: =IF(Q5="","",PROJECTIONS!V83) | R52: =IF(Q5="","",Q52/Q22) | S52: =IF(S5="","",PROJECTIONS!X83) | T52: =IF(S5="","",S52/S22) | U52: =IF(U5="","",PROJECTIONS!Z83) | V52: =IF(U5="","",U52/U22) | W52: =IF(W5="","",PROJECTIONS!AB83) | X52: =IF(W5="","",W52/W22)
B53: Management Fee | C53: ='CLEAN P&L'!H42 -> 0 | D53: =C53/$C$22 -> #DIV/0! | E53: =IF(E5="","",PROJECTIONS!J80) -> 0 | F53: =IF(E5="","",E53/E22) -> #DIV/0! | G53: =IF(G5="","",PROJECTIONS!L80) | H53: =IF(G5="","",G53/G22) | I53: =IF(I5="","",PROJECTIONS!N80) | J53: =IF(I5="","",I53/I22) | K53: =IF(K5="","",PROJECTIONS!P80) | L53: =IF(K5="","",K53/K22) | M53: =IF(M5="","",PROJECTIONS!R80) | N53: =IF(M5="","",M53/M22) | O53: =IF(O5="","",PROJECTIONS!T80) | P53: =IF(O5="","",O53/O22) | Q53: =IF(Q5="","",PROJECTIONS!V80) | R53: =IF(Q5="","",Q53/Q22) | S53: =IF(S5="","",PROJECTIONS!X80) | T53: =IF(S5="","",S53/S22) | U53: =IF(U5="","",PROJECTIONS!Z80) | V53: =IF(U5="","",U53/U22) | W53: =IF(W5="","",PROJECTIONS!AB80) | X53: =IF(W5="","",W53/W22)
B55: NOI | C55: =C50-(C52+C53) -> 0 | D55: =C55/C22 -> #DIV/0! | E55: =IF(E5="","",E50-(E52+E53)) -> 0 | F55: =IF(E5="","",E55/E22) -> #DIV/0! | G55: =IF(G5="","",G50-(G52+G53)) | H55: =IF(G5="","",G55/G22) | I55: =IF(I5="","",I50-(I52+I53)) | J55: =IF(I5="","",I55/I22) | K55: =IF(K5="","",K50-(K52+K53)) | L55: =IF(K5="","",K55/K22) | M55: =IF(M5="","",M50-(M52+M53)) | N55: =IF(M5="","",M55/M22) | O55: =IF(O5="","",O50-(O52+O53)) | P55: =IF(O5="","",O55/O22) | Q55: =IF(Q5="","",Q50-(Q52+Q53)) | R55: =IF(Q5="","",Q55/Q22) | S55: =IF(S5="","",S50-(S52+S53)) | T55: =IF(S5="","",S55/S22) | U55: =IF(U5="","",U50-(U52+U53)) | V55: =IF(U5="","",U55/U22) | W55: =IF(W5="","",W50-(W52+W53)) | X55: =IF(W5="","",W55/W22)
B56: Debt Service | E56: =IF(E5="","",IF(AND(INPUTS!$C$33<>"",E5>=INPUTS!$C$33),-DEBT!$AB$10,-DEBT!$M$9)) -> 0 | G56: =IF(G5="","",IF(AND(INPUTS!$C$33<>"",G5>=INPUTS!$C$33),-DEBT!$AB$10,-DEBT!$M$9)) | H56: =IF(H5="","",IF(AND(INPUTS!$C$33<>"",H5>=INPUTS!$C$33),-DEBT!$AB$10,-DEBT!$M$9)) | I56: =IF(I5="","",IF(AND(INPUTS!$C$33<>"",I5>=INPUTS!$C$33),-DEBT!$AB$10,-DEBT!$M$9)) | J56: =IF(J5="","",IF(AND(INPUTS!$C$33<>"",J5>=INPUTS!$C$33),-DEBT!$AB$10,-DEBT!$M$9)) | K56: =IF(K5="","",IF(AND(INPUTS!$C$33<>"",K5>=INPUTS!$C$33),-DEBT!$AB$10,-DEBT!$M$9)) | L56: =IF(L5="","",IF(AND(INPUTS!$C$33<>"",L5>=INPUTS!$C$33),-DEBT!$AB$10,-DEBT!$M$9)) | M56: =IF(M5="","",IF(AND(INPUTS!$C$33<>"",M5>=INPUTS!$C$33),-DEBT!$AB$10,-DEBT!$M$9)) | N56: =IF(N5="","",IF(AND(INPUTS!$C$33<>"",N5>=INPUTS!$C$33),-DEBT!$AB$10,-DEBT!$M$9)) | ... W56: =IF(W5="","",IF(AND(INPUTS!$C$33<>"",W5>=INPUTS!$C$33),-DEBT!$AB$10,-DEBT!$M$9))
B57: Levered Cash Flow | E57: =IF(E5="","",E55+E56+E58) -> 0 | G57: =IF(G5="","",G55+G56+G58) | I57: =IF(I5="","",I55+I56+I58) | K57: =IF(K5="","",K55+K56+K58) | M57: =IF(M5="","",M55+M56+M58) | O57: =IF(O5="","",O55+O56+O58) | Q57: =IF(Q5="","",Q55+Q56+Q58) | S57: =IF(S5="","",S55+S56+S58) | U57: =IF(U5="","",U55+U56+U58) | W57: =IF(W5="","",W55+W56+W58)
B58: PIP Debt Service | E58: {=IF(E5="","",IF(INPUTS!$C$24<>"Yes",0,IF(AND(INPUTS!$C$33<>"",E5>=INPUTS!$C$33),0,-INDEX(PIP!$W$5:$W$14,E5))))} -> 0 | G58: {=IF(G5="","",IF(INPUTS!$C$24<>"Yes",0,IF(AND(INPUTS!$C$33<>"",G5>=INPUTS!$C$33),0,-INDEX(PIP!$W$5:$W$14,G5))))} | I58: {=IF(I5="","",IF(INPUTS!$C$24<>"Yes",0,IF(AND(INPUTS!$C$33<>"",I5>=INPUTS!$C$33),0,-INDEX(PIP!$W$5:$W$14,I5))))} | K58: {=IF(K5="","",IF(INPUTS!$C$24<>"Yes",0,IF(AND(INPUTS!$C$33<>"",K5>=INPUTS!$C$33),0,-INDEX(PIP!$W$5:$W$14,K5))))} | M58: {=IF(M5="","",IF(INPUTS!$C$24<>"Yes",0,IF(AND(INPUTS!$C$33<>"",M5>=INPUTS!$C$33),0,-INDEX(PIP!$W$5:$W$14,M5))))} | O58: {=IF(O5="","",IF(INPUTS!$C$24<>"Yes",0,IF(AND(INPUTS!$C$33<>"",O5>=INPUTS!$C$33),0,-INDEX(PIP!$W$5:$W$14,O5))))} | Q58: {=IF(Q5="","",IF(INPUTS!$C$24<>"Yes",0,IF(AND(INPUTS!$C$33<>"",Q5>=INPUTS!$C$33),0,-INDEX(PIP!$W$5:$W$14,Q5))))} | S58: {=IF(S5="","",IF(INPUTS!$C$24<>"Yes",0,IF(AND(INPUTS!$C$33<>"",S5>=INPUTS!$C$33),0,-INDEX(PIP!$W$5:$W$14,S5))))} | U58: {=IF(U5="","",IF(INPUTS!$C$24<>"Yes",0,IF(AND(INPUTS!$C$33<>"",U5>=INPUTS!$C$33),0,-INDEX(PIP!$W$5:$W$14,U5))))} | W58: {=IF(W5="","",IF(INPUTS!$C$24<>"Yes",0,IF(AND(INPUTS!$C$33<>"",W5>=INPUTS!$C$33),0,-INDEX(PIP!$W$5:$W$14,W5))))}
B59: PIP Financing Remaining - Available to Draw | E59: {=IF(E5="","",IF(INPUTS!$C$24<>"Yes",0,IF(AND(INPUTS!$C$33<>"",E5>=INPUTS!$C$33),0,INDEX(PIP!$Z$5:$Z$14,E5))))} -> 0 | G59: {=IF(G5="","",IF(INPUTS!$C$24<>"Yes",0,IF(AND(INPUTS!$C$33<>"",G5>=INPUTS!$C$33),0,INDEX(PIP!$Z$5:$Z$14,G5))))} | I59: {=IF(I5="","",IF(INPUTS!$C$24<>"Yes",0,IF(AND(INPUTS!$C$33<>"",I5>=INPUTS!$C$33),0,INDEX(PIP!$Z$5:$Z$14,I5))))} | K59: {=IF(K5="","",IF(INPUTS!$C$24<>"Yes",0,IF(AND(INPUTS!$C$33<>"",K5>=INPUTS!$C$33),0,INDEX(PIP!$Z$5:$Z$14,K5))))} | M59: {=IF(M5="","",IF(INPUTS!$C$24<>"Yes",0,IF(AND(INPUTS!$C$33<>"",M5>=INPUTS!$C$33),0,INDEX(PIP!$Z$5:$Z$14,M5))))} | O59: {=IF(O5="","",IF(INPUTS!$C$24<>"Yes",0,IF(AND(INPUTS!$C$33<>"",O5>=INPUTS!$C$33),0,INDEX(PIP!$Z$5:$Z$14,O5))))} | Q59: {=IF(Q5="","",IF(INPUTS!$C$24<>"Yes",0,IF(AND(INPUTS!$C$33<>"",Q5>=INPUTS!$C$33),0,INDEX(PIP!$Z$5:$Z$14,Q5))))} | S59: {=IF(S5="","",IF(INPUTS!$C$24<>"Yes",0,IF(AND(INPUTS!$C$33<>"",S5>=INPUTS!$C$33),0,INDEX(PIP!$Z$5:$Z$14,S5))))} | U59: {=IF(U5="","",IF(INPUTS!$C$24<>"Yes",0,IF(AND(INPUTS!$C$33<>"",U5>=INPUTS!$C$33),0,INDEX(PIP!$Z$5:$Z$14,U5))))} | W59: {=IF(W5="","",IF(INPUTS!$C$24<>"Yes",0,IF(AND(INPUTS!$C$33<>"",W5>=INPUTS!$C$33),0,INDEX(PIP!$Z$5:$Z$14,W5))))}
B60: Renovations (PIP) | E60: {=IF(E5="","",INDEX(PIP!$R$5:$R$14,E5))} -> 0 | G60: {=IF(G5="","",INDEX(PIP!$R$5:$R$14,G5))} | I60: {=IF(I5="","",INDEX(PIP!$R$5:$R$14,I5))} | K60: {=IF(K5="","",INDEX(PIP!$R$5:$R$14,K5))} | M60: {=IF(M5="","",INDEX(PIP!$R$5:$R$14,M5))} | O60: {=IF(O5="","",INDEX(PIP!$R$5:$R$14,O5))} | Q60: {=IF(Q5="","",INDEX(PIP!$R$5:$R$14,Q5))} | S60: {=IF(S5="","",INDEX(PIP!$R$5:$R$14,S5))} | U60: {=IF(U5="","",INDEX(PIP!$R$5:$R$14,U5))} | W60: {=IF(W5="","",INDEX(PIP!$R$5:$R$14,W5))}
B61: Asset Management Fee | E61: =IF(E5="","",E22*INPUTS!$F$13) -> 0 | G61: =IF(G5="","",G22*INPUTS!$F$13) | I61: =IF(I5="","",I22*INPUTS!$F$13) | K61: =IF(K5="","",K22*INPUTS!$F$13) | M61: =IF(M5="","",M22*INPUTS!$F$13) | O61: =IF(O5="","",O22*INPUTS!$F$13) | Q61: =IF(Q5="","",Q22*INPUTS!$F$13) | S61: =IF(S5="","",S22*INPUTS!$F$13) | U61: =IF(U5="","",U22*INPUTS!$F$13) | W61: =IF(W5="","",W22*INPUTS!$F$13)
B62: Construction Management Fee | E62: =IF('PRO FORMA'!E5="","",INPUTS!$F$16*E60) -> 0 | G62: =IF('PRO FORMA'!G5="","",INPUTS!$F$16*G60) | I62: =IF('PRO FORMA'!I5="","",INPUTS!$F$16*I60) | K62: =IF('PRO FORMA'!K5="","",INPUTS!$F$16*K60) | M62: =IF('PRO FORMA'!M5="","",INPUTS!$F$16*M60) | O62: =IF('PRO FORMA'!O5="","",INPUTS!$F$16*O60) | Q62: =IF('PRO FORMA'!Q5="","",INPUTS!$F$16*Q60) | S62: =IF('PRO FORMA'!S5="","",INPUTS!$F$16*S60) | U62: =IF('PRO FORMA'!U5="","",INPUTS!$F$16*U60) | W62: =IF('PRO FORMA'!W5="","",INPUTS!$F$16*W60)
B63: Sale Proceeds | E63: {=IF(E5="","",IF(E5=INPUTS!$I$13,(INPUTS!$I$11*E17)*(1-(INPUTS!$I$12+INPUTS!$I$14))-IF(AND(INPUTS!$C$33<>"",INPUTS!$C$33<INPUTS!$I$13),IFERROR(INDEX(DEBT!$V$19:$V$379,MATCH((INPUTS!$I$13-INPUTS!$C$33)*12,DEBT!$R$19:$R$379,0))-INDEX(DEBT!$Y$19:$Y$379,MATCH((INPUTS!$I$13-INPUTS!$C$33)*12,DEBT!$R$19:$R$379,0)),0),IFERROR(INDEX(DEBT!$G$19:$G$379,MATCH(INPUTS!$I$13*12,DEBT!$C$19:$C$379,0))-INDEX(DEBT!$J$19:$J$379,MATCH(INPUTS!$I$13*12,DEBT!$C$19:$C$379,0)),0))-IF(AND(INPUTS!$C$24="Yes",OR(INPUTS!$C$33="",INPUTS!$C$33>=INPUTS!$I$13)),IFERROR(INDEX(DEBT!$AO$21:$AO$30,INPUTS!$I$13),0),0),0))} -> 0 | G63: {=IF(G5="","",IF(G5=INPUTS!$I$13,(INPUTS!$I$11*G17)*(1-(INPUTS!$I$12+INPUTS!$I$14))-IF(AND(INPUTS!$C$33<>"",INPUTS!$C$33<INPUTS!$I$13),IFERROR(INDEX(DEBT!$V$19:$V$379,MATCH((INPUTS!$I$13-INPUTS!$C$33)*12,DEBT!$R$19:$R$379,0))-INDEX(DEBT!$Y$19:$Y$379,MATCH((INPUTS!$I$13-INPUTS!$C$33)*12,DEBT!$R$19:$R$379,0)),0),IFERROR(INDEX(DEBT!$G$19:$G$379,MATCH(INPUTS!$I$13*12,DEBT!$C$19:$C$379,0))-INDEX(DEBT!$J$19:$J$379,MATCH(INPUTS!$I$13*12,DEBT!$C$19:$C$379,0)),0))-IF(AND(INPUTS!$C$24="Yes",OR(INPUTS!$C$33="",INPUTS!$C$33>=INPUTS!$I$13)),IFERROR(INDEX(DEBT!$AO$21:$AO$30,INPUTS!$I$13),0),0),0))} | H63: =IF(H5="","",IF(H5=INPUTS!$I$13,(INPUTS!$I$11*H17)*(1-(INPUTS!$I$12+INPUTS!$I$14))-IF(AND(INPUTS!$C$33<>"",INPUTS!$C$33<INPUTS!$I$13),IFERROR(INDEX(DEBT!$V$19:$V$379,MATCH((INPUTS!$I$13-INPUTS!$C$33)*12,DEBT!$R$19:$R$379,0))-INDEX(DEBT!$Y$19:$Y$379,MATCH((INPUTS!$I$13-INPUTS!$C$33)*12,DEBT!$R$19:$R$379,0)),0),IFERROR(INDEX(DEBT!$G$19:$G$379,MATCH(INPUTS!$I$13*12,DEBT!$C$19:$C$379,0))-INDEX(DEBT!$J$19:$J$379,MATCH(INPUTS!$I$13*12,DEBT!$C$19:$C$379,0)),0)),0)) | I63: {=IF(I5="","",IF(I5=INPUTS!$I$13,(INPUTS!$I$11*I17)*(1-(INPUTS!$I$12+INPUTS!$I$14))-IF(AND(INPUTS!$C$33<>"",INPUTS!$C$33<INPUTS!$I$13),IFERROR(INDEX(DEBT!$V$19:$V$379,MATCH((INPUTS!$I$13-INPUTS!$C$33)*12,DEBT!$R$19:$R$379,0))-INDEX(DEBT!$Y$19:$Y$379,MATCH((INPUTS!$I$13-INPUTS!$C$33)*12,DEBT!$R$19:$R$379,0)),0),IFERROR(INDEX(DEBT!$G$19:$G$379,MATCH(INPUTS!$I$13*12,DEBT!$C$19:$C$379,0))-INDEX(DEBT!$J$19:$J$379,MATCH(INPUTS!$I$13*12,DEBT!$C$19:$C$379,0)),0))-IF(AND(INPUTS!$C$24="Yes",OR(INPUTS!$C$33="",INPUTS!$C$33>=INPUTS!$I$13)),IFERROR(INDEX(DEBT!$AO$21:$AO$30,INPUTS!$I$13),0),0),0))} | J63: =IF(J5="","",IF(J5=INPUTS!$I$13,(INPUTS!$I$11*J17)*(1-(INPUTS!$I$12+INPUTS!$I$14))-IF(AND(INPUTS!$C$33<>"",INPUTS!$C$33<INPUTS!$I$13),IFERROR(INDEX(DEBT!$V$19:$V$379,MATCH((INPUTS!$I$13-INPUTS!$C$33)*12,DEBT!$R$19:$R$379,0))-INDEX(DEBT!$Y$19:$Y$379,MATCH((INPUTS!$I$13-INPUTS!$C$33)*12,DEBT!$R$19:$R$379,0)),0),IFERROR(INDEX(DEBT!$G$19:$G$379,MATCH(INPUTS!$I$13*12,DEBT!$C$19:$C$379,0))-INDEX(DEBT!$J$19:$J$379,MATCH(INPUTS!$I$13*12,DEBT!$C$19:$C$379,0)),0)),0)) | K63: {=IF(K5="","",IF(K5=INPUTS!$I$13,(INPUTS!$I$11*K17)*(1-(INPUTS!$I$12+INPUTS!$I$14))-IF(AND(INPUTS!$C$33<>"",INPUTS!$C$33<INPUTS!$I$13),IFERROR(INDEX(DEBT!$V$19:$V$379,MATCH((INPUTS!$I$13-INPUTS!$C$33)*12,DEBT!$R$19:$R$379,0))-INDEX(DEBT!$Y$19:$Y$379,MATCH((INPUTS!$I$13-INPUTS!$C$33)*12,DEBT!$R$19:$R$379,0)),0),IFERROR(INDEX(DEBT!$G$19:$G$379,MATCH(INPUTS!$I$13*12,DEBT!$C$19:$C$379,0))-INDEX(DEBT!$J$19:$J$379,MATCH(INPUTS!$I$13*12,DEBT!$C$19:$C$379,0)),0))-IF(AND(INPUTS!$C$24="Yes",OR(INPUTS!$C$33="",INPUTS!$C$33>=INPUTS!$I$13)),IFERROR(INDEX(DEBT!$AO$21:$AO$30,INPUTS!$I$13),0),0),0))} | L63: =IF(L5="","",IF(L5=INPUTS!$I$13,(INPUTS!$I$11*L17)*(1-(INPUTS!$I$12+INPUTS!$I$14))-IF(AND(INPUTS!$C$33<>"",INPUTS!$C$33<INPUTS!$I$13),IFERROR(INDEX(DEBT!$V$19:$V$379,MATCH((INPUTS!$I$13-INPUTS!$C$33)*12,DEBT!$R$19:$R$379,0))-INDEX(DEBT!$Y$19:$Y$379,MATCH((INPUTS!$I$13-INPUTS!$C$33)*12,DEBT!$R$19:$R$379,0)),0),IFERROR(INDEX(DEBT!$G$19:$G$379,MATCH(INPUTS!$I$13*12,DEBT!$C$19:$C$379,0))-INDEX(DEBT!$J$19:$J$379,MATCH(INPUTS!$I$13*12,DEBT!$C$19:$C$379,0)),0)),0)) | M63: {=IF(M5="","",IF(M5=INPUTS!$I$13,(INPUTS!$I$11*M17)*(1-(INPUTS!$I$12+INPUTS!$I$14))-IF(AND(INPUTS!$C$33<>"",INPUTS!$C$33<INPUTS!$I$13),IFERROR(INDEX(DEBT!$V$19:$V$379,MATCH((INPUTS!$I$13-INPUTS!$C$33)*12,DEBT!$R$19:$R$379,0))-INDEX(DEBT!$Y$19:$Y$379,MATCH((INPUTS!$I$13-INPUTS!$C$33)*12,DEBT!$R$19:$R$379,0)),0),IFERROR(INDEX(DEBT!$G$19:$G$379,MATCH(INPUTS!$I$13*12,DEBT!$C$19:$C$379,0))-INDEX(DEBT!$J$19:$J$379,MATCH(INPUTS!$I$13*12,DEBT!$C$19:$C$379,0)),0))-IF(AND(INPUTS!$C$24="Yes",OR(INPUTS!$C$33="",INPUTS!$C$33>=INPUTS!$I$13)),IFERROR(INDEX(DEBT!$AO$21:$AO$30,INPUTS!$I$13),0),0),0))} | N63: =IF(N5="","",IF(N5=INPUTS!$I$13,(INPUTS!$I$11*N17)*(1-(INPUTS!$I$12+INPUTS!$I$14))-IF(AND(INPUTS!$C$33<>"",INPUTS!$C$33<INPUTS!$I$13),IFERROR(INDEX(DEBT!$V$19:$V$379,MATCH((INPUTS!$I$13-INPUTS!$C$33)*12,DEBT!$R$19:$R$379,0))-INDEX(DEBT!$Y$19:$Y$379,MATCH((INPUTS!$I$13-INPUTS!$C$33)*12,DEBT!$R$19:$R$379,0)),0),IFERROR(INDEX(DEBT!$G$19:$G$379,MATCH(INPUTS!$I$13*12,DEBT!$C$19:$C$379,0))-INDEX(DEBT!$J$19:$J$379,MATCH(INPUTS!$I$13*12,DEBT!$C$19:$C$379,0)),0)),0)) | O63: {=IF(O5="","",IF(O5=INPUTS!$I$13,(INPUTS!$I$11*O17)*(1-(INPUTS!$I$12+INPUTS!$I$14))-IF(AND(INPUTS!$C$33<>"",INPUTS!$C$33<INPUTS!$I$13),IFERROR(INDEX(DEBT!$V$19:$V$379,MATCH((INPUTS!$I$13-INPUTS!$C$33)*12,DEBT!$R$19:$R$379,0))-INDEX(DEBT!$Y$19:$Y$379,MATCH((INPUTS!$I$13-INPUTS!$C$33)*12,DEBT!$R$19:$R$379,0)),0),IFERROR(INDEX(DEBT!$G$19:$G$379,MATCH(INPUTS!$I$13*12,DEBT!$C$19:$C$379,0))-INDEX(DEBT!$J$19:$J$379,MATCH(INPUTS!$I$13*12,DEBT!$C$19:$C$379,0)),0))-IF(AND(INPUTS!$C$24="Yes",OR(INPUTS!$C$33="",INPUTS!$C$33>=INPUTS!$I$13)),IFERROR(INDEX(DEBT!$AO$21:$AO$30,INPUTS!$I$13),0),0),0))} | P63: =IF(P5="","",IF(P5=INPUTS!$I$13,(INPUTS!$I$11*P17)*(1-(INPUTS!$I$12+INPUTS!$I$14))-IF(AND(INPUTS!$C$33<>"",INPUTS!$C$33<INPUTS!$I$13),IFERROR(INDEX(DEBT!$V$19:$V$379,MATCH((INPUTS!$I$13-INPUTS!$C$33)*12,DEBT!$R$19:$R$379,0))-INDEX(DEBT!$Y$19:$Y$379,MATCH((INPUTS!$I$13-INPUTS!$C$33)*12,DEBT!$R$19:$R$379,0)),0),IFERROR(INDEX(DEBT!$G$19:$G$379,MATCH(INPUTS!$I$13*12,DEBT!$C$19:$C$379,0))-INDEX(DEBT!$J$19:$J$379,MATCH(INPUTS!$I$13*12,DEBT!$C$19:$C$379,0)),0)),0)) | Q63: {=IF(Q5="","",IF(Q5=INPUTS!$I$13,(INPUTS!$I$11*Q17)*(1-(INPUTS!$I$12+INPUTS!$I$14))-IF(AND(INPUTS!$C$33<>"",INPUTS!$C$33<INPUTS!$I$13),IFERROR(INDEX(DEBT!$V$19:$V$379,MATCH((INPUTS!$I$13-INPUTS!$C$33)*12,DEBT!$R$19:$R$379,0))-INDEX(DEBT!$Y$19:$Y$379,MATCH((INPUTS!$I$13-INPUTS!$C$33)*12,DEBT!$R$19:$R$379,0)),0),IFERROR(INDEX(DEBT!$G$19:$G$379,MATCH(INPUTS!$I$13*12,DEBT!$C$19:$C$379,0))-INDEX(DEBT!$J$19:$J$379,MATCH(INPUTS!$I$13*12,DEBT!$C$19:$C$379,0)),0))-IF(AND(INPUTS!$C$24="Yes",OR(INPUTS!$C$33="",INPUTS!$C$33>=INPUTS!$I$13)),IFERROR(INDEX(DEBT!$AO$21:$AO$30,INPUTS!$I$13),0),0),0))} | R63: =IF(R5="","",IF(R5=INPUTS!$I$13,(INPUTS!$I$11*R17)*(1-(INPUTS!$I$12+INPUTS!$I$14))-IF(AND(INPUTS!$C$33<>"",INPUTS!$C$33<INPUTS!$I$13),IFERROR(INDEX(DEBT!$V$19:$V$379,MATCH((INPUTS!$I$13-INPUTS!$C$33)*12,DEBT!$R$19:$R$379,0))-INDEX(DEBT!$Y$19:$Y$379,MATCH((INPUTS!$I$13-INPUTS!$C$33)*12,DEBT!$R$19:$R$379,0)),0),IFERROR(INDEX(DEBT!$G$19:$G$379,MATCH(INPUTS!$I$13*12,DEBT!$C$19:$C$379,0))-INDEX(DEBT!$J$19:$J$379,MATCH(INPUTS!$I$13*12,DEBT!$C$19:$C$379,0)),0)),0)) | S63: {=IF(S5="","",IF(S5=INPUTS!$I$13,(INPUTS!$I$11*S17)*(1-(INPUTS!$I$12+INPUTS!$I$14))-IF(AND(INPUTS!$C$33<>"",INPUTS!$C$33<INPUTS!$I$13),IFERROR(INDEX(DEBT!$V$19:$V$379,MATCH((INPUTS!$I$13-INPUTS!$C$33)*12,DEBT!$R$19:$R$379,0))-INDEX(DEBT!$Y$19:$Y$379,MATCH((INPUTS!$I$13-INPUTS!$C$33)*12,DEBT!$R$19:$R$379,0)),0),IFERROR(INDEX(DEBT!$G$19:$G$379,MATCH(INPUTS!$I$13*12,DEBT!$C$19:$C$379,0))-INDEX(DEBT!$J$19:$J$379,MATCH(INPUTS!$I$13*12,DEBT!$C$19:$C$379,0)),0))-IF(AND(INPUTS!$C$24="Yes",OR(INPUTS!$C$33="",INPUTS!$C$33>=INPUTS!$I$13)),IFERROR(INDEX(DEBT!$AO$21:$AO$30,INPUTS!$I$13),0),0),0))} | T63: =IF(T5="","",IF(T5=INPUTS!$I$13,(INPUTS!$I$11*T17)*(1-(INPUTS!$I$12+INPUTS!$I$14))-IF(AND(INPUTS!$C$33<>"",INPUTS!$C$33<INPUTS!$I$13),IFERROR(INDEX(DEBT!$V$19:$V$379,MATCH((INPUTS!$I$13-INPUTS!$C$33)*12,DEBT!$R$19:$R$379,0))-INDEX(DEBT!$Y$19:$Y$379,MATCH((INPUTS!$I$13-INPUTS!$C$33)*12,DEBT!$R$19:$R$379,0)),0),IFERROR(INDEX(DEBT!$G$19:$G$379,MATCH(INPUTS!$I$13*12,DEBT!$C$19:$C$379,0))-INDEX(DEBT!$J$19:$J$379,MATCH(INPUTS!$I$13*12,DEBT!$C$19:$C$379,0)),0)),0)) | U63: {=IF(U5="","",IF(U5=INPUTS!$I$13,(INPUTS!$I$11*U17)*(1-(INPUTS!$I$12+INPUTS!$I$14))-IF(AND(INPUTS!$C$33<>"",INPUTS!$C$33<INPUTS!$I$13),IFERROR(INDEX(DEBT!$V$19:$V$379,MATCH((INPUTS!$I$13-INPUTS!$C$33)*12,DEBT!$R$19:$R$379,0))-INDEX(DEBT!$Y$19:$Y$379,MATCH((INPUTS!$I$13-INPUTS!$C$33)*12,DEBT!$R$19:$R$379,0)),0),IFERROR(INDEX(DEBT!$G$19:$G$379,MATCH(INPUTS!$I$13*12,DEBT!$C$19:$C$379,0))-INDEX(DEBT!$J$19:$J$379,MATCH(INPUTS!$I$13*12,DEBT!$C$19:$C$379,0)),0))-IF(AND(INPUTS!$C$24="Yes",OR(INPUTS!$C$33="",INPUTS!$C$33>=INPUTS!$I$13)),IFERROR(INDEX(DEBT!$AO$21:$AO$30,INPUTS!$I$13),0),0),0))} | V63: =IF(V5="","",IF(V5=INPUTS!$I$13,(INPUTS!$I$11*V17)*(1-(INPUTS!$I$12+INPUTS!$I$14))-IF(AND(INPUTS!$C$33<>"",INPUTS!$C$33<INPUTS!$I$13),IFERROR(INDEX(DEBT!$V$19:$V$379,MATCH((INPUTS!$I$13-INPUTS!$C$33)*12,DEBT!$R$19:$R$379,0))-INDEX(DEBT!$Y$19:$Y$379,MATCH((INPUTS!$I$13-INPUTS!$C$33)*12,DEBT!$R$19:$R$379,0)),0),IFERROR(INDEX(DEBT!$G$19:$G$379,MATCH(INPUTS!$I$13*12,DEBT!$C$19:$C$379,0))-INDEX(DEBT!$J$19:$J$379,MATCH(INPUTS!$I$13*12,DEBT!$C$19:$C$379,0)),0)),0)) | W63: {=IF(W5="","",IF(W5=INPUTS!$I$13,(INPUTS!$I$11*W17)*(1-(INPUTS!$I$12+INPUTS!$I$14))-IF(AND(INPUTS!$C$33<>"",INPUTS!$C$33<INPUTS!$I$13),IFERROR(INDEX(DEBT!$V$19:$V$379,MATCH((INPUTS!$I$13-INPUTS!$C$33)*12,DEBT!$R$19:$R$379,0))-INDEX(DEBT!$Y$19:$Y$379,MATCH((INPUTS!$I$13-INPUTS!$C$33)*12,DEBT!$R$19:$R$379,0)),0),IFERROR(INDEX(DEBT!$G$19:$G$379,MATCH(INPUTS!$I$13*12,DEBT!$C$19:$C$379,0))-INDEX(DEBT!$J$19:$J$379,MATCH(INPUTS!$I$13*12,DEBT!$C$19:$C$379,0)),0))-IF(AND(INPUTS!$C$24="Yes",OR(INPUTS!$C$33="",INPUTS!$C$33>=INPUTS!$I$13)),IFERROR(INDEX(DEBT!$AO$21:$AO$30,INPUTS!$I$13),0),0),0))} | X63: =IF(X5="","",IF(X5=INPUTS!$I$13,(INPUTS!$I$11*X17)*(1-(INPUTS!$I$12+INPUTS!$I$14))-IF(AND(INPUTS!$C$33<>"",INPUTS!$C$33<INPUTS!$I$13),IFERROR(INDEX(DEBT!$V$19:$V$379,MATCH((INPUTS!$I$13-INPUTS!$C$33)*12,DEBT!$R$19:$R$379,0))-INDEX(DEBT!$Y$19:$Y$379,MATCH((INPUTS!$I$13-INPUTS!$C$33)*12,DEBT!$R$19:$R$379,0)),0),IFERROR(INDEX(DEBT!$G$19:$G$379,MATCH(INPUTS!$I$13*12,DEBT!$C$19:$C$379,0))-INDEX(DEBT!$J$19:$J$379,MATCH(INPUTS!$I$13*12,DEBT!$C$19:$C$379,0)),0)),0))
B64: Refi Proceeds | E64: {=IF(E5="","",IF(AND(INPUTS!$C$33<>"",E5=INPUTS!$C$33),DEBT!$X$10-(IFERROR(INDEX(DEBT!$G$19:$G$379,MATCH(INPUTS!$C$33*12,DEBT!$C$19:$C$379,0))-INDEX(DEBT!$J$19:$J$379,MATCH(INPUTS!$C$33*12,DEBT!$C$19:$C$379,0)),0))*(1+INPUTS!$C$40)-DEBT!$X$11-IF(INPUTS!$C$24="Yes",IFERROR(INDEX(DEBT!$AO$21:$AO$30,INPUTS!$C$33),0),0),0))} -> 0 | G64: {=IF(G5="","",IF(AND(INPUTS!$C$33<>"",G5=INPUTS!$C$33),DEBT!$X$10-(IFERROR(INDEX(DEBT!$G$19:$G$379,MATCH(INPUTS!$C$33*12,DEBT!$C$19:$C$379,0))-INDEX(DEBT!$J$19:$J$379,MATCH(INPUTS!$C$33*12,DEBT!$C$19:$C$379,0)),0))*(1+INPUTS!$C$40)-DEBT!$X$11-IF(INPUTS!$C$24="Yes",IFERROR(INDEX(DEBT!$AO$21:$AO$30,INPUTS!$C$33),0),0),0))} | H64: =IF(H5="","",IF(AND(INPUTS!$C$33<>"",H5=INPUTS!$C$33),DEBT!$X$10-IFERROR(INDEX(DEBT!$G$19:$G$379,MATCH(INPUTS!$C$33*12,DEBT!$C$19:$C$379,0))-INDEX(DEBT!$J$19:$J$379,MATCH(INPUTS!$C$33*12,DEBT!$C$19:$C$379,0)),0),0)) | I64: {=IF(I5="","",IF(AND(INPUTS!$C$33<>"",I5=INPUTS!$C$33),DEBT!$X$10-(IFERROR(INDEX(DEBT!$G$19:$G$379,MATCH(INPUTS!$C$33*12,DEBT!$C$19:$C$379,0))-INDEX(DEBT!$J$19:$J$379,MATCH(INPUTS!$C$33*12,DEBT!$C$19:$C$379,0)),0))*(1+INPUTS!$C$40)-DEBT!$X$11-IF(INPUTS!$C$24="Yes",IFERROR(INDEX(DEBT!$AO$21:$AO$30,INPUTS!$C$33),0),0),0))} | J64: =IF(J5="","",IF(AND(INPUTS!$C$33<>"",J5=INPUTS!$C$33),DEBT!$X$10-IFERROR(INDEX(DEBT!$G$19:$G$379,MATCH(INPUTS!$C$33*12,DEBT!$C$19:$C$379,0))-INDEX(DEBT!$J$19:$J$379,MATCH(INPUTS!$C$33*12,DEBT!$C$19:$C$379,0)),0),0)) | K64: {=IF(K5="","",IF(AND(INPUTS!$C$33<>"",K5=INPUTS!$C$33),DEBT!$X$10-(IFERROR(INDEX(DEBT!$G$19:$G$379,MATCH(INPUTS!$C$33*12,DEBT!$C$19:$C$379,0))-INDEX(DEBT!$J$19:$J$379,MATCH(INPUTS!$C$33*12,DEBT!$C$19:$C$379,0)),0))*(1+INPUTS!$C$40)-DEBT!$X$11-IF(INPUTS!$C$24="Yes",IFERROR(INDEX(DEBT!$AO$21:$AO$30,INPUTS!$C$33),0),0),0))} | L64: =IF(L5="","",IF(AND(INPUTS!$C$33<>"",L5=INPUTS!$C$33),DEBT!$X$10-IFERROR(INDEX(DEBT!$G$19:$G$379,MATCH(INPUTS!$C$33*12,DEBT!$C$19:$C$379,0))-INDEX(DEBT!$J$19:$J$379,MATCH(INPUTS!$C$33*12,DEBT!$C$19:$C$379,0)),0),0)) | M64: {=IF(M5="","",IF(AND(INPUTS!$C$33<>"",M5=INPUTS!$C$33),DEBT!$X$10-(IFERROR(INDEX(DEBT!$G$19:$G$379,MATCH(INPUTS!$C$33*12,DEBT!$C$19:$C$379,0))-INDEX(DEBT!$J$19:$J$379,MATCH(INPUTS!$C$33*12,DEBT!$C$19:$C$379,0)),0))*(1+INPUTS!$C$40)-DEBT!$X$11-IF(INPUTS!$C$24="Yes",IFERROR(INDEX(DEBT!$AO$21:$AO$30,INPUTS!$C$33),0),0),0))} | N64: =IF(N5="","",IF(AND(INPUTS!$C$33<>"",N5=INPUTS!$C$33),DEBT!$X$10-IFERROR(INDEX(DEBT!$G$19:$G$379,MATCH(INPUTS!$C$33*12,DEBT!$C$19:$C$379,0))-INDEX(DEBT!$J$19:$J$379,MATCH(INPUTS!$C$33*12,DEBT!$C$19:$C$379,0)),0),0)) | O64: {=IF(O5="","",IF(AND(INPUTS!$C$33<>"",O5=INPUTS!$C$33),DEBT!$X$10-(IFERROR(INDEX(DEBT!$G$19:$G$379,MATCH(INPUTS!$C$33*12,DEBT!$C$19:$C$379,0))-INDEX(DEBT!$J$19:$J$379,MATCH(INPUTS!$C$33*12,DEBT!$C$19:$C$379,0)),0))*(1+INPUTS!$C$40)-DEBT!$X$11-IF(INPUTS!$C$24="Yes",IFERROR(INDEX(DEBT!$AO$21:$AO$30,INPUTS!$C$33),0),0),0))} | P64: =IF(P5="","",IF(AND(INPUTS!$C$33<>"",P5=INPUTS!$C$33),DEBT!$X$10-IFERROR(INDEX(DEBT!$G$19:$G$379,MATCH(INPUTS!$C$33*12,DEBT!$C$19:$C$379,0))-INDEX(DEBT!$J$19:$J$379,MATCH(INPUTS!$C$33*12,DEBT!$C$19:$C$379,0)),0),0)) | Q64: {=IF(Q5="","",IF(AND(INPUTS!$C$33<>"",Q5=INPUTS!$C$33),DEBT!$X$10-(IFERROR(INDEX(DEBT!$G$19:$G$379,MATCH(INPUTS!$C$33*12,DEBT!$C$19:$C$379,0))-INDEX(DEBT!$J$19:$J$379,MATCH(INPUTS!$C$33*12,DEBT!$C$19:$C$379,0)),0))*(1+INPUTS!$C$40)-DEBT!$X$11-IF(INPUTS!$C$24="Yes",IFERROR(INDEX(DEBT!$AO$21:$AO$30,INPUTS!$C$33),0),0),0))} | R64: =IF(R5="","",IF(AND(INPUTS!$C$33<>"",R5=INPUTS!$C$33),DEBT!$X$10-IFERROR(INDEX(DEBT!$G$19:$G$379,MATCH(INPUTS!$C$33*12,DEBT!$C$19:$C$379,0))-INDEX(DEBT!$J$19:$J$379,MATCH(INPUTS!$C$33*12,DEBT!$C$19:$C$379,0)),0),0)) | S64: {=IF(S5="","",IF(AND(INPUTS!$C$33<>"",S5=INPUTS!$C$33),DEBT!$X$10-(IFERROR(INDEX(DEBT!$G$19:$G$379,MATCH(INPUTS!$C$33*12,DEBT!$C$19:$C$379,0))-INDEX(DEBT!$J$19:$J$379,MATCH(INPUTS!$C$33*12,DEBT!$C$19:$C$379,0)),0))*(1+INPUTS!$C$40)-DEBT!$X$11-IF(INPUTS!$C$24="Yes",IFERROR(INDEX(DEBT!$AO$21:$AO$30,INPUTS!$C$33),0),0),0))} | T64: =IF(T5="","",IF(AND(INPUTS!$C$33<>"",T5=INPUTS!$C$33),DEBT!$X$10-IFERROR(INDEX(DEBT!$G$19:$G$379,MATCH(INPUTS!$C$33*12,DEBT!$C$19:$C$379,0))-INDEX(DEBT!$J$19:$J$379,MATCH(INPUTS!$C$33*12,DEBT!$C$19:$C$379,0)),0),0)) | U64: {=IF(U5="","",IF(AND(INPUTS!$C$33<>"",U5=INPUTS!$C$33),DEBT!$X$10-(IFERROR(INDEX(DEBT!$G$19:$G$379,MATCH(INPUTS!$C$33*12,DEBT!$C$19:$C$379,0))-INDEX(DEBT!$J$19:$J$379,MATCH(INPUTS!$C$33*12,DEBT!$C$19:$C$379,0)),0))*(1+INPUTS!$C$40)-DEBT!$X$11-IF(INPUTS!$C$24="Yes",IFERROR(INDEX(DEBT!$AO$21:$AO$30,INPUTS!$C$33),0),0),0))} | V64: =IF(V5="","",IF(AND(INPUTS!$C$33<>"",V5=INPUTS!$C$33),DEBT!$X$10-IFERROR(INDEX(DEBT!$G$19:$G$379,MATCH(INPUTS!$C$33*12,DEBT!$C$19:$C$379,0))-INDEX(DEBT!$J$19:$J$379,MATCH(INPUTS!$C$33*12,DEBT!$C$19:$C$379,0)),0),0)) | W64: {=IF(W5="","",IF(AND(INPUTS!$C$33<>"",W5=INPUTS!$C$33),DEBT!$X$10-(IFERROR(INDEX(DEBT!$G$19:$G$379,MATCH(INPUTS!$C$33*12,DEBT!$C$19:$C$379,0))-INDEX(DEBT!$J$19:$J$379,MATCH(INPUTS!$C$33*12,DEBT!$C$19:$C$379,0)),0))*(1+INPUTS!$C$40)-DEBT!$X$11-IF(INPUTS!$C$24="Yes",IFERROR(INDEX(DEBT!$AO$21:$AO$30,INPUTS!$C$33),0),0),0))}
B65: Reserves/CapEx Account Balance | C65: =SUMMARY!I34 -> 0 | E65: =IF(E22="","",IF(E5=INPUTS!$I$13,0,(C65+N(E66)-E69)+MIN(MAX(0,E57-E61),MAX(0,E69-(C65+N(E66)))))) -> 0 | G65: =IF(G22="","",IF(G5=INPUTS!$I$13,0,(E65+N(G66)-G69)+MIN(MAX(0,G57-G61),MAX(0,G69-(E65+N(G66)))))) | I65: =IF(I22="","",IF(I5=INPUTS!$I$13,0,(G65+N(I66)-I69)+MIN(MAX(0,I57-I61),MAX(0,I69-(G65+N(I66)))))) | K65: =IF(K22="","",IF(K5=INPUTS!$I$13,0,(I65+N(K66)-K69)+MIN(MAX(0,K57-K61),MAX(0,K69-(I65+N(K66)))))) | M65: =IF(M22="","",IF(M5=INPUTS!$I$13,0,(K65+N(M66)-M69)+MIN(MAX(0,M57-M61),MAX(0,M69-(K65+N(M66)))))) | O65: =IF(O22="","",IF(O5=INPUTS!$I$13,0,(M65+N(O66)-O69)+MIN(MAX(0,O57-O61),MAX(0,O69-(M65+N(O66)))))) | Q65: =IF(Q22="","",IF(Q5=INPUTS!$I$13,0,(O65+N(Q66)-Q69)+MIN(MAX(0,Q57-Q61),MAX(0,Q69-(O65+N(Q66)))))) | S65: =IF(S22="","",IF(S5=INPUTS!$I$13,0,(Q65+N(S66)-S69)+MIN(MAX(0,S57-S61),MAX(0,S69-(Q65+N(S66)))))) | U65: =IF(U22="","",IF(U5=INPUTS!$I$13,0,(S65+N(U66)-U69)+MIN(MAX(0,U57-U61),MAX(0,U69-(S65+N(U66)))))) | W65: =IF(W22="","",IF(W5=INPUTS!$I$13,0,(U65+N(W66)-W69)+MIN(MAX(0,W57-W61),MAX(0,W69-(U65+N(W66))))))
B66: "Key Money" Received | E66: =IF(E5="","",IF(E5=CEILING(INPUTS!$I$6/12,1),DEBT!$AH$7*INPUTS!$I$7,IF(E5=CEILING((INPUTS!$I$6+INPUTS!$I$5-1)/12,1),DEBT!$AH$7*(1-INPUTS!$I$7),0))) -> 0 | G66: =IF(G5="","",IF(G5=CEILING(INPUTS!$I$6/12,1),DEBT!$AH$7*INPUTS!$I$7,IF(G5=CEILING((INPUTS!$I$6+INPUTS!$I$5-1)/12,1),DEBT!$AH$7*(1-INPUTS!$I$7),0))) | I66: =IF(I5="","",IF(I5=CEILING(INPUTS!$I$6/12,1),DEBT!$AH$7*INPUTS!$I$7,IF(I5=CEILING((INPUTS!$I$6+INPUTS!$I$5-1)/12,1),DEBT!$AH$7*(1-INPUTS!$I$7),0))) | K66: =IF(K5="","",IF(K5=CEILING(INPUTS!$I$6/12,1),DEBT!$AH$7*INPUTS!$I$7,IF(K5=CEILING((INPUTS!$I$6+INPUTS!$I$5-1)/12,1),DEBT!$AH$7*(1-INPUTS!$I$7),0))) | M66: =IF(M5="","",IF(M5=CEILING(INPUTS!$I$6/12,1),DEBT!$AH$7*INPUTS!$I$7,IF(M5=CEILING((INPUTS!$I$6+INPUTS!$I$5-1)/12,1),DEBT!$AH$7*(1-INPUTS!$I$7),0))) | O66: =IF(O5="","",IF(O5=CEILING(INPUTS!$I$6/12,1),DEBT!$AH$7*INPUTS!$I$7,IF(O5=CEILING((INPUTS!$I$6+INPUTS!$I$5-1)/12,1),DEBT!$AH$7*(1-INPUTS!$I$7),0))) | Q66: =IF(Q5="","",IF(Q5=CEILING(INPUTS!$I$6/12,1),DEBT!$AH$7*INPUTS!$I$7,IF(Q5=CEILING((INPUTS!$I$6+INPUTS!$I$5-1)/12,1),DEBT!$AH$7*(1-INPUTS!$I$7),0))) | S66: =IF(S5="","",IF(S5=CEILING(INPUTS!$I$6/12,1),DEBT!$AH$7*INPUTS!$I$7,IF(S5=CEILING((INPUTS!$I$6+INPUTS!$I$5-1)/12,1),DEBT!$AH$7*(1-INPUTS!$I$7),0))) | U66: =IF(U5="","",IF(U5=CEILING(INPUTS!$I$6/12,1),DEBT!$AH$7*INPUTS!$I$7,IF(U5=CEILING((INPUTS!$I$6+INPUTS!$I$5-1)/12,1),DEBT!$AH$7*(1-INPUTS!$I$7),0))) | W66: =IF(W5="","",IF(W5=CEILING(INPUTS!$I$6/12,1),DEBT!$AH$7*INPUTS!$I$7,IF(W5=CEILING((INPUTS!$I$6+INPUTS!$I$5-1)/12,1),DEBT!$AH$7*(1-INPUTS!$I$7),0)))
B67: Total Cash Flow for Distributions | E67: =IF(E5="","",E57+N(E63)+N(E64)-E61-MIN(MAX(0,E57-E61),MAX(0,E69-(C65+N(E66))))+IF(E5=INPUTS!$I$13,((C65+N(E66)-E69)+MIN(MAX(0,E57-E61),MAX(0,E69-(C65+N(E66))))),0)) -> 0 | G67: =IF(G5="","",G57+N(G63)+N(G64)-G61-MIN(MAX(0,G57-G61),MAX(0,G69-(E65+N(G66))))+IF(G5=INPUTS!$I$13,((E65+N(G66)-G69)+MIN(MAX(0,G57-G61),MAX(0,G69-(E65+N(G66))))),0)) | I67: =IF(I5="","",I57+N(I63)+N(I64)-I61-MIN(MAX(0,I57-I61),MAX(0,I69-(G65+N(I66))))+IF(I5=INPUTS!$I$13,((G65+N(I66)-I69)+MIN(MAX(0,I57-I61),MAX(0,I69-(G65+N(I66))))),0)) | K67: =IF(K5="","",K57+N(K63)+N(K64)-K61-MIN(MAX(0,K57-K61),MAX(0,K69-(I65+N(K66))))+IF(K5=INPUTS!$I$13,((I65+N(K66)-K69)+MIN(MAX(0,K57-K61),MAX(0,K69-(I65+N(K66))))),0)) | M67: =IF(M5="","",M57+N(M63)+N(M64)-M61-MIN(MAX(0,M57-M61),MAX(0,M69-(K65+N(M66))))+IF(M5=INPUTS!$I$13,((K65+N(M66)-M69)+MIN(MAX(0,M57-M61),MAX(0,M69-(K65+N(M66))))),0)) | O67: =IF(O5="","",O57+N(O63)+N(O64)-O61-MIN(MAX(0,O57-O61),MAX(0,O69-(M65+N(O66))))+IF(O5=INPUTS!$I$13,((M65+N(O66)-O69)+MIN(MAX(0,O57-O61),MAX(0,O69-(M65+N(O66))))),0)) | Q67: =IF(Q5="","",Q57+N(Q63)+N(Q64)-Q61-MIN(MAX(0,Q57-Q61),MAX(0,Q69-(O65+N(Q66))))+IF(Q5=INPUTS!$I$13,((O65+N(Q66)-Q69)+MIN(MAX(0,Q57-Q61),MAX(0,Q69-(O65+N(Q66))))),0)) | S67: =IF(S5="","",S57+N(S63)+N(S64)-S61-MIN(MAX(0,S57-S61),MAX(0,S69-(Q65+N(S66))))+IF(S5=INPUTS!$I$13,((Q65+N(S66)-S69)+MIN(MAX(0,S57-S61),MAX(0,S69-(Q65+N(S66))))),0)) | U67: =IF(U5="","",U57+N(U63)+N(U64)-U61-MIN(MAX(0,U57-U61),MAX(0,U69-(S65+N(U66))))+IF(U5=INPUTS!$I$13,((S65+N(U66)-U69)+MIN(MAX(0,U57-U61),MAX(0,U69-(S65+N(U66))))),0)) | W67: =IF(W5="","",W57+N(W63)+N(W64)-W61-MIN(MAX(0,W57-W61),MAX(0,W69-(U65+N(W66))))+IF(W5=INPUTS!$I$13,((U65+N(W66)-W69)+MIN(MAX(0,W57-W61),MAX(0,W69-(U65+N(W66))))),0))
B68: Error Check | E68: =IF(E5="","",IF(ABS((C65+N(E66)+E57+N(E63)+N(E64))-(E65+E67+E61+E69))<0.01,"OK","ERROR")) -> OK | G68: =IF(G5="","",IF(ABS((E65+N(G66)+G57+N(G63)+N(G64))-(G65+G67+G61+G69))<0.01,"OK","ERROR")) | I68: =IF(I5="","",IF(ABS((G65+N(I66)+I57+N(I63)+N(I64))-(I65+I67+I61+I69))<0.01,"OK","ERROR")) | K68: =IF(K5="","",IF(ABS((I65+N(K66)+K57+N(K63)+N(K64))-(K65+K67+K61+K69))<0.01,"OK","ERROR")) | M68: =IF(M5="","",IF(ABS((K65+N(M66)+M57+N(M63)+N(M64))-(M65+M67+M61+M69))<0.01,"OK","ERROR")) | O68: =IF(O5="","",IF(ABS((M65+N(O66)+O57+N(O63)+N(O64))-(O65+O67+O61+O69))<0.01,"OK","ERROR")) | Q68: =IF(Q5="","",IF(ABS((O65+N(Q66)+Q57+N(Q63)+N(Q64))-(Q65+Q67+Q61+Q69))<0.01,"OK","ERROR")) | S68: =IF(S5="","",IF(ABS((Q65+N(S66)+S57+N(S63)+N(S64))-(S65+S67+S61+S69))<0.01,"OK","ERROR")) | U68: =IF(U5="","",IF(ABS((S65+N(U66)+U57+N(U63)+N(U64))-(U65+U67+U61+U69))<0.01,"OK","ERROR")) | W68: =IF(W5="","",IF(ABS((U65+N(W66)+W57+N(W63)+N(W64))-(W65+W67+W61+W69))<0.01,"OK","ERROR"))
B69: Net PIP Outflow (Helper) | E69: {=IF(E5="","",(N(E60)-IF(INPUTS!$C$24="Yes",IFERROR(INDEX(DEBT!$AH$21:$AH$30,E5),0),0))+N(E62))} -> 0 | G69: {=IF(G5="","",(N(G60)-IF(INPUTS!$C$24="Yes",IFERROR(INDEX(DEBT!$AH$21:$AH$30,G5),0),0))+N(G62))} | I69: {=IF(I5="","",(N(I60)-IF(INPUTS!$C$24="Yes",IFERROR(INDEX(DEBT!$AH$21:$AH$30,I5),0),0))+N(I62))} | K69: {=IF(K5="","",(N(K60)-IF(INPUTS!$C$24="Yes",IFERROR(INDEX(DEBT!$AH$21:$AH$30,K5),0),0))+N(K62))} | M69: {=IF(M5="","",(N(M60)-IF(INPUTS!$C$24="Yes",IFERROR(INDEX(DEBT!$AH$21:$AH$30,M5),0),0))+N(M62))} | O69: {=IF(O5="","",(N(O60)-IF(INPUTS!$C$24="Yes",IFERROR(INDEX(DEBT!$AH$21:$AH$30,O5),0),0))+N(O62))} | Q69: {=IF(Q5="","",(N(Q60)-IF(INPUTS!$C$24="Yes",IFERROR(INDEX(DEBT!$AH$21:$AH$30,Q5),0),0))+N(Q62))} | S69: {=IF(S5="","",(N(S60)-IF(INPUTS!$C$24="Yes",IFERROR(INDEX(DEBT!$AH$21:$AH$30,S5),0),0))+N(S62))} | U69: {=IF(U5="","",(N(U60)-IF(INPUTS!$C$24="Yes",IFERROR(INDEX(DEBT!$AH$21:$AH$30,U5),0),0))+N(U62))} | W69: {=IF(W5="","",(N(W60)-IF(INPUTS!$C$24="Yes",IFERROR(INDEX(DEBT!$AH$21:$AH$30,W5),0),0))+N(W62))}
V73: =IF(V10="","",IF(ABS((T70+N(V57)+N(V71)+V64+N(V68)+N(V69))-(V70+V72+V66+N(V67)+N(V65)))<0.01,"OK","ERROR"))
Q77: =IF(Q24="","",IF(Q24>=INPUTS!$C$33,-DEBT!$M$9,-DEBT!$AB$10))

Sheet WATERFALL
B2: WATERFALL
B4: Promote Hurdle Method | D4: IRR | E4: GP Catch Up?
B5: # of Tiers | D5: 3-Tier
A6: =AND(E6="Yes", H16<$C$9) -> FALSE | E6: Yes
B8: Equity Contributions | C8: % | D8: Amount | E8: Acquisition Fee | F8: Property Mgmt | G8: Asset Mgmt | H8: Construction Fee | I8: Notes
B9: General Partner (GP) | C9: 0.1 | D9: =$C$9*$D$12 -> 0 | E9: 0.01 | F9: 0 | G9: 0.01 | H9: 0 | I9: The Total Fees input should equal the total listed in row 12 | L9: Error Check: | M9: =IF(ROUND(M12,0)=ROUND(M11,0),"OK","Error") -> #VALUE!
B10: Limited Partner - Class A (LP-A/MP) | C10: 0.3 | D10: =C10*$D$12 -> 0 | E10: 0 | F10: 0 | G10: 0 | H10: 0
B11: Limited Partner - Class B (LP-B) | C11: =1-C9-C10 -> 0.6 | D11: =$D$12*$C$11 -> 0 | L11: Total Pos CF: | M11: {=SUMPRODUCT((F55:P55>0)*F55:P55)/1000000} -> #VALUE!
B12: Total Equity | D12: =-F61 -> 0 | E12: =INPUTS!F15 -> 0 | F12: =INPUTS!F14 -> 0 | G12: =INPUTS!F13 -> 0 | H12: =INPUTS!F16 -> 0 | L12: All Dist: | M12: =(D26+D35+D46)/1000000 -> 0
B14: Hurdle Rate Method Used: | C14: =IF(D4="IRR","IRR",IF(D4="Equity Multiple","Equity Multiple",IF(D4<>"IRR + EMx","",IF(D79>D182,"IRR","Equity Multiple")))) -> IRR | F14: Promote Structure Incentive Breakdown | H14: Distribution as %
B15: =IF(D4="Equity Multiple","Partnership Distribution Assumptions (Equity Multiple Hurdles)",IF(D4="IRR","Partnership Distribution Assumptions (IRR Hurdles)","Partnership Distribution Assumptions (Max of IRR or Emx Hurdles)")) -> Partnership Distribution Assumptions (IRR Hurdles) | H15: GP % | I15: LP-B % | J15: LP-A/MP %
B16: Tier 1 (Pref + Return of Capital) | C16: Equity Multiple | D16: IRR | E16: =IF($D$4="Equity Multiple",C17,D17) -> 0.1 | F16: GP Promote | H16: 0.1 | I16: =1-H16-J16 -> 0.6 | J16: =$C$10 -> 0.3
B17: Tier 2 (Promote) | C17: 1.5 | D17: 0.1 | E17: =IF($D$4="Equity Multiple",IF(B274<3,"",C18),IF(B274<3,"",D18)) -> 0.12 | F17: 0.15 | H17: =1-($C$11*(1-F17)) -> 0.49 | I17: =1-H17 -> 0.51 | J17: 0
B18: Tier 3 (Promote) | C18: 1.75 | D18: 0.12 | F18: 0.25 | H18: =1-($C$11*(1-F18)) -> 0.55 | I18: =1-H18 -> 0.45 | J18: 0
B20: Summary of Partnership-Level Returns | D20: Analysis Period | E20: =MAX(F20:S20) -> 1 | F20: 0 | G20: =IF(G55="","",F20+1) -> 1 | H20: =IF(H55="","",G20+1) | I20: =IF(I55="","",H20+1) | J20: =IF(J55="","",I20+1) | K20: =IF(K55="","",J20+1) | L20: =IF(L55="","",K20+1) | M20: =IF(M55="","",L20+1) | N20: =IF(N55="","",M20+1) | ... S20: =IF(S55="","",R20+1)
B21: Limited Partner - Class B (LP-B) Returns
C22: Check
B23: Preferred Return | C23: =IF(ROUND(D23,0)=ROUND(SUM(F23:S23),0),"OK","ERROR") -> OK | D23: =(C14="IRR")*(SUM(F115:S115)-D24)+(C14="Equity Multiple")*(SUM(F217:S217)-D24) -> 0 | F23: =IF(F20="","",MIN($D23-SUM($E23:E23),F26)) -> 0 | G23: =IF(G20="","",MIN($D23-SUM($E23:F23),G26)) -> 0 | H23: =IF(H20="","",MIN($D23-SUM($E23:G23),H26)) | I23: =IF(I20="","",MIN($D23-SUM($E23:H23),I26)) | J23: =IF(J20="","",MIN($D23-SUM($E23:I23),J26)) | K23: =IF(K20="","",MIN($D23-SUM($E23:J23),K26)) | L23: =IF(L20="","",MIN($D23-SUM($E23:K23),L26)) | M23: =IF(M20="","",MIN($D23-SUM($E23:L23),M26)) | ... S23: =IF(S20="","",MIN($D23-SUM($E23:R23),S26))
B24: Return of Capital | C24: =IF(ROUND(D24,0)=ROUND(SUM(F24:S24),0),"OK","ERROR") -> OK | D24: =MIN(D27,D26) -> 0 | F24: =IF(F20="","",MIN($D24-SUM($E24:E24),F26-F23)) -> 0 | G24: =IF(G20="","",MIN($D24-SUM($E24:F24),G26-G23)) -> 0 | H24: =IF(H20="","",MIN($D24-SUM($E24:G24),H26-H23)) | I24: =IF(I20="","",MIN($D24-SUM($E24:H24),I26-I23)) | J24: =IF(J20="","",MIN($D24-SUM($E24:I24),J26-J23)) | K24: =IF(K20="","",MIN($D24-SUM($E24:J24),K26-K23)) | L24: =IF(L20="","",MIN($D24-SUM($E24:K24),L26-L23)) | M24: =IF(M20="","",MIN($D24-SUM($E24:L24),M26-M23)) | ... S24: =IF(S20="","",MIN($D24-SUM($E24:R24),S26-S23))
B25: Excess Cash Flow | C25: =IF(ROUND(D25,0)=ROUND(SUM(F25:S25),0),"OK","ERROR") -> OK | D25: =D26-D24-D23 -> 0 | F25: =IF(F20="","",F26-F24-F23) -> 0 | G25: =IF(G20="","",G26-G24-G23) -> 0 | H25: =IF(H20="","",H26-H24-H23) | I25: =IF(I20="","",I26-I24-I23) | J25: =IF(J20="","",J26-J24-J23) | K25: =IF(K20="","",K26-K24-K23) | L25: =IF(L20="","",L26-L24-L23) | M25: =IF(M20="","",M26-M24-M23) | ... S25: =IF(S20="","",S26-S24-S23)
B26: Total LP-B Distributions | D26: =SUM(F26:S26) -> 0 | F26: =IF(F$20="","",($C$14="IRR")*F76+($C$14="Equity Multiple")*F179) -> 0 | G26: =IF(G$20="","",($C$14="IRR")*G76+($C$14="Equity Multiple")*G179) -> 0 | H26: =IF(H$20="","",($C$14="IRR")*H76+($C$14="Equity Multiple")*H179) | I26: =IF(I$20="","",($C$14="IRR")*I76+($C$14="Equity Multiple")*I179) | J26: =IF(J$20="","",($C$14="IRR")*J76+($C$14="Equity Multiple")*J179) | K26: =IF(K$20="","",($C$14="IRR")*K76+($C$14="Equity Multiple")*K179) | L26: =IF(L$20="","",($C$14="IRR")*L76+($C$14="Equity Multiple")*L179) | M26: =IF(M$20="","",($C$14="IRR")*M76+($C$14="Equity Multiple")*M179) | ... S26: =IF(S$20="","",($C$14="IRR")*S76+($C$14="Equity Multiple")*S179)
B27: Total LP-B Contributions | D27: =SUM(F27:S27) -> 0 | F27: =F114 -> 0 | G27: =G114 -> 0 | H27: =H114 | I27: =I114 | J27: =J114 | K27: =K114 | L27: =L114 | M27: =M114 | ... S27: =S114
B28: Total LP-B Profit | D28: =D26-D27 -> 0
B29: LP-B IRR | D29: =IFERROR(IRR(F29:S29),"NA") -> NA | F29: =IF(F20="","",(-F27)+F26) -> 0 | G29: =IF(G20="","",(-G27)+G26) -> 0 | H29: =IF(H20="","",(-H27)+H26) | I29: =IF(I20="","",(-I27)+I26) | J29: =IF(J20="","",(-J27)+J26) | K29: =IF(K20="","",(-K27)+K26) | L29: =IF(L20="","",(-L27)+L26) | M29: =IF(M20="","",(-M27)+M26) | ... S29: =IF(S20="","",(-S27)+S26)
B30: LP-B Equity Multiple | D30: =D26/D27 -> #DIV/0!
B32: Limited Partner - Class A (LP-A/MP) Returns
B33: LP-A/MP Pro-Rata Distributions | D33: =SUM(F33:S33) -> 0 | F33: =IF(F$20="","",($C$14="IRR")*F133+($C$14="Equity Multiple")*F235) -> 0 | G33: =IF(G$20="","",($C$14="IRR")*G133+($C$14="Equity Multiple")*G235) -> 0 | H33: =IF(H$20="","",($C$14="IRR")*H133+($C$14="Equity Multiple")*H235) | I33: =IF(I$20="","",($C$14="IRR")*I133+($C$14="Equity Multiple")*I235) | J33: =IF(J$20="","",($C$14="IRR")*J133+($C$14="Equity Multiple")*J235) | K33: =IF(K$20="","",($C$14="IRR")*K133+($C$14="Equity Multiple")*K235) | L33: =IF(L$20="","",($C$14="IRR")*L133+($C$14="Equity Multiple")*L235) | M33: =IF(M$20="","",($C$14="IRR")*M133+($C$14="Equity Multiple")*M235) | ... P33: =IF(P$20="","",($C$14="IRR")*P133+($C$14="Equity Multiple")*P235)
B34: LP-A/MP Fees | D34: =SUM(F34:S34) -> 0 | F34: =IF(F20="","",IFERROR(F57*($E$10/$E$12),0)+IFERROR(F58*($F$10/$F$12),0)+IFERROR(F56*($G$10/$G$12),0)+IFERROR(F59*($H$10/$H$12),0)) -> 0 | G34: =IF(G20="","",IFERROR(G57*($E$10/$E$12),0)+IFERROR(G58*($F$10/$F$12),0)+IFERROR(G56*($G$10/$G$12),0)+IFERROR(G59*($H$10/$H$12),0)) -> 0 | H34: =IF(H20="","",IFERROR(H57*($E$10/$E$12),0)+IFERROR(H58*($F$10/$F$12),0)+IFERROR(H56*($G$10/$G$12),0)+IFERROR(H59*($H$10/$H$12),0)) | I34: =IF(I20="","",IFERROR(I57*($E$10/$E$12),0)+IFERROR(I58*($F$10/$F$12),0)+IFERROR(I56*($G$10/$G$12),0)+IFERROR(I59*($H$10/$H$12),0)) | J34: =IF(J20="","",IFERROR(J57*($E$10/$E$12),0)+IFERROR(J58*($F$10/$F$12),0)+IFERROR(J56*($G$10/$G$12),0)+IFERROR(J59*($H$10/$H$12),0)) | K34: =IF(K20="","",IFERROR(K57*($E$10/$E$12),0)+IFERROR(K58*($F$10/$F$12),0)+IFERROR(K56*($G$10/$G$12),0)+IFERROR(K59*($H$10/$H$12),0)) | L34: =IF(L20="","",IFERROR(L57*($E$10/$E$12),0)+IFERROR(L58*($F$10/$F$12),0)+IFERROR(L56*($G$10/$G$12),0)+IFERROR(L59*($H$10/$H$12),0)) | M34: =IF(M20="","",IFERROR(M57*($E$10/$E$12),0)+IFERROR(M58*($F$10/$F$12),0)+IFERROR(M56*($G$10/$G$12),0)+IFERROR(M59*($H$10/$H$12),0)) | ... P34: =IF(P20="","",IFERROR(P57*($E$10/$E$12),0)+IFERROR(P58*($F$10/$F$12),0)+IFERROR(P56*($G$10/$G$12),0)+IFERROR(P59*($H$10/$H$12),0))
B35: Total LP-A/MP Distributions | D35: =SUM(F35:S35) -> 0 | F35: =IF(F$20="","",F33+F34) -> 0 | G35: =IF(G$20="","",G33+G34) -> 0 | H35: =IF(H$20="","",H33+H34) | I35: =IF(I$20="","",I33+I34) | J35: =IF(J$20="","",J33+J34) | K35: =IF(K$20="","",K33+K34) | L35: =IF(L$20="","",L33+L34) | M35: =IF(M$20="","",M33+M34) | ... P35: =IF(P$20="","",P33+P34)
B36: Total LP-A/MP Contributions | D36: =SUM(F36:S36) -> 0 | F36: =IF(F$20="","",($C$14="IRR")*F129+($C$14="Equity Multiple")*F231) -> 0 | G36: =IF(G$20="","",($C$14="IRR")*G129+($C$14="Equity Multiple")*G231) -> 0 | H36: =IF(H$20="","",($C$14="IRR")*H129+($C$14="Equity Multiple")*H231) | I36: =IF(I$20="","",($C$14="IRR")*I129+($C$14="Equity Multiple")*I231) | J36: =IF(J$20="","",($C$14="IRR")*J129+($C$14="Equity Multiple")*J231) | K36: =IF(K$20="","",($C$14="IRR")*K129+($C$14="Equity Multiple")*K231) | L36: =IF(L$20="","",($C$14="IRR")*L129+($C$14="Equity Multiple")*L231) | M36: =IF(M$20="","",($C$14="IRR")*M129+($C$14="Equity Multiple")*M231) | ... P36: =IF(P$20="","",($C$14="IRR")*P129+($C$14="Equity Multiple")*P231)
B37: Total LP-A/MP Profit | D37: =D35-D36 -> 0
B38: LP-A/MP IRR | D38: =IFERROR(IRR(F38:S38),"NA") -> NA | F38: =IF(F20="","",(-F36)+F35) -> 0 | G38: =IF(G20="","",(-G36)+G35) -> 0 | H38: =IF(H20="","",(-H36)+H35) | I38: =IF(I20="","",(-I36)+I35) | J38: =IF(J20="","",(-J36)+J35) | K38: =IF(K20="","",(-K36)+K35) | L38: =IF(L20="","",(-L36)+L35) | M38: =IF(M20="","",(-M36)+M35) | ... P38: =IF(P20="","",(-P36)+P35)
B39: LP-A/MP Equity Multiple | D39: =IFERROR(D35/D36,"NA") -> NA
B41: GP Returns
B42: Preferred Return | C42: =IF(ROUND(D42,0)=ROUND(SUM(F42:S42),0),"OK","ERROR") -> OK | D42: =(C14="IRR")*(SUM(F123:S123)-D43)+(C14="Equity Multiple")*(SUM(F225:S225)-D43) -> 0 | F42: =IF(F20="","",MIN($D42-SUM($E42:E42),F46)) -> 0 | G42: =IF(G20="","",MIN($D42-SUM($E42:F42),G46)) -> 0 | H42: =IF(H20="","",MIN($D42-SUM($E42:G42),H46)) | I42: =IF(I20="","",MIN($D42-SUM($E42:H42),I46)) | J42: =IF(J20="","",MIN($D42-SUM($E42:I42),J46)) | K42: =IF(K20="","",MIN($D42-SUM($E42:J42),K46)) | L42: =IF(L20="","",MIN($D42-SUM($E42:K42),L46)) | M42: =IF(M20="","",MIN($D42-SUM($E42:L42),M46)) | ... S42: =IF(S20="","",MIN($D42-SUM($E42:R42),S46))
B43: Return of Capital | C43: =IF(ROUND(D43,0)=ROUND(SUM(F43:S43),0),"OK","ERROR") -> OK | D43: =MIN(D46,D48) -> 0 | F43: =IF(F20="","",MIN($D43-SUM($E43:E43),F46-F42)) -> 0 | G43: =IF(G20="","",MIN($D43-SUM($E43:F43),G46-G42)) -> 0 | H43: =IF(H20="","",MIN($D43-SUM($E43:G43),H46-H42)) | I43: =IF(I20="","",MIN($D43-SUM($E43:H43),I46-I42)) | J43: =IF(J20="","",MIN($D43-SUM($E43:I43),J46-J42)) | K43: =IF(K20="","",MIN($D43-SUM($E43:J43),K46-K42)) | L43: =IF(L20="","",MIN($D43-SUM($E43:K43),L46-L42)) | M43: =IF(M20="","",MIN($D43-SUM($E43:L43),M46-M42)) | ... S43: =IF(S20="","",MIN($D43-SUM($E43:R43),S46-S42))
B44: Promote | C44: =IF(ROUND(D44,0)=ROUND(SUM(F44:S44),0),"OK","ERROR") -> OK | D44: =D46-D43-D45-D42 -> 0 | F44: =IF(F20="","",F46-F45-F43-F42) -> 0 | G44: =IF(G20="","",G46-G45-G43-G42) -> 0 | H44: =IF(H20="","",H46-H45-H43-H42) | I44: =IF(I20="","",I46-I45-I43-I42) | J44: =IF(J20="","",J46-J45-J43-J42) | K44: =IF(K20="","",K46-K45-K43-K42) | L44: =IF(L20="","",L46-L45-L43-L42) | M44: =IF(M20="","",M46-M45-M43-M42) | ... S44: =IF(S20="","",S46-S45-S43-S42)
B45: Excess Cash Flow | C45: =IF(ROUND(D45,0)=ROUND(SUM(F45:S45),0),"OK","ERROR") -> OK | D45: =D25/$C$11*$C$9 -> 0 | F45: =IF(F20="","",F25/$C$11*$C$9) -> 0 | G45: =IF(G20="","",G25/$C$11*$C$9) -> 0 | H45: =IF(H20="","",H25/$C$11*$C$9) | I45: =IF(I20="","",I25/$C$11*$C$9) | J45: =IF(J20="","",J25/$C$11*$C$9) | K45: =IF(K20="","",K25/$C$11*$C$9) | L45: =IF(L20="","",L25/$C$11*$C$9) | M45: =IF(M20="","",M25/$C$11*$C$9) | ... S45: =IF(S20="","",S25/$C$11*$C$9)
B46: Total GP Distributions | D46: =SUM(F46:S46) -> 0 | F46: =IF(F$20="","",($C$14="IRR")*F92+($C$14="Equity Multiple")*F194) -> 0 | G46: =IF(G$20="","",($C$14="IRR")*G92+($C$14="Equity Multiple")*G194) -> 0 | H46: =IF(H$20="","",($C$14="IRR")*H92+($C$14="Equity Multiple")*H194) | I46: =IF(I$20="","",($C$14="IRR")*I92+($C$14="Equity Multiple")*I194) | J46: =IF(J$20="","",($C$14="IRR")*J92+($C$14="Equity Multiple")*J194) | K46: =IF(K$20="","",($C$14="IRR")*K92+($C$14="Equity Multiple")*K194) | L46: =IF(L$20="","",($C$14="IRR")*L92+($C$14="Equity Multiple")*L194) | M46: =IF(M$20="","",($C$14="IRR")*M92+($C$14="Equity Multiple")*M194) | ... S46: =IF(S$20="","",($C$14="IRR")*S92+($C$14="Equity Multiple")*S194)
B47: Total GP Fees | D47: =SUM(F47:S47) -> 0 | F47: =IF(F20="","",IFERROR(F57*($E$9/$E$12),0)+IFERROR(F58*($F$9/$F$12),0)+IFERROR(F56*($G$9/$G$12),0)+IFERROR(F59*($H$9/$H$12),0)) -> 0 | G47: =IF(G20="","",IFERROR(G57*($E$9/$E$12),0)+IFERROR(G58*($F$9/$F$12),0)+IFERROR(G56*($G$9/$G$12),0)+IFERROR(G59*($H$9/$H$12),0)) -> 0 | H47: =IF(H20="","",IFERROR(H57*($E$9/$E$12),0)+IFERROR(H58*($F$9/$F$12),0)+IFERROR(H56*($G$9/$G$12),0)+IFERROR(H59*($H$9/$H$12),0)) | I47: =IF(I20="","",IFERROR(I57*($E$9/$E$12),0)+IFERROR(I58*($F$9/$F$12),0)+IFERROR(I56*($G$9/$G$12),0)+IFERROR(I59*($H$9/$H$12),0)) | J47: =IF(J20="","",IFERROR(J57*($E$9/$E$12),0)+IFERROR(J58*($F$9/$F$12),0)+IFERROR(J56*($G$9/$G$12),0)+IFERROR(J59*($H$9/$H$12),0)) | K47: =IF(K20="","",IFERROR(K57*($E$9/$E$12),0)+IFERROR(K58*($F$9/$F$12),0)+IFERROR(K56*($G$9/$G$12),0)+IFERROR(K59*($H$9/$H$12),0)) | L47: =IF(L20="","",IFERROR(L57*($E$9/$E$12),0)+IFERROR(L58*($F$9/$F$12),0)+IFERROR(L56*($G$9/$G$12),0)+IFERROR(L59*($H$9/$H$12),0)) | M47: =IF(M20="","",IFERROR(M57*($E$9/$E$12),0)+IFERROR(M58*($F$9/$F$12),0)+IFERROR(M56*($G$9/$G$12),0)+IFERROR(M59*($H$9/$H$12),0)) | ... P47: =IF(P20="","",IFERROR(P57*($E$9/$E$12),0)+IFERROR(P58*($F$9/$F$12),0)+IFERROR(P56*($G$9/$G$12),0)+IFERROR(P59*($H$9/$H$12),0)) | Q47: =IF(Q20="","",SUM(Q56:Q57)) | R47: =IF(R20="","",SUM(R56:R57)) | S47: =IF(S20="","",SUM(S56:S57))
